Workbook
Name kategoryteach: [1]подсказка!$D$2:$D$4
Name teacher: [1]подсказка!$A$2:$A$37
Name Преподаватели: [2]Справочник!$G$38:$G$39

Sheet русский язык
A2: № | B2: ФИО | C2: Дата рождения | D2: Серия, номер паспорта | E2: Специальность по ДИПЛОМУ (перечислить все в порядке получения) | F2: Что окончил (перечислить все в порядке получения) | G2: Год окончания (перечислить все в порядке получения) | H2: Должность работника, преподав. предмет (сколько долж-й - столько раз показать человека) | I2: Стаж педагогической/общий | J2: Квалификационная категория | K2: ПОВЫШЕНИЕ КВАЛИФИКАЦИИ: Год прохождения КПК (за последние 3 года) , номер и дата удостоверения | L2: ПОВЫШЕНИЕ КВАЛИФИКАЦИИ: учреждение, количество часов,название курса | M2: Переподготовка (специальность по диплому, наименование учреждения, год окончания, в порядке получения) | N2: Классное руководство (указать класс) | O2: Звания и награды | P2: Адрес электронной почты | Q2: Контактный номер телефона
A3: 2 | B3: Абдуллаева Татьяна Витальевна | C3: 31582 | D3: 8218075537 | E3: учитель русского языка и иностранного языка | F3: ДГПУ им. Р. Гамзатова, г. Махачкала | G3: 2023 | H3: учитель английского языка | I3: 6 лет | J3: первая | K3: 03.09.2022, 04 100556, р/н 468537; 15.06.2022, 052415815769, р/н 450029; 2023г. 150000343528, р/н у-136746/б | L3: ГБУ ДПО РД ДИРО, 48 часов, "Школа Минпросвещения России: новые возможности для повышения качества образования", ГБУ ДПО РД ДИРО, 36 часов, "Реализация требований обновленных ФГОС, НОО, ФГОС ООО в работе учитнля"; ФГАОУ ДПО "Академия реализации гос.политики и проф.развития работников образования Министерства просвещения Российской Федерации", 24 часа, "Организация деятельности профильных психолого-педагогических классов (групп) в ОО" | M3: - | N3: 11 | O3: - | P3: akservicea50@gmail.com | Q3: 9280493056
A4: 4 | B4: Алиева Барият Абдулгаджиевна | C4: 32722 | D4: 82 09 710158 | E4: Учитель русского языка и литературы | F4: ДГИ АТиСО | G4: 5 к | H4: Ст. вожатый | I4: 1 | N4: 6 | P4: bariyat.alieva.1989@bk.ru | Q4: 9640079835
A5: 6 | B5: Алиева Мая Айгумовна | C5: 19220 | D5: 8202736551 | E5: Учитель родного языка и литературы.Учитель русского языка и литературы. | F5: ДГУ | G5: 1988 | H5: Учитель родного языка и литературы | I5: 49 | J5: Высшая | N5: 9кл | O5: Заслуженный учитель РД.Почетный работник РД. | P5: maya.aliyeva.52@mail.ru | Q5: 9886517084
A6: 24 | B6: Исмаилова Сабият Сунгуровна | C6: 21945 | D6: 8209855568 | E6: Учитель русского языка и литературы | F6: ДГУ ФИЛОЛ.ФАКУЛЬТЕТ | G6: 1984 | H6: Учитель начальных классов | I6: 40 лет | J6: Высшая | K6: с 22.08.2022г. по 03.09.2022г.;с 29 марта2022г. по 12 мая 2022г. | L6: ГБУ ДПО РД "ДИРО" 48 часов "Школа Минпросвещения России":новые возможности для повышения качество образования ". "Реализация требований обновленных ФГОС НОО,ФГОС ООО в работе учителя. | N6: 3 | O6: Почетный работник РФ | P6: Sabiyatismailova1960@gmail.com | Q6: 9633753992
A7: 39 | B7: Омарова Патимат Абдуллаевна | C7: 29520 | D7: 8203412582 | E7: Учитель русского языка и литературы.учитель родного языка и литературы | F7: Дагестанский государственный педагогический университет | G7: 2004 | H7: Учитель русского языка и литературы,родного языка и литературы | I7: 19 | J7: Высшая | K7: 45247 | L7: ДИРО 72 часа | M7: Читательская грамотность | N7: 8в | P7: Omarovapatya80@mail.ru | Q7: 9285413031
A8: 46 | B8: Халикова Джамилат Курбановна | C8: 27456 | D8: 8220349589 | E8: учитель родного языка и литературы, русского языка и литературы | F8: ДГПУ.г.Махачкала | G8: 1997 | H8: учитель русского языка и литературы | I8: 27 | J8: высшая | K8: 490151 с 26.10.2023г. по 03.11.2023г. в объеме 36 ч.в ГБУ ДПО РД"ДИРО" | L8: "Сложные вопросышкольного курса р.яз.Методика оьучения написанию сочинений" | M8: менеджер образования.р/н.156805 г.Смоленск 2022г. | O8: Отличник образования РД приказ1552 2019 ветеран труда | P8: halikova.d75@gmail.com | Q8: 9285989363
A9: 47 | B9: Чамкурова Салимат Магомедгаджиевна | C9: 33557 | D9: 8216842996 | E9: Учитель русского языка и литературы | F9: ДГПУ г.Махачкала | G9: 2014г | H9: Учитель русского языка и литературы | I9: 9 лет | K9: 04100502 03.09.2022г | L9: РД "ДИРО" 48ч. "Школа Минпросвещения России ": новые возможности для повышения качества образования " | N9: 10кл | P9: nice.salimat@list.ru | Q9: 9389869975
A10: 49 | B10: Рабаданова Рукият Гусеновна | C10: 28494 | D10: 8222808850 | E10: ,учитель русского и родного языка и литературы | F10: ДГУ ,г Махачкала | G10: 2001 | H10: Учитель русского языка и литературы | I10: 23 года | J10: Высшая | N10: 6 класс | P10: rukiyat_rabadanova@icloud.com | Q10: 9640122587
A11: 55 | B11: Магомедова Майрусат Исагаджиевна | C11: 22616 | D11: 8211104977 | E11: Учитель русского языка и литературы | F11: ДГУ , факультет русского языка и литературы | G11: 1987 | H11: Учитель русского и родного языка и литературы | I11: 35 | J11: высшая | K11: 2024 | N11: 8класс | O11: почетный учитель | P11: mairusat61@mail.ru | Q11: 89884210375
A12: 61 | B12: Магомедова Тайбат Багандалиевна | C12: 24833 | D12: 8212281004 | E12: учитель русского языка и литературы, родного языка и Дагестанской литературы | G12: 1990 | H12: учитель русского языка и литературы, родного языка и Дагестанской литературы | I12: 19 | J12: Высшая | K12: 2024, 15 октября | P12: taybat.magomedova.1967@mail.ru | Q12: 9280482395
A13: 7 | B13: Багандова Суганат Магомедгаджиевна | C13: 29851 | D13: 8203-593442 | E13: русского яз. и литер. родного яз. и литер | F13: ДГУ | G13: 2003 | H13: учитель русского языка и литературы | I13: 21/21 | J13: высшее | K13: 2023г. № 04122373 от 10.10.23г. По 18.10.23г.. ; 2022г. № 150000114668 12.05. | L13: ГБУ ДПО РД "ДИРО" 36ч. "Сложные вопросы школьного курса русского языка .Методика обучения написанию сочинений в рамках ЕГЭ" ГБУ ДПО РД "ДИРО" 72ч. "Совершенствование методических компетенций учителей русского языка и литературы" ; Москва "Академия реализации государственной политикии профессионального развития работников образования Министерства РФ 36ч. №Реализация требований обновленных ФГОС НОО в работе учителя" | N13: 8б | P13: bagandova1981@bk.ru | Q13: 89285220652
A14: 11 | B14: Магомедгаджиева Раисат Магомедовна | C14: 25546 | D14: 8202-725488 | E14: учитель русского языка и литературы | F14: ДГПИ | G14: 1992 | H14: учитель русского языка и литературы | I14: 32/32 | J14: высшая | K14: 2020г. №04067349 26.12.2020г;.25.099.2023г. № 292097; | L14: ГБУ ДПЛ РД "ДИРО" 108ч. "Реализация ФГОС оснорвного общего образования при обучении языку и изучении литературы" г.Ижевск 144ч. " Реализация требований обновленных ФГОС ООО ,ФГОС СОО , ФГОС НОО в работе учителя русккого языка и литературы" | N14: 9а | O14: "Отличник образования РД" от 02.08.2021г. | P14: RaisatM69@mail.ru | Q14: 89285401230
B15: Магомедалиева Марьям Багандалиевна | C15: 26490 | D15: 8208-568815 | E15: учитель русского языка и литературы | F15: ДГПУ | G15: 1995 | H15: учитель русского языка и литературы | I15: 24/24 | J15: соответствие | K15: 2020г. № 04067348 от 26.12.; 2021г. №04067348 ; 2022г. № 150000117108 12.05.2022г. | L15: ГБУ ДПО РД "ДИРО" 108 ч. "Реализация ФГОС основного общего образования при обучении русского языка и изучени литературы", ГБУ ДПО РЛ "ДИРО" 108ч. ; Москва 36.ч. "Реализация требований обновленных ФГОС НОО,ФГОС ООО в работе учителя" | P15: magomedalieva_72@mail.ru | Q15: 89280476630
A16: 20 | B16: Ибрагимова Аминат Магомедовна | C16: 25495 | D16: 8210-905151 | E16: филолога. в нац. род. дарг. яз и лит. русс яз и лит в нац школ | F16: ДГУ | G16: 1995 | H16: учитель русского языка и литературы | I16: 37/37 | J16: соответствие | K16: 2021г.1200290153; 2021г. №040000356887 от 10.12; | L16: "НИКО"Москва 36 ч. "Русский язык.Эффективные методы повышения качества педагогической работы в школах для достижения высокого профессионального мастерства"; Москва "Академия реализации государственной политикии профессионального развития работников образования Министерства РФ" 100ч. "Школа современного учителя русского языка" | N16: 11 | P16: aminat_ibragimova_69@mail.ru | Q16: 89288729109
A17: 31 | B17: Исаева Раисат Алигаджиевна | C17: 32517 | D17: 8208-619645 | E17: учитель русского языка и литературы | F17: ДГПУ | G17: 2013 | H17: учитель русского языка и литературы | I17: 12/12 | J17: соответствие | P17: raiska.09011989@gmail.com | Q17: 89285161317
A18: 33 | B18: Магомедова Сакинат Магомедгаджиевна | C18: 33138 | D18: 8210-871914 | E18: Филолог. предподователь по специальности "Филолог" | F18: ДГУ | G18: 2013 | H18: учитель русского языка и литературы | I18: 9/9 | J18: соответствие | K18: 2020г. №04067354 от 26.12.; .2022г.№150000117360 от 12.05.2022г. | L18: ГБУ ДПО РД "ДИРО" 108ч. ""Реализация ФГОС основного общего образования при обучении русского языка и изучени литературы" Москва 36.ч."Реализация требований обновленных ФГОС НОО,ФГОС ООО в работе учителя" | P18: sakinatmagomedova477@gmail.com | Q18: 89064506755
A19: 37 | B19: Гаджиева Аминат Курбанмагомедовна | C19: 33563 | D19: 8206-154604 | E19: русский язык литература | F19: ДГПУ | G19: 2013 | H19: учитель русского языка и литературы | I19: 15/15 | J19: высшая | K19: 2020г.№040000182481 от 10.12.2020г; 2022г. №150000115063 | L19: "Академия реализации государственной политикии профессионального развития работников образования Министерства просвещения РФ Москва "" Формирование ИКТ-грамотности школьников"72ч; Москва "Академия реализации государственной политикии профессионального развития работников образования Министерства РФ 36ч. Реализация требований обновленных ФГОС НОО в работе учителя" | N19: 7б | P19: aminat.gadzhieva.1991@mail.ru | Q19: 89289610888
A20: 17 | B20: Исрапова Калимат Магомедовна | C20: 21575 | D20: 82 03-627699 | E20: Учитель русского языка и литературы | F20: ДГПИ | G20: 1984 | H20: учитель русского языка и литературы | I20: 38/38 | J20: высшая | K20: 2021,040000356901,10.12.2021 | L20: АРГППРРО "ШСУ" г.Москва | N20: 9 класс | O20: Почётный работник общего образования РФ | P20: kalimat.israpova@yandex.ru | Q20: 89285699005
A21: 18 | B21: Омарова Джуйрат Сапаровна | C21: 21146 | D21: 82 03-039109 | E21: Учитель русского языка и литературы | F21: ДГПИ | G21: 1981 | H21: учитель русского языка и литературы | I21: 40/40 | J21: высшая | K21: 2021,040000356952, 10.12.2021 | L21: АРГППРРО "ШСУ" г.Москва | N21: 6 класс | P21: juirat.omarowa@yandex.ru | Q21: 89285432650
A22: 51 | B22: Халикова Джамилат Курбановна | C22: 27456 | D22: 82 20-349589 | E22: Учитель русского языка и литературы | F22: МЦПК | G22: 2023 | H22: Учитель русского языка и литературы | I22: 25/25 | J22: высшая | P22: halikova.d75@gmail.com | Q22: 9285989363
A23: 11 | B23: Гаджиева Мариям Гаджиалиевна | C23: 01.01.1981г | D23: 8203098757 | E23: филолог.преподователь русского языка илитературы | F23: ДГУ | G23: 2004г | H23: учитель русского языка | I23: 22 | J23: вышее | K23: 5050.ПК0150004.2022г. | L23: 108часов.Академия "Каспий" | M23: Преподователь русского языка и лит | P23: marjiam.gadjieva@gmail.com | Q23: 8982507029
A24: 17 | B24: Табанова Аминат Магомедовна | C24: 15.03.1986г. | D24: 8203098757 | E24: филолог.преподователь русского языка илитературы | F24: ДГУ | G24: 2005г. | H24: учитель русского языка | I24: 1 | P24: tabanovaaminat@gmail.ru | Q24: 89898951485
A25: Абидова Умагабидат Магомедгаджиевна | B25: 21290 | C25: 82 03 507465 | D25: Родной язык и литература, русский язык и литература | E25: ДГУ | F25: 1983 | G25: учитель родного языка и литературы | H25: 48/48 | I25: соответствие | J25: 2021г., №050400009160 | K25: НАНО ДПО ОЦ ЗНАНИЕ 108 часов, "Реализация требований ФГОС ООО при обучении родному (даргинскому) языку и литературе | O25: abidova@mail.ru | P25: 89064806149
A26: Ашурлаева Гидаят Курбановна | B26: 22710 | C26: 82 07 282972 | D26: русский язык и литература | E26: ДГПИ | F26: 1994 | G26: учитель русского языка и литературы | H26: 46/40 | I26: высшая | J26: 2022г., №150000114609 | K26: ФГАОУ ДПО АРГППРРО РФ,36 часов, "Реализация требований обновленных ФГОС НОО, ФГОС ООО в работе учителя" | M26: 7 | O26: gashurlaeva@bk.ru | P26: 89640532481
A27: Магомедгаджиева Сапият Магомедовна | B27: 30796 | C27: 82 11 177583 | D27: Родной язык и литература | E27: ДГПУ | F27: 2012 | G27: учитель родного языка и литературы | H27: 17/17 | I27: соответствие | J27: 2019г., №052408673162, 2022г., №052415815911 | K27: АНО ДПО ЦПК "Сфера" 146 часов, "Методика преподавания родного языка и литературы в условиях реализации ФГОС", ГБУ ДПО РД "ДИРО" 36 часов, "Реализация требований обновленных ФГОС НОО, ФГОС ООО в работе учителя" | M27: 8 | O27: sapiyt1989@mail.ru | P27: 89634259020
A28: Ниматуллаев Ислам Русланович | B28: 38500 | C28: 82 19 327104 | D28: Педагогическое образование | E28: ДГПУ | F28: 2022 | G28: учитель русского языка и литературы | H28: 6./6 | I28: соответствие | O28: opopopopopop19@mail.ru | P28: 89827168094
A29: Хизриева Зубайдат Магомедовна | B29: 30458 | C29: 82 03 552477 | D29: русский язык и литература | E29: ДГПУ | F29: 2005 | G29: учитель русского языка и литературы | H29: 19/19 | I29: высшая | J29: 2022г., № 050400010943 | K29: АНО ДПО ОЦ СПЕКТР, 72 часа, "Реализация требований обновленных ФГОС НОО, ФГОС ООО в работе учителя" | L29: Региональный межвузовский центр коррекционного образования при ДГПУ,Педагогика-психология 2006г. | M29: 7 | N29: Кандидат наук, 2012г | O29: zubaidat19832017@yandex.ru | P29: 89640159011
A30: Магомедгаджиев Саид Асадуллаевич | B30: 31576 | C30: 8206134761 | D30: русский язык и литература | E30: ДГПУ | F30: 2009 | G30: учитель русского языка и литературы | H30: 15/15 | I30: соответствие | M30: 9 | O30: Said1386@mail.ru | P30: 89640088922
A31: 10 | B31: Кадырова Айша Кадыровна | C31: 32155 | E31: филолог | F31: ДГУ | G31: 2011 | H31: учитель русского языка и литературы | I31: 14/14 | J31: вторая | K31: 2024 | P31: asiyat.ahmedova.83@mail.ru | Q31: 89064473345
B32: Кадырова Айша Кадыровна | C32: 32155 | E32: филолог | F32: ДГУ | G32: 2011 | H32: учитель информатики | I32: 14/14 | J32: вторая | K32: 2024 | P32: asiyat.ahmedova.83@mail.ru | Q32: 89064473345
B33: Кадырова Айша Кадыровна | C33: 32155 | E33: филолог | F33: ДГУ | G33: 2011 | H33: учитель нач.кл. | I33: 14/14 | J33: вторая | K33: 2024 | P33: asiyat.ahmedova.83@mail.ru | Q33: 89064473345
A34: 7 | B34: Каландарова Хадижат Даудовна | C34: 17528 | D34: 82 03 097746 | E34: учитель русского языка и литературы | F34: ДГПИ | G34: 1976 | H34: учитель русского языка и литературы | I34: 53/53 | J34: вторая | P34: asiyat.ahmedova.83@mail.ru | Q34: 89034806373
A35: 16 | B35: Султанахмедова Загидат Азизовна | C35: 36066 | D35: 8218122133 | E35: Филолог | F35: ДГУ | G35: 2020 | H35: Преподаватель русского языка и литературы | I35: 3/3 | K35: 2022г, №450287 | L35: ГБУ ДПО РД ДИРО, 36ч, "Реализация требований обновленных ФГОС НОО, ФГОС ООО в работе учителя" | N35: 10 | P35: zagidatsultsnshmedova@gmail.com | Q35: 89388029519
A36: 20 | B36: Исаева Зарема Багандовна | C36: 36468 | D36: 8219299346 | E36: Филолог | F36: ДГПУ | G36: 2022 | H36: Преподаватель русского языка и литературы | I36: 1 | N36: 6 | P36: zarema.omarova.9900@mail.ru | Q36: 89292655618
A37: 22 | B37: Исаева Гулеймат Магомедовна | C37: 33053 | D37: 8210880081 | E37: Филолог | F37: ДГУ | G37: 2014 | H37: Преподаватель русского языка и литературы | I37: 0 | P37: isaevagula590@gmail.com | Q37: 89285902660
B38: Исакова Патимат Магомедовна | E38: 26338 | F38: 8216-897650 | G38: русский язык и литература в национальной школе; оператор ПЭВМ; педагог - психолог; | H38: ДГПИ,образовательный центр "Компьютерные технологии", ДГПУ | I38: 1992 | J38: учитель русского языка и литературы | K38: 32/32 | L38: соответствие | M38: 2021 (дистанц.обучение) №5197; 2022-№ у 106219/б с 29.03.2022 - 12.05.2022; | N38: ДИРО - 185ч,"Совершенствование профессиональных компетенций учителей русского языка и литературы";ДИРО - 36 ч."Реализация требований обновленных ФГОС НОО,ФГОС ООО в работе учителя" | O38: Оператор ПЭВМ Образовательный центр "Компьютерные технологии", - 2004; Педагог - психолог ДГПУ - 2006; | Q38: 0 | R38: veevftd@mail.ru | S38: 89285443948
B39: Рабаданова Патимат Нурбагандовна | E39: 18788 | F39: 8202-676377 | G39: русский язык и литература | H39: ДГУ | I39: 1982 | J39: учитель русского языка и литературы | K39: 53/53 | L39: соответствие | M39: 2018 | Q39: 0 | R39: nariman1108@mail.ru | S39: 89285065569
A40: 18 | B40: Раджабова Патимат Курбанисмаиловнавна | E40: 24316 | F40: 8203-662705 | G40: преподавание в начальных классах,филология | H40: Буйнакское педагогическое училище,ДГУ | I40: 1987.1995 | J40: учитель русского языка и литературы | K40: 37/37 | L40: соответствие | M40: 2020 № 0182 с 17.01.2020г.- 07.02.2020 г | N40: МЦПК "Каспий"- 108ч."Реализация ФГОС на уроках русского языка и литературыв общеобразовательных организациях и среднего профессионльного образования; | Q40: 0 | R40: patimat090651@mail.ru | S40: 89285570461
B41: Магомедов Магомедсалам Рабаданович | C41: 29903 | D41: 8201576106 | E41: Филология | F41: ДГУ | G41: 2004 | H41: Учитель русского языка и литературы | I41: 20 | J41: соответствие | K41: 2022 г. № | L41: ГБУ ДПО РД "ДИРО","Реализация требований обновленных ФГОС НОО и ФГОС ООО в работе учителя", 72 часа | P41: sterilizator01@mail.ru | Q41: 8928-962-08-00
A42: 7 | B42: Курбанова Патимат Мусаевна | C42: 25970 | D42: 8202703462 | E42: Филология | F42: УРАО | G42: 2007 | H42: Учитель русского языка и литературы | I42: 30 | J42: соответствие | K42: 2022 г. № | L42: ГБУ ДПО РД "ДИРО","Реализация требований обновленных ФГОС НОО и ФГОС ООО в работе учителя", 72 часа | P42: patimat-kurbanova-71@mail.ru | Q42: 8963-374-22-28
A43: 17 | B43: Шарапудинова Асият Магомедовна | C43: 30319 | D43: 82 03 657696 | E43: Русский язык и литература | F43: ДГПУ | G43: 2007 | H43: Учитель русского языка и литературы | I43: 21 | J43: соответствие | N43: 7 Б | P43: a.sharapudinova@mail.ru | Q43: 8963-405-18-63
A44: 18 | B44: Шахбанова Джамилат Нуградиновна | C44: 30335 | D44: 8203627612 | E44: Русский язык и литература | F44: ДГПУ | G44: 2005 | H44: Учитель русского языка и литературы | I44: 21 | J44: соответствие | K44: 2020 г., №052412350946 от 20.08.2020 г. | L44: ЧУДПО "Махачкалинский центр повышения квалификации- Академия "Каспий", "Реализация ФГОС на уроках русского языка и литературы в ОО", 72 часа | P44: dzhamilat.shakhbanova@mail.ru | Q44: 8928-515-15-85
A45: 20 | B45: Алиева Наида Алиевна | C45: 30254 | D45: 8203546354 | E45: Педаг. и метод. нач. образ. | F45: ДГПУ | G45: 2004 | H45: Учитель нач. кл. русс. языка и лит. | I45: 19 | J45: соответствие | K45: 2022 г., ПК 013213 от 18.07.2022 г. | L45: ЧУДПО "Махачкалинский центр повышения квалификации- Академия "Каспий", "Реализация требований обновленных ФГОС НОО и ФГОС ООО в работе учителя", 72 часа | P45: naida.a82@mail.ru | Q45: 8903-424-32-79
A46: 9 | B46: Баталаева Габибат Курбанмагомедовна | E46: 21339 | F46: 8209-806135 | G46: учитель русского и родного языка | H46: ДГУ | I46: 1983 | J46: учитель русского языка | K46: 30/44 | L46: соответствие | M46: 2022,№ПК010913,22.02.2022 | N46: Махачкала,ОЦ КАСПИЙ | O46: 8 | Q46: gabibat.batalaeva | R46: 89679341084
A47: 15 | B47: Исмаилов Исмаил Габибович | E47: 26845 | F47: 8218-075696 | G47: русский язык | H47: ДГУ | I47: 1995 | J47: учитель русского языка | K47: 20/29 | L47: соответствие | M47: 2019,№050400003860 | N47: Махачкала,ОЦ Знание | Q47: Ismail.ismailov.1973 | R47: 89894589886
A48: 16 | B48: Исмаилова Мариям Наримановна | E48: 23065 | F48: 8208-641162русский язык | H48: ДГУ | I48: 1985 | J48: учитель русского языка | K48: 35/35 | L48: высшая | M48: 2023,№000000073606,01.09.2023 | N48: АНО ДПО ПЛАТФОРМА | O48: 11 | P48: Заслуженный учитель РД | Q48: mfriyam.ismailova.63 | R48: 89634280464
A49: 21 | B49: Раджабова Сакинат Магомедовна | E49: 22634 | F49: 8207-370914 | G49: русский язык | H49: ДГУ | I49: 1983 | J49: учитель русского языка | K49: 41/41 | L49: соответствие | M49: 2022,№052415816010,15.06.2022 | N49: Махачкала,ДИРО | Q49: sakinat-rad | R49: 89634021257
B50: Раджабова Эльмира Набиевна | C50: 25660 | D50: 8214 №639773 | E50: преподавание в начальных классах. | F50: Буйнакское педагогическое училище | G50: 1989 | H50: филолог | I50: 33 | J50: средняя | K50: 052404859254 от 25.07.2023 | L50: реализация требований обновлённых ФГОС ООО, ФГОС ООО в работе учителя русский язык 36ч. | N50: 5 | P50: radjabova.elmira1@gmail.com | Q50: 89285008224
B51: Каримова Хамис Кадиевна | C51: 30060 | D51: 8209 №668018 | E51: Педагогическое образование | F51: "Социально-педагогический институт" г. дербент | G51: 2019 | H51: филолог | I51: 7 | J51: высшая | K51: 04072728 от 24.04.2021 | L51: ГБОУ ДПО "ДИРО" совершенствование методических компетенций учителей русского языка и литературы. 72ч. | N51: 10 | P51: karimovahamis127@gmail.com | Q51: 89285477702
A52: 6 | B52: Гаджиева Эльвира Курбановна | C52: 27914 | D52: 8202-922322 | E52: Филолог | F52: ДГУ | G52: 2007 | H52: Учитель русского языка и литературы | I52: 29 | K52: 2014 №4004776, 08.07.2014 | L52: Махачкала, ДИРО | N52: 7 | P52: gadzievaelvira01@gmail.com | Q52: 89674045480
B53: Юсупов Рамазан Табукович | C53: 21285 | D53: 8203-265384 | E53: Филолог | F53: ДГУ | G53: 1986 | H53: Учитель русского языка и литературы | I53: 47 | J53: первая | K53: 2020 №04051246, 08.02.2020 | L53: Махачкала, ГБОУ ДПО "Дагестанский институт развития образования" | N53: 9а | P53: ramazanusupov365@gmail.com | Q53: 89640050481
A54: 9 | B54: Абдулмуталлимова Хамис Магомедовна | C54: 23163 | D54: 8203-097910 | E54: Филолог | F54: ДГПУ | G54: 1998 | H54: Учитель русского языка и литературы | I54: 31 | K54: 2020 №04 052733 , 06.03.2020 | L54: Махачкала, ДИРО | N54: 5б | P54: abdulmutallimovagerh@mail.ru | Q54: 89640018955
B55: Магомедова Хамис Хизриевна | C55: 35180 | D55: 8215-786260 | E55: филолог | F55: ДГУ | G55: 2020 | H55: Учитель русского языка и литературы | I55: 3 | N55: 9б | P55: khamis.magomedova.19@list.ru | Q55: 89886404457
A56: 3 | B56: Дабдиева Асият Дабдиевна | C56: 29855 | D56: 8202888357 | E56: Учитель русского языка и литературы | F56: ДГПУ | G56: 2006 | H56: Учитель русского языка и литературы | I56: 18\18 | J56: высшая | K56: 2024,№04131375,28.09.2024 | L56: "Совершенствование профессиональных компетенций учителей русского языка на основе анализа типичных ошибок ЕГЭ",36ч. | N56: 9 | P56: asiyat.dabdieva@mail.ru | Q56: 89280504145
A57: 17 | B57: Ибрагимова Заира Ибрагимовна | C57: 33720 | D57: 8211174132 | E57: Учитель русского языка и литературы | F57: ДГПУ | G57: 2015 | H57: Учитель русского языка и литературы | I57: 4\4 | P57: i.zaira@bk.ru | Q57: 89285485498
B58: Алиева Райсат Магомедовна | E58: 32743 | F58: 8209/732600 | G58: Филолог/Менеджер | H58: ДГУ | I58: 2011 | J58: Уч. русского языка | K58: 14 | M58: 18.10.2023 №04122382 | N58: ДИРО | R58: raisat.aliyeva.89@mail.ru | S58: 8928 984 59 78
A59: 5 | B59: Гаджиева Жарадат Магомедовна | E59: 20413 | F59: 8202/792848 | G59: Филолог | H59: ДГПУ | I59: 1980 | J59: Уч. русс.яз и литературы | K59: 43 | M59: 17.11.2023 №622421101017РЦПК г. Рязань | P59: 6 | Q59: Поч. Работник РФ | R59: garadat.1955@ mail.ru | S59: 89285655570
A60: 7 | B60: Хизриева Шахризат Магомедовна | E60: 32989 | F60: 8212/326285 | G60: Филолог | H60: МГГУ | I60: 2013 | J60: Уч. русского языка | K60: 12 | M60: 08.12.2023 №771803743355 | R60: shahrizat777@gmail.com | S60: 8928 576 86 48
A61: 13 | B61: Алиева Райсат Абдуллаевна | E61: 33807 | F61: 8211/191764 | G61: Филолог | H61: Дер.ГИ | I61: 2016 | J61: Уч. русского языка | K61: 10 | M61: 30.11.2020 №040000229140 | N61: Уч. будушего | P61: 6 | R61: alievaraisat22071992@gmail.com | S61: 89282530742
A62: 16 | B62: Омарова Хамис Магомедовна | E62: 13.12.1977г | F62: 82 99 151 327 | G62: Преподавание в области филологии | H62: ДГУ | I62: 2009 | J62: учитель, русский язык литература | K62: 12 | L62: 1 | M62: 2017г, 029232 с21.08.2017 по 16.09.2017,с 01.06.2022/15 06.2022 ДИРО | N62: г.Махачкала,ДИРО | Q62: x.oma@mail.ru | R62: 89286715110
A63: 31 | B63: Аскандарова Айшат Гусеновна | E63: 12.12.1994г | F63: 82 15 786437 | G63: учитель русского языка и литературы | I63: 2020 | J63: учитель, русский язык литература | K63: 6 | L63: соответствие | M63: 2017г,№028989,с21.08.2017 по 16.09.2017г, ДИРО с 05.04.2021/17.04.2021 | Q63: askandarova1994@mail.ru | R63: 89604130502
A64: 30 | B64: Мургучиева Заира Залимхановна | E64: 15.02.1994г | F64: 82 15 689853 | G64: учитель русского языка и литературы | I64: 2015 | J64: учитель русский язык | K64: 6 | L64: соответствие | M64: ,ООО УЦ "Эксперт" с24.10.2023 по 17.11.2023 № 183103770869 | Q64: zairam94@mail.ru | R64: 89285340938
A65: 2 | B65: Магомедова Сабият Бгандовна | C65: 26834 | D65: 82 18 075639 | E65: уч рус яз и лит | F65: ДГПУ | G65: 2002 | H65: русский язык и литература | I65: 32/32 | J65: соответсвие | K65: 2021г.,14351 | P65: sab.bagandovna@gmail.com | Q65: 89298824168
A66: 16 | B66: Азизова Аминат Хабибовна | C66: 24138 | D66: 8210959098 | E66: уч рус яз и лит | F66: ДГУ | G66: 1983 | H66: уч рус яз и лит | I66: 36 | J66: высшая | K66: 2023г,486909 | P66: aagkavkasohs@mail.ru | Q66: 89640122570
A67: 29 | B67: Магомедсаидова Саният Магомедовна | C67: 34595 | D67: 8214 5699865 | E67: уч нач классов | F67: ДГПУ | G67: 2018 | H67: рус яз и литература | I67: 12 | J67: первая | P67: mdsmkavkasohs@mail.ru | Q67: 89288729800
B68: Тагирова Гулизар Султановна | C68: 35923 | D68: 8218038018 | E68: учитель начальных классов | F68: ГБПОУ РД"ППК им М.М.Меджидова" | G68: 2018 | H68: учитель русского языка и литературы | I68: 1из4 | J68: соответствие | K68: нет | L68: нет | M68: нет | N68: 5 | O68: нет | P68: guliza_2023@mail.ru | Q68: 89312120520
A69: 5 | B69: Ашурлаева Гидаят Курбановна | C69: 22710 | D69: 8207282972 | E69: учитель русского языка и литературы | F69: ДГПИ | G69: 1994 | H69: учитель русского языка и литературы | I69: 42из42 | J69: соответствие | M69: нет | N69: 8 | O69: нет | P69: gashurlaeva@bk.ru | Q69: 89640532481
B70: Исаева Гулаймат Гаджиевна | C70: 28872 | D70: 8223808513 | E70: биолог,химик,математик | F70: ДГУ,ООО УЦ "Профессионал" | G70: 2002.2017 | H70: учитель русского языка и литературы | I70: 23из23 | J70: соответствие | K70: №190719 0020413 05.05.2021г | L70: АНО ДПО "ЕЦПК" 108 ч "Содержание и методика преподавания биологии в соответствии с требованиями ФГОС" | M70: учитель математики ООО УЦ "Профессионал" | N70: 7 | O70: нет | P70: igg05@mail.ru | Q70: 89604080400
B71: Зугумова Зумруд Шамиловна | E71: 26561 | F71: 8202-736368 | G71: нач.классы | H71: ДГПИ/УДПО | I71: 1994/2018 | J71: учитель,филолог | K71: 30/30 | L71: первая | M71: ДИРО 2021;№39952, 72ч; ФГАОУДПО "Академ. Реал.госуд.пол. И проф. Разв. Раб. Обр.Мин. Просв. РФ" №у-49927/б, 112ч./ФГАОУ ДПО "АРГП и ПРРО МПРФ", 2022г, № у-105947/б,36ч. | Q71: zumrud.zugumova@mail.ru | R71: 89285104741
A72: 11 | B72: Магомедова Рукият Алигаджиевна | E72: 28330 | F72: 8222/631277 | G72: филолог; | H72: ДГПУ | I72: 1999 | J72: учитель,русс.яз и литература | K72: 25/25 | L72: нет категории | M72: ООО УЦ "Эксперт" "Реализ. треб. обновл. ФГОС ООО,ФГОС НОО, ФГОС СОО в работе учит. рус. яз. и лит." 2024г; 144ч №Д7-2410-1964 | O72: 9 | Q72: rukiyat.magomedova.1977@mail.ru | R72: 89282507919
B73: Алиева Булбул Ахмедовна | C73: 17567 | D73: 8203 648669 | E73: Высшее | F73: ДГПИ | G73: 1967 | H73: русский яз. 6кл 8ч, | I73: 54/54 | J73: соответствие | L73: Не проходила | O73: почетный работник образования | P73: Bulbul.alieva48@mail.ru | Q73: 89382006172
A74: 5 | B74: Магомедова Аминат Рабадановна | C74: 30317 | D74: 8208 597561 | E74: Высшее | F74: ДГПУ | G74: 2006 | H74: Русский яз. | I74: 45607 | J74: соответствие | L74: Не проходила | N74: 8кл | P74: Aminat.magomedova.23@mail.ru | Q74: 89618383039
A75: 7 | B75: Ниматуллаев Ислам Русланович | C75: 36674 | D75: 8219 327104 | E75: 44.03.05 Педагогическое образование (с двумя профилями подготовки) (Русский язык и Литература) | F75: ДГПУ | G75: 2022 | H75: Учитель русского языка и литературы | I75: 4/4 | J75: - | K75: 2022, № 450251, 15.06.2022 | L75: ГБУ ДПО РД "ДИРО", 36 ч., Реализация требований обновлённых ФГОС НОО, ФГОС ООО в работе учителя | M75: - | N75: 9 | O75: - | P75: Opopopopopop19@mail.ru | Q75: 89654885718
A76: 10 | B76: Вагидова Раисат Курбангаджиевна | C76: 33992 | D76: 8212 296184 | E76: 050301 "Русский язык и литература" | F76: СПИ | G76: 2015 | H76: Учитель русского языка и литературы | I76: 7/7 | J76: - | K76: - | L76: - | M76: - | N76: - | O76: - | P76: ibr-i@bk.ru | Q76: 89995337999
B77: Багамаева Барият Хасбуллаевна | C77: 24749 | D77: 82 12 249936 | E77: Учитель русского яз.и литературы; история | F77: ДГУ; УДПО "Махачкалинский центр повышения квалификации; | G77: 1991 | H77: учитель русского языка и литературы | I77: 33/33 | J77: высшая | K77: 2022г, № 050400010928 от 10.09.2022г. | L77: АНО ДПО ОЦ Спектр, 72 часов, "Инновационные подходы к преподованию русского языка и литературы в условиях реализации ФГОС ООО" | M77: УДПО "Махачкалинский центр повышения квалификации", 13.09.2016г., № 052402541109, "Педагогическое образование: История"; | P77: bagamaeva.05@mail.ru | Q77: 89285818921
A78: 5 | B78: Бахмудкадиева Саният Джалаловна | C78: 23223 | D78: 82 08 529582 | E78: Учитель русского языка и литературы | F78: ДГПИ, | G78: 1988 | H78: учитель русского языка и литературы | I78: 35/35 | J78: высшая | K78: 2022г, №150000114792, от 12.05.2022г,; 2021 г., № ПК 008333 от 09.11.2021г. ; 2021г. № 052415818505 | L78: Москва, "Реализация требований обновленных ФГОС НОО, ФГОС ОО в работе учителя" , 36 часа., "Академия реализации гос. политики и проф. развития работников образования Министерства просвещения РФ"; ЧУДПО "Махачкалинский центр повышения квалификации - Академия "Каспий" , 72 часа, "Воспитательная работа в школе в контексте ФГОС" ; ГБУ РД «ЦНППМПР, 108ч., , "Совершенствование професиональных компетенций учителей начальных классов"; | N78: 9 | O78: Награждена нагрудным знаком "Почетный работник воспитания и просвещения Российской Федерации", 2020г. | P78: saniyat1163@mail.ru | Q78: 8928 055 37 94
A79: 1 | B79: Гаджиева Мариям Усмановна | C79: 29929 | D79: 82 03 063398 | E79: учитель русского языка и литературы | F79: ДГУ | G79: 2004 | H79: учитель русского языка и литературы | I79: 12 | J79: высшая | K79: 2019, №865 25.03.2019 по 13.04.2019. | L79: "Реализация требований обновленных ФГОС НОО,ФГОС ООО в работе учителя" 36 часов. | M79: НАНО ДПО ОЦ "Знание" | P79: maryam.gadzhieva.2016@bk.ru | Q79: 89288302935
A80: 9 | B80: Айсамирзаева Удреда Магомедовнв | C80: 29238 | D80: 82 13 381629 | E80: педагогика и методика начального образования | F80: ДГПУ | G80: 2008 | H80: учитель русского языка и литературы | I80: 16 | J80: соответствие | K80: Совершенствование деятельности учителя начальных классов в соответствии с требованиями ФГОС 2019, №869. 25.03.2019 по 13.04.2019 | M80: НАНО ДПО ОЦ "Знание" | N80: 2 | P80: Iva04091@gmail.com | Q80: 89286841143
A81: 16 | B81: Магомедова Сапият Мухтаровна | C81: 24840 | D81: 82 14 531454 | E81: русский язык и литература в национальной школе | F81: ДГТУ | G81: 1994 | H81: учитель русского языка и литературы | I81: 31 | J81: высшая | K81: 017/ № 4237 с 25.09. по 14.10.2017 | M81: институт дополнительного образования ДГУ | P81: mukhtarovna68@mail.ru | Q81: 89604112495
A82: 12 | B82: Багомедова Патимат Рамазановна | C82: 38683 | H82: Русский язык
A83: 15 | B83: Магомедалиева Марьям Багандалиевна | C83: 26490 | D83: 82 17 938370 | F83: ДГПУ | G83: 1995 | H83: Русский язык | J83: высшая | P83: magomedalieva_1972@mail.ru | Q83: 89280476630
A84: 13 | B84: Абдуллаева Хадижат Гулбагамаевна | C84: 33292 | D84: 8212-220960 | E84: филология | F84: ФГОУ ЮФУ г. Ростов-на-дону | G84: 2016 | H84: учитель русского языка и литературы | I84: 6 | K84: 2023, № 04 122390, 18.10.2023 | L84: ГБУ ДПО РД "ДИРО", 36 ч. | M84: Менеджмент в образовании, ЧУДПО МЦПК Академия "Каспий", 2021 | P84: khadizha05@mail.ru | Q84: 89224699906
A85: 20 | B85: Багамаева Хамис Каратовна | C85: 20873 | D85: 8203-173906 | E85: русский язык и литература | F85: ДГУ | G85: 1985 | H85: учитель русского языка и литературы | I85: 39 | J85: Высшая | K85: 2022, № 150000114654, 2022 | L85: ФГАОУ ДПО "Академия Минпросвещения РФ", 36 ч. | N85: 7 | O85: Почетный работник воспитания и просвещения РФ, 2021 г. | P85: karatovna57@mail.ru | Q85: 89634241628
A86: 39 | B86: Муртазалиева Рукият Омаровна | C86: 27579 | D86: 8201-574343 | E86: филология | F86: ДГПУ | G86: 1997 | H86: учитель русского языка и литературы | I86: 26 | K86: 2023, № 000000061823, 26.07.2023 | L86: АНО ДПО "Платформа", 144 ч. | N86: 6 | P86: rukiyat75@mail.ru | Q86: 89288095274
A87: 3 | B87: Рашидова Луиза Абдулазизовна | C87: 27197 | D87: 8219 223759 | E87: учитель русского языка и литературы, родного языка и литературы | F87: ДГУ | G87: 1996 | H87: зам по ВР | I87: 29/29 | J87: 1 | K87: 2022, №034, 15.10.2022 | L87: ФГБОУ ВО "РГУ им. А.Н. Косыгина", 16 ч. | N87: 8Б | P87: Luizarashidova01@gmail.com | Q87: 89285211940
B88: Рашидова Луиза Абдулазизовна | C88: 27197 | D88: 8219 223759 | E88: учитель русского языка и литературы, родного языка и литературы | F88: ДГУ | G88: 1996 | H88: учитель русского языка и литературы. | I88: 29/29 | J88: 1 | K88: 2023, №488117, №488206, 02.10.2023; | L88: ДИРО, 72 ч., "Реализация требований обновленных ФГОС ООО, ФГОС СОО в работе учителя" | N88: 8Б | P88: Luizarashidova01@gmail.com | Q88: 89285211940
A89: 5 | B89: Абдулгапарова Хадижат Гасаналиевна | C89: 22055 | D89: 8203 880755 | E89: учитель русского языка и литературы | F89: ДГУ | G89: 1984 | H89: учитель русского языка и литературы, родного языка и литературы | I89: 42/42 | J89: Высшая | K89: 2023,№489195, 18.10.2023 | L89: ДИРО, 36 ч., "Сложные вопросы школьного курса русского языка. Методика обучения написанию сочинений в рамках ЕГЭ". | O89: «Почетный работник общего образования РФ» | P89: khadizhatabd@mail.ru | Q89: 89094823857
A90: 7 | B90: Абдулкеримова Муъминат Абдулкеримовна | C90: 30994 | D90: 8203914910 | E90: учитель русского языка и литературы. | F90: ДГПУ | G90: 2007 | H90: учитель начальных классов | I90: 16/16 | J90: 1 | K90: 2023, №484370, 17.07.2023 | L90: ДИРО, 36ч., "Реализация требований обновленных ФГОС НОО, ФГОС ООО в работе учителя" | N90: 4 | P90: abdulkerimovamuminat@yandex.ru | Q90: 89289505689
A91: 10 | B91: Алимагомедова Хадижат Алимагомедовна | C91: 29417 | D91: 8203098639 | E91: учитель русского языка и литературы | F91: ДГПУ | G91: 2005 | H91: учитель русского языка и литературы | I91: 18/18 | K91: 2023, №250099, 05.09.2023 | L91: АНО ДПО "Платформа", 144 ч.,"Реализация требований обновленных ФГОС ООО, ФГОС НОО, ФГОС СОО в работе учителя русского языка и литературы". | N91: 9Б | P91: pashahadijat1980@icloud.com | Q91: 89640170949
B92: Алимагомедова Хадижат Алимагомедовна | C92: 29417 | D92: 8203098639 | E92: учитель русского языка и литературы | F92: ДГПУ | G92: 2005 | H92: учитель родного языка и литературы | I92: 18/18 | N92: 9Б | P92: pashahadijat1980@icloud.com | Q92: 89640170949
A93: 13 | B93: Багамаева Джамилат Багамаевна | C93: 30763 | D93: 8206228977 | E93: учитель русского языка и литературы | F93: ДГУ | G93: 2009 | H93: учитель русского языка и литературы | I93: 14/14 | N93: 5 | Q93: 89230050578
B94: Багамаева Джамилат Багамаевна | C94: 30763 | D94: 8206228977 | E94: учитель русского языка и литературы | F94: ДГУ | G94: 2009 | H94: учитель ОДНРК | I94: 14/14 | N94: 5 | Q94: 89230050578
A95: 22 | B95: Курбанова Раисат Джунаевна | C95: 22431 | D95: 8206228874 | E95: учитель русского языка и литературы | F95: ДГПИ | G95: 1985 | H95: учитель русского языка и литературы | I95: 41|41 | N95: 7 | O95: «Почетный работник общего образования РФ» | P95: Raisat2233@mail.ru | Q95: 89285211565
B96: Курбанова Раисат Джунаевна | C96: 22431 | D96: 8206228874 | E96: учитель русского языка и литературы | F96: ДГПИ | G96: 1985 | H96: учитель ОДНРК | I96: 41/41 | N96: 7 | O96: «Почетный работник общего образования РФ» | P96: Raisat2233@mail.ru | Q96: 89285211565
A97: 23 | B97: Магомедова Паризат Муртазалиевна | C97: 28015 | D97: 8210923727 | E97: учитель русского языка и литературы | F97: ДГПУ | G97: 2000 | H97: учитель русского языка и литературы | I97: 24/24 | K97: 2024, №11148, 02.09.2024 | L97: НАНО ДПО "Образовательный центр Знание", 108ч., "Реализация требований обновленных ФГОС ООО и СОО в работе учителя русского языка и литературы в соответствии с ФОП" | N97: 6А | P97: Parizat.1997@mail.ru | Q97: 89285106237
A98: 28 | B98: Рабаданова Галимат Магомедовна | C98: 26299 | D98: 8216897490 | E98: учитель русского языка и литературы | F98: ДГПИ | G98: 1994 | H98: учитель русского языка и литературы | I98: 30/30 | K98: 2022, №у-108599/б, 12.05.2022 | L98: ФГАОУ ДПО "Академия реализации гос.политики и проф.развития работников образования Минпросвещения РФ", 36ч., "Реализация требований ФГОС НОО, ФГОС ООО в работе учителя" | P98: galimat.rabadanova.73@bk.ru | Q98: 892637999023
B99: Рабаданова Галимат Магомедовна | C99: 26299 | D99: 8216897490 | E99: учитель русского языка и литературы | F99: ДГПИ | G99: 1994 | H99: учитель родного языка и литературы | I99: 30/30 | P99: galimat.rabadanova.73@bk.ru | Q99: 892637999023
A100: 6 | B100: Омарова Марьям Омаровна | C100: 29556 | D100: 8203667195 | E100: учитель начальных классов с правом преподдования обществознания | F100: МОСУ | G100: 2005 | H100: учитель русского языка и литернетатуры | I100: 23/23 | J100: нет | K100: 2022, №2209ПК; 09.092022 | L100: РД ДИРО 36 реализация требований обновленных ФГОС НОО,ФГОС ООО в работе учителя | M100: нет | N100: 6 | O100: нет | P100: omarovamaryam285@gmail.com | Q100: 89389849909
B101: Магомедов Ахмед Исагаджиевич | C101: 22458 | D101: 8206122956 | E101: Русс.язык и лит-ра. | F101: ДГПИ г.Махачкала | G101: 1984 | H101: Учитель русского языка и литературы | I101: 37/37 | J101: первая | P101: ahmed2606@yandex.ru | Q101: 89285932938
...

Sheet родной язык 
A1: № | B1: ФИО | C1: Дата рождения | D1: Серия, номер паспорта | E1: Специальность по ДИПЛОМУ (перечислить все в порядке получения) | F1: Что окончил (перечислить все в порядке получения) | G1: Год окончания (перечислить все в порядке получения) | H1: Должность работника, преподав. предмет (сколько долж-й - столько раз показать человека) | I1: Стаж педагогической/общий | J1: Квалификационная категория | K1: ПОВЫШЕНИЕ КВАЛИФИКАЦИИ: Год прохождения КПК (за последние 3 года) , номер и дата удостоверения | L1: ПОВЫШЕНИЕ КВАЛИФИКАЦИИ: учреждение, количество часов,название курса | M1: Переподготовка (специальность по диплому, наименование учреждения, год окончания, в порядке получения) | N1: Классное руководство (указать класс) | O1: Звания и награды | P1: Адрес электронной почты | Q1: Контактный номер телефона
B2: 1 | C2: 2 | D2: 3 | E2: 4 | F2: 5 | G2: 6 | H2: 7 | I2: 8 | J2: 9 | K2: 10 | L2: 11 | M2: 12 | N2: 13 | O2: 14 | P2: 15 | Q2: 16
A3: 6 | B3: Алиева Мая Айгумовна | C3: 19220 | D3: 8202736551 | E3: Учитель родного языка и литературы.Учитель русского языка и литературы. | F3: ДГУ | G3: 1988 | H3: Учитель родного языка и литературы | I3: 49 | J3: Высшая | N3: 9кл | O3: Заслуженный учитель РД.Почетный работник РД. | P3: maya.aliyeva.52@mail.ru | Q3: 9886517084
A4: 41 | B4: Рабаданова Загидат Омаровна | C4: 29855 | D4: 8206 203540 | E4: Учитель род яз лит | F4: ДГПУ | G4: 2004 | H4: Учитель род яз и лит | I4: 21 | N4: 7 класс | P4: zagidatrabadanova65@gmail.com | Q4: 9640213001
A5: 21 | B5: Абдуллаева Барият Гизбуллаевна | C5: 25476 | D5: 8203-309200 | E5: педагогика и методика начального обучения | F5: ДГПИ | G5: 1994 | H5: учитель родных языков | I5: 27/27 | J5: соответствие | K5: 2022г.№ 150000113472 от 12.05.2022г. | L5: Москва "Академия реализации государственной политикии профессионального развития работников образования Министерства РФ 36ч. Реализация требований обновленных ФГОС НОО в работе учителя" | P5: Bariyat_abd@bk.ru | Q5: 89288726076
A6: 19 | B6: Магомедов Алиасхаб Магомедович | C6: 17654 | D6: 82 03-485267 | E6: Учитель родного языка и литературы | F6: ВПШ | G6: 1979 | H6: учитель родных языков | I6: 25/39 | J6: соответствие | K6: 0524032906090,05.12.2015 | L6: УДПО "МЦПК", г. Махачкала | O6: Почётный работник общего образования РФ | P6: aliashab.magomedoff2017@yandex.ru | Q6: 89285718524
A7: Магомедгаджиева Сапият Магомедовна | B7: 30797 | C7: 83 11 177583 | D7: Родной язык и литература | E7: ДГПУ | F7: 2013 | G7: учитель ОДНКНР | H7: 17/17 | I7: соответствие | M7: 8 | O7: sapiyt1989@mail.ru | P7: 89634259020
A8: 11 | B8: Магомедов Магомед Малламагомедович | C8: 29899 | D8: 8203573565 | E8: Филолог | F8: ДГУ | G8: 2003 | H8: Преподаватель родных языков | I8: 20/20 | K8: 2020г. №3147 | L8: НАНО ДПО ОЦ "ЗНАНИЕ" 72ч., "Реализация требований ФГОС основного общего образования при обучении родному (даргинскому) языку и литературе | P8: magomed19.81@mail.ru | Q8: 89285159495
B9: Набиева Айшат Рабадановна | E9: 17748 | F9: 8201-572751 | G9: филолог; русский язык и литература,родной язык и литература;менеджмент в образовании | H9: ДГУ,ИМР "Мидл Ист" | I9: 1978 | J9: учитель родных языков | K9: 56/56 | L9: соответствие | M9: 2022-№ у 108177/б с 29.03.2022 - 12.05.2022; | N9: ДИРО - 36 ч."Реализация требований обновленных ФГОС НОО,ФГОС ООО в работе учителя" | O9: Менеджмент в образовании ИМР "Мидл Ист" - 2017 | P9: . | R9: ayshat030748@mail.ru | S9: 89285625575
A10: 7 | B10: Исмаилова Патимат Гаджиисламовна | E10: 27923 | F10: 8299-151033 | G10: родной язык и литература | H10: ДГПУ | I10: 2010 | J10: учитель родных языков | K10: 14/14. | L10: соответствие | M10: 2019,№ 00 016800/19 с 28.09.2019 по 19 октябрь 2019 г. | N10: ООО"Центр Развития Педагогики"-108ч. "Методы и технологии в преподавании учебных дисциплин "Родной язык" и "Родная литература " в соответствии с ФГОС | O10: . | P10: 1 | Q10: 0 | R10: patimat021957@mail.r | S10: 89289779124
A11: 16 | B11: Магомедова Патимат Хидировна | C11: 26811 | D11: 82 08 450797 | E11: Филология | F11: ДГУ | G11: 1998 | H11: Учитель родного языка и лит. | I11: 32 | J11: соответствие | N11: 1 А | P11: patimat.magomedova.1973@list.ru | Q11: 8962-645-20-83
A12: 21 | B12: Рабаданова Барият Курбановна | C12: 23078 | D12: 8203573569 | E12: Филология | F12: ДГУ | G12: 1995 | H12: Учитель родного языка и лит. | I12: 36 | J12: соответствие | K12: 2022 г., ПК 013223 от 18.07.2022 г. | L12: ЧУДПО "Махачкалинский центр повышения квалификации- Академия "Каспий", "Реализация требований обновленных ФГОС НОО и ФГОС ООО в работе учителя", 72 часа | N12: 7 А | P12: bariyat.rabadanova.63@bk.ru | Q12: 8960-407-92-48
A13: 22 | B13: Меджидова Аминат Рамазановна | C13: 32802 | D13: 8203648501 | E13: Пр. в н.кл. с доп. под родн. яз | F13: ИПК | G13: 2008 | H13: Учитель родного языка и лит. | I13: 15 | J13: соответствие | N13: 8 А | P13: aminat.medzhidova-89@bk.ru | Q13: 8963-404-34-79
A14: Баталаева Габибат Курбанмагомедовна | D14: 21339 | E14: 8209-806135 | F14: учитель русского и родного языка | G14: ДГУ | H14: 1983 | I14: учитель родного языка | J14: 30/44 | K14: соответствие | L14: 2022,№ПК010913,22.02.2022 | M14: Махачкала,ОЦ КАСПИЙ | P14: gabibat.batalaeva | Q14: 89679341084
A15: 7 | B15: Абдуллаева Хамис Гаджимурадовна | C15: 35468 | D15: 8218-102815 | E15: Начальные классы | F15: ИПУ | G15: 2019 | H15: Учитель родного языка и литературы | I15: 3 | P15: hamisabdullaeva471@gmail.com | Q15: 89674006765
A16: 8 | B16: Юсупов Рамазан Табукович | C16: 21285 | D16: 8203-265384 | E16: Филолог | F16: ДГУ | G16: 1986 | H16: Учитель родного языка и литературы | I16: 47 | N16: 9а | P16: ramazanusupov365@gmail.com | Q16: 89640050481
B17: Абубакарова Ума Идрисовна | C17: 23391 | D17: 8209667610 | E17: Учитель русского языка и литературы | F17: ДГПИ | G17: 1988 | H17: учитель род.яз. и лит.,русс.яз. и лит. | I17: 43\43 | K17: 2022,№052415815778,15.06.2022г. | L17: Реализация требований обновленных ФГОС НОО,ФГОС ООО в работе учителя, 36ч. | P17: abubakarova.uma@bk.ru | Q17: 89285659000
A18: 2 | B18: Шахвалиева Урузмак Гусейновна | E18: 12.02.1954г | F18: 82 00 264344 | G18: учитель русского языка и литературы | H18: ДГПУ | I18: 1996 | J18: учитель,родной язык и литература | K18: 49. | L18: 1 | M18: 2019г, 051493 с 03.07.2019 по 12.07.2019 | N18: г.Махачкала,ДИРО | P18: Заслуженный учитель Дагестана | Q18: curuzmak@mail.ru | R18: 89627745025
A19: 17 | B19: Азизова Аминат Хабибовна | C19: 24138 | D19: 8210959098 | E19: уч рус яз и лит | F19: ДГУ | G19: 1983 | H19: уч родного языка и лит | I19: 36 | J19: высшая | P19: aagkavkasohs@mail.ru | Q19: 89640122570
A20: 22 | B20: Алигаджиева Айшат Ахмедгаджиевна | C20: 23380 | D20: 8208597 | E20: уч нач классов | F20: РПК | G20: 2016 | H20: уч родного языка и лит | I20: 38/38 | J20: первая | M20: ООО "АКАДЕМИЯ ГОСАТТЕСТАЦИИ"2020г,уч родного языка и литературы,256ч | P20: aaakavkasohs@mail.ru | Q20: 89298776483
A21: 24 | B21: Магомедова Зайнаб Ризвановна | C21: 33525 | D21: 8218197236 | E21: уч нач классов | F21: РПК | G21: 2011 | H21: уч родного языка и лит | I21: 11 | J21: соответсвие | P21: z5791931z@mail.ru | Q21: 89285304426
B22: Маммаева Мадина Юсуповна | C22: 36215 | D22: 8218142055 | E22: учитель начальных классов | F22: ГБПОУ РД"ППК им М.М.Меджидова" | G22: 2021 | H22: Учитель родного языка и литературы | I22: 1из1 | J22: соответствие | K22: нет | L22: нет | M22: нет | N22: 4 | O22: нет | P22: Mmadina99@mail.ru | Q22: 89187369083
B23: Шахбанова Нурият Магомедовна | C23: 28402 | D23: 8207053491 | E23: учитель начальных классов | F23: ГБПОУ РД"ППК им М.М.Меджидова" | G23: 2022 | H23: Учитель родного языка и литературы | I23: 3из26 | J23: соответствие | K23: нет | L23: нет | M23: нет | N23: 1 | O23: нет | P23: nuriat04101977@mail.ru | Q23: 89640096344
B24: Ибрагимова Мариям Магомедовна | E24: 21860 | F24: 8203/421560 | G24: биология, химия | H24: ДГПИ | I24: 1984 | J24: учитель.родной язык и литература | K24: 40/40 | L24: нет категории | O24: 10 | Q24: mariyam.ibragimova.59@mail.ru | R24: 89282862139
B25: Магомедова Рукият Алигаджиевна | E25: 28330 | F25: 8222/631277 | G25: филолог; | H25: ДГПУ | I25: 1999 | J25: учитель,родной язык и литература | K25: 25/25 | L25: нет категории | O25: 9 | Q25: rukiyat.magomedova.1977@mail.ru | R25: 89282507919
A26: 14 | B26: Абдуллаева Нурият Ризвановна | E26: 32588 | F26: 8208/641003 | G26: фиолог | H26: ДГУ | I26: 2011 | J26: учитель, родной язык и литература | K26: 13/13 | L26: первая | M26: ГБУ ДПО РД "ДИРО "Реализация требований обновленных ФГОС НОО, ФГОС ООО в работе учителя" №450028 36 ч. 2022г | O26: 8 | Q26: nuriyat.rizvanovna@mail.ru | R26: 89285606579
A27: 15 | B27: Даудова Патимат Магомедгаджиевна | E27: 32256 | F27: 8202/545350 | G27: биолог | H27: ДГПУ | I27: 2010 | J27: учитель,родной язык и литература | K27: 13/13 | L27: первая | M27: ФГАОУДПО "Академ. Реал. Госуд. Пол.и проф. Разв. Раб.обр. мин.прос.Рф2020, №у-20236/б, 112ч | Q27: daudovapatimat1998@mail.ru | R27: 89280554967
B28: Гусбанова Муъминат Ибаевна | C28: 28430 | D28: 8203 063197 | E28: Высшее | F28: ДГУ | G28: 2000 | H28: Родной язык | I28: 24/26 | J28: соответствие | L28: Не проходила | N28: 9кл | P28: muminat.gusbanova@yandex.ru | Q28: 89288791880
B29: Ашурлаев Гаджи Магомедович | C29: 34819 | D29: 8214 651647 | E29: 44.02.02 Преподавание в начальных классах | F29: РПК | G29: 2016 | H29: Учитель родного языка и родной литературы | I29: 7/7 | J29: - | K29: 2022, № 450069, 15.06.2022 | L29: ГБУ ДПО РД "ДИРО", 36 ч., Реализация требований обновлённых ФГОС НОО, ФГОС ООО в работе учителя | M29: - | N29: 5 | O29: - | P29: ibr-i@bk.ru | Q29: 89994022958
A30: 11 | B30: Маммаева Хадижат Ахмедбеговна | C30: 37058 | D30: 8221 494246 | E30: 44.02.02 Преподавание в начальных классах | F30: ППК | G30: 2023 | H30: Учитель родного языка и родной литературы | I30: 2/2 | J30: - | K30: - | L30: - | M30: - | N30: - | O30: - | P30: ibr-i@bk.ru | Q30: 89995337999
A31: 2 | B31: Алиева Рисалат Омаргаджиевна | C31: 21467 | D31: 82 06 123041 | E31: Учитель англ. и нем.яз.; учитель родного языка и литературы | F31: ДГПИ; УДПО "Махачкалинский центр повышения образования" | G31: 1982; 2016 | H31: учитель родных языков | I31: 40/40 | K31: 2022г., № 050400010872 от 15.10.2022г. | L31: АНО ДПО ОЦ Спектр, 72ч., "Реализация требований ФГОС основного общего образования при обучении родному (даргинскому) языку и литературе. | M31: "Педагогическое образование: Родной язык и литература" , УДПО "Махачкалинский центр повышения квалификации" от 13.09.2016г, № 052402541066, , | N31: 6 | P31: alieva1958risalat@mail.ru | Q31: 8928 560 22 75
A32: 6 | B32: Дабаева Патимат Курбановна | C32: 25477 | D32: 8203669887 | E32: учитель химии | F32: ДГУ | G32: 1995 | H32: учитель начальных классов | I32: 29 | J32: высшая | K32: "Использование оборудоания региональных центровв детского технопарка "Кванториум" и центра "Точка роста" для реализации образовательных программ по химии в рамках естественно-научного направления" с 25 мая 2021г. По 25 июня 2021г. 040000308778 Совершенствование деятельности учителя начальных классов в соответствии с требованиями ФГОС 2019, №871. 25.03.2019 по 13.04.2019 | M32: НАНО ДПО ОЦ "Знание" | N32: 3.5 | P32: nach.patimat@mail.ru | Q32: 89285759363
A33: 9 | B33: Айсамирзаева Удреда Магомедовнв | C33: 29238 | D33: 82 13 381629 | E33: педагогика и методика начального образования | F33: ДГПУ | G33: 2008 | H33: учитель начальных классов | I33: 16 | J33: соответствие | K33: Совершенствование деятельности учителя начальных классов в соответствии с требованиями ФГОС 2019, №869. 25.03.2019 по 13.04.2019 | M33: НАНО ДПО ОЦ "Знание" | N33: 2 | P33: Iva04091@gmail.com | Q33: 89286841143
A34: 17 | B34: Гаджиалиева Сакинат Абдуллаевна | C34: 18507 | D34: 82 02 801889 | E34: учитель начальных классов | F34: ПУ | G34: 1990 | H34: учитель начальных классов | I34: 39 | J34: соответствие | K34: 2019, №870. 25.03.2019 по 13.04.2019 | M34: НАНО ДПО ОЦ "Знание" | N34: 4.1 | P34: megafon.levashi8888@gmail.com | Q34: 89285817042
A35: 32 | B35: Магомедова Луиза Магомедовна | C35: 29322 | D35: 8201-574785 | E35: филология. Русский язык и литература, национальный язык и литературы | F35: ДГУ | G35: 2002 | H35: учитель родного языка и литературы | I35: 22 | K35: 2023, № ПК 015794, 10.01.2023 | L35: МЦ ПК Академия "Каспий", 108 ч. | P35: luizamugi1980@mail.ru | Q35: 89286708119
A36: 38 | B36: Муртазалиева Рукият Омаровна | C36: 27579 | D36: 8201-574343 | E36: филология | F36: ДГПУ | G36: 1997 | H36: учитель родного языка и литературы | I36: 26 | K36: 2023, № 000000061823, 26.07.2023 | L36: АНО ДПО "Платформа", 144 ч. | N36: 6 | P36: rukiyat75@mail.ru | Q36: 89288095274
B37: Абдулгапарова Хадижат Гасаналиевна | C37: 22055 | D37: 8203 880755 | E37: учитель родного языка и литературы | F37: ДГУ | G37: 1984 | H37: учитель родного языка и литературы | I37: 42/42 | J37: Высшая | O37: «Почетный работник общего образования РФ» | P37: khadizhatabd@mail.ru | Q37: 89094823857
A39: 5 | B39: ва Патимат Ильясовна | C39: 29354 | D39: 8202763097 | E39: учитель начальных классов с правом преподдования обществознания | F39: ЮЖДАГ | G39: 2007 | H39: учитель родного языка и литературы и обществознания | I39: 17/17 | J39: нет | K39: 2022,№ 450235; 15.06.2022 | L39: реализация требований обновленных ФГОС НОО,ФГОС ООО в работе учителя 3 | M39: нет | N39: 9 | O39: нет | P39: patimatmedzidova88@gmail.com | Q39: 89282080806
B40: Мамаев Магомед Халилибрагимович | C40: 09,08,1961 | D40: 8206-184824 | E40: филология | F40: ДГУ | G40: 2019, 1984 | H40: учитель родного языка | I40: 42/42 | K40: 14.10.2023 05040005831 | L40: АНО ДПО ОЦ СПЕКТР, 72 ч.
B41: Саламов Алибег Ашурлаевич | C41: 30321 | D41: 8203-853834 | E41: учитель родного языка и литературы | F41: ДГУ | G41: 2005 | H41: учитель родного языка и литеопатуры | I41: 18. | J41: 1 | N41: 9 | P41: 1983alibeg1983@list.ru | Q41: 89285136298
B42: Магомедов Ахмед Юсупович | C42: 37733 | D42: 8223-749514 | E42: учитель родных языков | F42: ИПК | G42: Обуч. В дан | H42: учитель родных языков | I42: 1 | P42: akhmedmagomedov2003@bk.ru | Q42: 89697999515
A44: 5 | B44: Ахмедова Кади Курбанович | C44: 14752 | D44: 8202763006 | E44: рус.яз и род. Яз | F44: ДГУ | G44: 1980 | H44: родной язык | I44: 64/64 | J44: соответствие | K44: 2019№050358 от 07.12.2019 г. | L44: ГБДО ДПО ДИРО,72ч"Реализазия требований ФГОС основного общего образования при обучении родному языку и литературе | N44: 10 | P44: Kadi.kurbanovich.@mail.ru | Q44: 8928-594-74-92
B45: Курбанова Айшат Магомедовна | C45: 28246 | D45: 82 03 098079 | E45: нач. кл. | F45: БПК | G45: 2001 | H45: родной язык | I45: 23/23 | J45: соответствие | N45: 5 | P45: ayshat.kurbanova.1978@mail.ru | Q45: 8928-062-66-85
B46: Курбанова Написат Магомедовна | C46: 27395 | D46: 82 19 254458 | E46: родн. Яз | F46: ДГПУ | G46: 2002 | H46: родной язык и литература | I46: 22/22 | J46: соответствие | K46: 2020,№04000235934 от 30.11.2020г | L46: ГБДО ДПО ДИРО,112ч"Совершенствование предметных и методических компетенций пед.работников в рамках реализации фед.проекта "учитель будущего" | P46: napisatkurbanova74298@gmail.com | Q46: 8938-203-57-20
B47: Магомедова Патимат Курбановна | C47: 27164 | D47: 8201-404283 | E47: учитель начальных классов | F47: БПК | G47: 1994 | H47: учитель родных языков | I47: 28/28 | K47: 15.06.2022г.№052415815900 17.07.2023г №04 118520 | L47: ДИРО . "Реализация требований обнавленных ФГОС НОО , ФГОС ООО в работе учителя. 36ч. НИКО 72ч. " Методы повышения результативности обучающихся на ГИА""Русский язык . Эффективные методы повышения качества педагогической работы в школах для достижения высокого профессионального мастерства" | M47: Учитель родного языка и литературы, МЦПК Академия Каспий, 2022 | N47: 6б | P47: patimatkurbanova334@gmail.com | Q47: 89288727621
B48: Ахмедова Шахризат Курбановна | C48: 29.02.1982 | D48: 8203-627528 | E48: пед.библиотекарь | F48: БОДГУ | G48: 2004 | H48: учитель родных языков | I48: 22/22 | M48: Учитель родного языка и литературе, МЦПК Академия Каспий, 2022 | P48: akhmedova.shakhrizat82@mail.ru | Q48: 89285714169
B49: Хизриева Гидаят Уканчиевна | C49: 28463 | D49: 8203-191222 | E49: филолог | F49: ДГУ | G49: 2002 | H49: учитель родного языка и литературы | I49: 23/23 | J49: 1 | K49: 2021г, №4563, | L49: НИКО Русский язык. "Методы повышения результативности обучающихся на ГИА" 36ч.Образовательный центр "Знание" 72ч,"Иновационные подходы к преподаванию русского языка и литературы в условиях ФГОС ООО" | P49: 04GKZRG12@mail.ru | Q49: 89280555178
B50: Алиева Аминат Касумовна | C50: 28992 | D50: 8206-038755 | E50: филолог | F50: ДГУ | G50: 2007 | H50: учитель родного языка и литературы | I50: 20/20 | J50: высшая | K50: 2022г. 36ч. | L50: НИКО 36ч. "Русский язык . Эффективные методы повышения качества педагогической работы в школах для достижения высокого профессионального мастерства" | N50: 9а | P50: Aminat.alieva.00ibox.ru | Q50: 89285209459
B51: Багамаева Патимат Гасбуллаевна | C51: 28549 | D51: 8203-097495 | E51: филолог | F51: ДГУ | G51: 2002 | H51: учитель родных языков | I51: 15/15 | K51: 03.09.2022г №04 102477 | L51: ДИРО "Школа минпросвещения России новые возможности для повышения качества образования"48ч. | P51: Patimat270219788@gmail.com | Q51: 89282385832
A52: 6 | B52: Магомедов Юрий Ахмедович | C52: 23929 | D52: 82 10№880245 | E52: Учитель начальных классов | F52: ДГПИ | G52: 1988 | H52: Учитель родного языка | I52: 36 | J52: соответствие | L52: Академия "Каспий"Махачкала 72ч. | N52: 4 класс | O52: Почетный работик общего образования | P52: Magomedov65@mail.ru | Q52: 8 903 429 66 03
B53: Джапарова Хамис Багомаевна. | C53: 10.01.54г | D53: 82-01 455468 | E53: филолог | F53: ДГУ | G53: 1982 | H53: род.яз | I53: 49 | J53: нет | O53: Почетная грамота .2013г | P53: hamis.urgani@yandex.ru | Q53: 89285445334
B54: Рабаданов Ахмедгаджи Габибович | C54: 01.02.54г | D54: 82-02 639940 | E54: филолог | F54: ДГУ | G54: 1982 | H54: род.яз | I54: 47 | J54: нет | P54: rabadanov-54@mail.ru | Q54: 89034812781
A55: 2 | B55: Магомедова Патимат Шайхалиевна | C55: 29925 | D55: 82 07 304843 | E55: Филология | F55: ДГУ | G55: 2004 | H55: Родной язык и литература | I55: 22 | J55: Высшая | K55: 2020 №04 053781 от 20.06.2020 | L55: ГБПОУ ДПО "ДИРО", 72 часа, "Реализация требований ФГОС основного общего образования при обучении родному языку и литературе" | M55: "Менеджмент и экономика" ЧУ ДПО "МЦПКА "Каспий", 2021 год | N55: 7 | P55: mpati81@bk.ru | Q55: 89604094327
A56: 3 | B56: Гаджиева Умият Ахмедовна | C56: 36962 | D56: 82 20 421795 | E56: Информационные системы и програмирование | F56: ГБПОУ РД ИПК | G56: 2022 | H56: Родной язык и литература | I56: 1 5 | J56: нет | P56: umyatg@mail.ru | Q56: 89285018389
B57: 6 | C57: Магомедова Масай Багандовна | F57: 17967 | G57: 8202-791865 | H57: родной яз | I57: ДГУ | J57: 5 курс | K57: учитель родного языка | L57: 31/31 | M57: соотвествие | N57: ГБОУ ДПО "Дагестанский институт развития образования" 72ч. № 04 024845 от 03.03.2018 | P57: 6 | Q57: грамота администрации Акушинского района 2019г. | S57: 89288675090
A58: 4. | B58: Багамаева Барият Хасбуллаевна | C58: 24749 | D58: 8212 249936 | E58: родной яз. и лит-ра, русский яз. и лит-ра | F58: ДГУ | G58: 1991 | H58: учитель русс.языка и лит-ры | I58: 33/33 | J58: высшая | K58: 2022 г. №04 087686 от 29.04.2022 г. 2022 г. №150000114655 от 12.05.2022 г. 2022 г., №050400010928 от 10.09.2022 г. 2022 г., №04 102478 от 03.09.2022 г. | L58: ГБУ ДПО РД "ДИРО", 36 ч., "Использование цифрового верифицированного образовательного контента в преподавании учебных предметов"; ФГАОУ ДПО "Академия реализации гос.политики и проф.развития работников обр. Министерства Просвещения РФ", 36 ч., "Реализация требований обновленных ФГОС НОО, ФГОС ООО в работе учителя"; АНО ДПО "Образовательный центр Спектр",72 ч., "Иновационные подходы к преподаванию русского языка и литературы в условиях реализации ФГОС ООО"; ГБУ ДПО РД "ДИРО"; ГБУ ДПО РД "ДИРО", 48 ч., "Школа Минпросвещения России":новые возможости для повышения качества образования. | M58: "История", УДПО "МЦПК", 2016 г. | N58: 9 | P58: bagamaeva.05@mail.ru | Q58: 8928 581-89-21
B59: Багамаева Барият Хасбуллаевна | C59: 24749 | D59: 8212 249936 | E59: родной яз. и лит-ра, русский яз. и лит-ра | F59: ДГУ | G59: 1991 | H59: учитель родного языка | I59: 33/33 | J59: высшая | K59: 2022 г. №04 087686 от 29.04.2022 г. 2022 г. №150000114655 от 12.05.2022 г. 2022 г., №04 102478 от 03.09.2022 г. | L59: ГБУ ДПО РД "ДИРО", 36 ч., "Использование цифрового верифицированного образовательного контента в преподавании учебных предметов"; ФГАОУ ДПО "Академия реализации гос.политики и проф.развития работников обр. Министерства Просвещения РФ", 36 ч., "Реализация требований обновленных ФГОС НОО, ФГОС ООО в работе учителя"; ГБУ ДПО РД "ДИРО", 48 ч., "Школа Минпросвещения России":новые возможости для повышения качества образования. | M59: "История", УДПО "МЦПК", 2016 г. | N59: 9 | P59: bagamaeva.05@mail.ru | Q59: 8928 581-89-21
A60: 28. | B60: Муртазалиева Джума Магомегаджиевна | C60: 36532 | D60: 8219 254456 | E60: род.яз и лит-ра, русский язык и литература | F60: ДГПУ | G60: 2022 | H60: учитель русс.языка и лит-ры | I60: 5/5 | J60: соответствие | P60: mdzhuma001@mail.ru | Q60: 8989 871-99-82 | R60: декр.отпуск
A61: 1 | B61: Исаева Зубалжат Идрисовна | C61: 23397 | D61: 8203-196900 | E61: Родной язык | F61: ДГУ | G61: 1986 | H61: учитель родного языка | I61: 38/38 | K61: 052415815942 от 15.07.22г | L61: ГБУ ДПО РД "ДИРО", 36ч, "Реализация требований обновленных ФГОС НОО,ФГОС ООО в работе учителя" | P61: isayeva.zubarzhat@mail.ru | Q61: 89280580125
A62: 1 | B62: Ханцуева Гидаят Магомедгаджиевна | C62: 26035 | D62: 8202-801883 | E62: Родной язык | F62: Дерб.пед. | G62: 1991 | H62: учитель родного языка | I62: 33/33 | K62: 000000092625 от 08.11.2023г | L62: АНОДПО"Платформа"г.Ижевск,144ч, "Реализация требований обновленных ФГОС СОО, ФГОС НОО в работе учителя нач.классов" | P62: gkhantsuyeva@mail.ru | Q62: 89285684305
A63: 6 | B63: Абдулкадырова Патимат Абдулгамидовна | E63: 29063 | F63: 82 02 № 657070 | G63: нач кл | H63: БПУ 1997 | J63: уч. род.яз. | K63: 24 | L63: первая | M63: 2022г. | N63: Академия "Каспий" 72ч. "Реализация ФГОС начального обшего образования" | O63: Переподготовка "Педаг образование: Родной язык и литература (даргинский язык)" | R63: gamidovna@mail.ru | S63: 89285853883
B64: Алиева Зубалжат Арсланалиевна | E64: 23438 | F64: 83 08 № 620045 | G64: нач кл | H64: ДПУ 1984 | J64: уч. родной язык | K64: 39 | Q64: 2006 Поч. раб. общ. обр. Р.Ф. | R64: zubalschat@mail.ru | S64: 89288080145
A65: 26 | B65: Багамаева Хадижат Гасбуллаевна | E65: 27423 | F65: 82 02 № 887090 | G65: родной язык | H65: РДО ДГУ 2000 | J65: уч. род. яз. | K65: 24 | L65: соответствие | P65: 6Б | R65: bagamaeva29011975@mail.ru | S65: 89285513382
A66: 35 | B66: Ганаева Разият Магомедовна | E66: 28772 | F66: 8213 № 406568 | G66: нач кл | H66: БПУ 1996 | J66: уч. родной язык | K66: 25 | L66: соответствие | M66: ПК 012592 2022г. | N66: Академия "Каспий" 72ч. "Реализация ФГОС начального обшего образования" | P66: 3Б | R66: isaeva.raziyat0910@mail.ru | S66: 89285081362
A67: 57 | B67: Магомедова Рукият Магомедовна | E67: 29573 | F67: 82 06 № 122890 | G67: нач кл | H67: ИПК 2000 | J67: уч. род. яз. | K67: 21 | L67: соответствие | M67: 342413353115 2020г. | N67: ДПО Центр непрерывного образования и инноваций Санк-Петербург 72ч. "Теория и методика преподования учебных предметов на ступени НОО в соотвестствии с ФГОС НОО" | R67: mrm18121980@mail.ru | S67: 89285552687
A68: 70 | B68: Тайгибова Хадижат Абдуллаевна | E68: 30450 | F68: 82 08 № 462 775 | G68: нач кл | H68: ФНК ДГПУ 2005 | J68: уч. родн яз. | K68: 16 | L68: соответствие | R68: taigibova@mail.ru | S68: 89614913557
A69: 71 | B69: Хизриева Гидаят Уканчиевна | E69: 28463 | F69: 82 03 №191222 | G69: русск яз | H69: ФФ ДГУ 2002 | J69: уч. родн яз. | K69: 20 | L69: первая | M69: 050400009221 2021г. | N69: НАНО ДПО ОЦ ЗНАНИЕ 72ч. "Инновационные подходы к преподованию русского языка и литературы в условиях реализации ФГОС ООО" | R69: 04gkzrg12@mail.ru | S69: 89280555178
B70: Рабаданова Раисат Курбановна | C70: 28885 | D70: 82 23 808728 | E70: Русский язык и литература, родной язык и литература | F70: ДГУ | G70: 2003 | H70: учитель родного языка и литературы | I70: 25/25 | J70: соответствие | K70: 2019, №04 050368 от 25.11.2019г. | L70: Махачкала ГБОУ ДПО "ДИРО" 72 часа "Реализация требований ФГОС основного общего образования при обучении родному языку и литературе" | M70: . | P70: raisat.rabadanova.05@mail.ru | Q70: 8963-798-70-09
A71: 6 | B71: Сулейманова К-Патимат Шахбановна | C71: 17116 | D71: 82 02 725415 | E71: Русский язык и литература, родной язык и литература | F71: ДГУ | G71: 1978 | H71: учитель родного языка и литературы | I71: 55/46 | J71: первая | K71: 2019, №7587 от 12.08.2019г | L71: МахачкалаГБУ ДПО РО "Ростовский институт повышения Квалификации" "Инновационные практики обучения русскому языку и литературе в поликультурном пространстве" 72 часа | N71: 7 | O71: Почетная грамота РФ, 2012 г. | P71: patimat.suleymanova.46@mail.ru | Q71: 8963-793-79-90
A72: 9 | B72: Яхъяева Джуйрат Сулейбангаджиевна | E72: 27.01.1985г | F72: 82 12 330450 | G72: Педагогическое образование | H72: ДГПУ | I72: 2018г. | J72: уч-ль род.яз. | K72: 3 | L72: молодой спец. | N72: Учитель технологии Академия "Каспий" город Махачкала | O72: 7 | Q72: dquli5555@gmail.ru | R72: 89289770298
B73: Абакарова Патимат Омаровна | C73: 20638 | D73: 8203-191443 | E73: учитель н/кл | F73: ИПУ | G73: 1979 | H73: учитель родных языков | I73: 43/43 | J73: первая | N73: 9 | O73: поч.раб.ОО РФ | P73: 1956abakarova1956@mail.ru | Q73: 89289610477
B74: Канниев Рустам Даудович | E74: 01.01.1974 г. | F74: 8218 141774 | G74: Филология | H74: ДГУ | I74: 2007 | J74: Учитель родного языка и литературы | K74: 23/23 | L74: Соответствие занимаемой должности | M74: ГБОУ ДПО "ДИРО", 2019, № 04 050363, 72 часа. ФГАОУДПО "Академия Минипросвещения РФ" 2022, № 150000116646, 36 часов. | Q74: rustam.kanniev@mail.ru | R74: 89282534374
B75: Магомедова Галимат Ильясовна | C75: 25993 | D75: 8203 -99048 | E75: Учитель ИЗО,родного языка и литературы. | F75: ИПУ,ДГУ | G75: 1991.2017 | H75: Учитель родного языка и литературы | I75: 28/28 | J75: Высшая | K75: 2023, 04123637 | L75: ДИРО 36ч; | N75: 10 | P75: galimat.magomedova.2022@internet.ru | Q75: 89679402369

Sheet математика
A1: № | B1: ФИО | C1: Дата рождения | D1: Серия, номер паспорта | E1: Специальность по ДИПЛОМУ (перечислить все в порядке получения) | F1: Что окончил (перечислить все в порядке получения) | G1: Год окончания (перечислить все в порядке получения) | H1: Должность работника, преподав. предмет (сколько долж-й - столько раз показать человека) | I1: Стаж педагогической/общий | J1: Квалификационная категория | K1: ПОВЫШЕНИЕ КВАЛИФИКАЦИИ: Год прохождения КПК (за последние 3 года) , номер и дата удостоверения | L1: ПОВЫШЕНИЕ КВАЛИФИКАЦИИ: учреждение, количество часов,название курса | M1: Переподготовка (специальность по диплому, наименование учреждения, год окончания, в порядке получения) | N1: Классное руководство (указать класс) | O1: Звания и награды | P1: Адрес электронной почты | Q1: Контактный номер телефона
B2: 1 | C2: 2 | D2: 3 | E2: 4 | F2: 5 | G2: 6 | H2: 7 | I2: 8 | J2: 9 | K2: 10 | L2: 11 | M2: 12 | N2: 13 | O2: 14 | P2: 15 | Q2: 16
A3: 13 | B3: Будайчиева Зухра Магомедовна | C3: 22451 | D3: 8206134389 | E3: преподаватель математики | F3: ДГУ Махачкала | G3: 1984 | H3: учитель математики , педагог библиотекарь | I3: 40 | N3: 11а | O3: почётный работник РФ | P3: budaichieva zukhra@mail.ru | Q3: 9280558522
A4: 27 | B4: Лукманова Зарема Ахмедовна | C4: 27183 | D4: 8219205281 | E4: Учитель математики и информатики | F4: ДГПУ г.Махачкала | G4: 1998г | H4: Учитель математики и информатики | I4: 29лет | J4: высшая | K4: 052414311971 28.08.2022г | L4: За реализации ФГОС" | N4: 5кл | P4: zarema.lukmanova74@mail.ru | Q4: 89288314957
A5: 29 | B5: Магомедов Гусейн Абдуллаевич | C5: 21386 | D5: 8203588249 | E5: Учитель математики | F5: ДГУ г.Махачкала | G5: 1981 г | H5: Учитель математики, учитель ОБЗР | I5: 41 год | J5: первая | P5: mitzkacf@supere.ml | Q5: 9285236897
A6: 8 | B6: Ахмедова Шарипат Касумовна | C6: 25830 | D6: 8202-813155 | E6: учитель математики | F6: ДГУ | G6: 1995 | H6: учитель математики | I6: 29/29 | J6: первая | K6: 2021г. №040000396466; 25.09.202132г.№ 000000079767; 25.09.2023г. № 292103 | L6: Москва "Академия реализации государственной политикии профессионального развития работников образования Министерства РФ " 100 ч. "Школа современного учителя математики"; г.Ижевск 144ч. "Совершенствование процесса преподавания математики в условиях реализации ФГОС третьего поколения" " Совершенствование процесса преподавания математики в условиях реализации фгос третьего порколения" | N6: 10б | P6: sharipatahmedova@gmail.com | Q6: 89285208820
A7: 9 | B7: Алиева Калимат Мусагаджиевна | C7: 20011 | D7: 8201-572566 | E7: учитель математика и физики | F7: ДГПИ | G7: 1976 | H7: учитель математики | I7: 48/48 | J7: соответствие | K7: 2022г.№1500001114027; 09.10.2023г. №302714; | L7: Москва "Академия реализации государственной политикии профессионального развития работников образования Министерства РФ 36ч. Реализация требований обновленных ФГОС НОО в работе учителя"г.Ижевск 144ч. " Методика и технология преподавания математики в условиях реализации обновлееных ФГОГС". | N7: 6а | O7: Почетная грамота от 23.10. 2020г. | P7: alieva_kalimat54@mail.ru | Q7: 89285400750
B8: Магомедов Курбанмагомед Магомедович | C8: 23757 | D8: 8210-957218 | E8: учитель физики и математики | F8: ДГПИ | G8: 1992 | H8: учитель математики | I8: 32/32 | J8: высшая | P8: 89288005107@mail.ru | Q8: 89034770296
A9: 19 | B9: Муртазалиева Зубалжат Гасангаджиевна | C9: 26201 | D9: 8202-759672 | E9: математика инфор . и выч.тех | F9: ДГУ | G9: 1993 | H9: учитель математики | I9: 35/35 | J9: высшая | K9: 2020г.№04066740 от 12.12.; 2022г.№052415815979 от 15.06. | L9: ГБУ ДПО РД "ДИРО" 72ч. "Организация деятельности методистов и педагогов дополнительного образования в условиях реализации ФГОС" ГБУ ДПО РД "ДИРО" 36ч. "Реализация требований обновленных ФГОС НОО,ФГОС ООО в работе учителя" | N9: 7а | P9: zubalzhat.murtazalieva@mail.ru | Q9: 89298799002
A10: 6 | B10: Мусаева Патимат Магомедсаидовна | C10: 21149 | D10: 82 03-173862 | E10: Учитель физики и математики | F10: ДГПИ | G10: 1983 | H10: учитель математики | I10: 39/39 | J10: высшая | P10: patimat.musaeva2018@yandex.ru | Q10: 89285103753
A11: 14 | B11: Абдуллабекова Шахризат Абдуллгаджиевна | C11: 32968 | D11: 82 09-833252 | E11: Учитель математики | F11: ДГПУ | G11: 2012 | H11: учитель математики | I11: 13/13 | J11: соответствие | K11: 052406992598,02.03.2018 | L11: УДПО "МЦПК", г. Махачкала | N11: 11 класс | P11: schahriz.abdullabeckova2018@yandex.ru | Q11: 89285336322
A12: 33 | B12: Мусаева Марьям Гасбуллаевна | C12: 26332 | D12: 82 16-897774 | E12: Учитель математики | F12: ДГПИ | G12: 1995 | H12: учитель математики | I12: 29/29 | J12: соответствие | K12: 2022,00003910,23.12.2021 | L12: АНОДПО "НИКО" г.Москва | N12: 8 класс | P12: ibr.mariam2017@yandex.ru | Q12: 89289505120
A13: 14 | B13: Магомедгаджиев Гусейн Ахмедович | C13: 33017 | D13: 82 10 880147 | E13: Информатика с дополнительной специальностью иностранный язык | F13: ДГПУ | G13: 2013 | H13: учитель математики | I13: 11./14 | J13: соответствие | K13: 2021г., №052414953882 2021г., №052415817643 | L13: ГБУ РД ЦНППМПР 16 часов, "Использование современных информационно-коммуникационных технологий в образовательном процессе", ГБУ РД ЦНППМПР 185 часов, "Совершенствование профессиональных компетенций учителей математики" | N13: 8 | P13: guseyn2405@mail.ru | Q13: 89674023366
A14: 27 | B14: Шарипов Курбангаджи Гаджиевич | C14: 25969 | D14: 82 15 739886 | E14: Педагогическое образование с двумя профилями подготовки | F14: ДГПУ | G14: 2022 | H14: учитель математики | I14: 12./11 | J14: соответствие | K14: 2022 №150000120169 | L14: ФГАОУ ДПО АРГППРРО РФ,36 часов, "Реализация требований обновленных ФГОС НОО, ФГОС ООО в работе учителя" | N14: 9 | P14: gadji00552@gmail.com | Q14: 89288727715
A16: 3 | B16: Омаев Шамиль Шаммадаевич | C16: 18233 | D16: 82 02 636844 | E16: учитель математики | F16: ДГПИ | G16: 1973 | H16: препод.организатор ОБЖ | I16: 56/56 | J16: вторая | N16: 10 | O16: Отличник образования РД, 2023 | P16: asiyat.ahmedova.83@mail.ru | Q16: 89640043494
B17: Омаев Шамиль Шаммадаевич | C17: 18233 | D17: 82 02 636844 | E17: учитель математики | F17: ДГПИ | G17: 1973 | H17: учитель математики | I17: 56/56 | J17: вторая | N17: 10 | O17: Отличник образования РД, 2023 | P17: asiyat.ahmedova.83@mail.ru | Q17: 89640043494
B18: Магомедова Патимат Шамиловна | C18: 35488 | D18: 8216897720 | E18: Математика | F18: ДГУ | G18: 2019 | H18: Преподаватель математики/геометрии | I18: 6/6 | N18: 7А, 7Б | P18: patyashamilovna@icloud.com | Q18: 89288320917
A19: 10 | B19: Магомедова Марзият Избуллаевна | C19: 28608 | D19: 8209687097 | E19: Преподаватель математики | F19: ДГУ | G19: 1996 | H19: Преподаватель математики/геометрии | I19: 25/25 | J19: Высшая | K19: 2022г, №450198 | L19: ГБУ ДПО РД ДИРО, 36ч, "Реализация требований обновленных ФГОС НОО, ФГОС ООО в работе учителя" | N19: 5А | P19: marziuat1978@gmail.com | Q19: 89289759211
A21: 29 | B21: Ахмедова Джавгар Магомедсаидовна | C21: 33494 | D21: 8211077527 | E21: Математик | F21: ДГУ | G21: 2015 | H21: Учитель математики | I21: 12 | J21: соответствие | K21: 2022 г. № | L21: ГБУ ДПО РД "ДИРО","Реализация требований обновленных ФГОС НОО и ФГОС ООО в работе учителя", 72 часа | P21: dzhavgar.akhmedova@bk.ru | Q21: 8938-205-95-54
A22: 4 | B22: Абдуллаева Муъминат Гасановна | E22: 24198 | F22: 8211-153520 | G22: математика, информатика | H22: ДГУ | I22: 1989 | J22: учитель математики | K22: 35/35 | L22: первая | M22: 2022,№052415815767,15.06.2022 | N22: Махачкала,ДИРО | O22: 7 | R22: 89634016710
A23: 14 | B23: Джабаева Раисат Магомедзагидовна | E23: 26104 | F23: 8212-267359математика | H23: ДГУ | I23: 1994 | J23: учитель математики | K23: 30/30 | L23: соответствие | M23: 2022,№052415815846,15.06.2022 | N23: Махачкала,ДИРО | O23: 10 | R23: 89064809760
B24: Магомедов Сулайбангаджи Чупанович | E24: 20615 | F24: 8203-632921 | G24: физика | H24: ДГУ | I24: 1979 | J24: учитель математики | K24: 45/45 | L24: высшая | M24: 2020,№050400005220,26.12.2020 | N24: Махачкала,ОЦ Знание | P24: Почетный работник образования РФ | Q24: sulaybangadzhi. | R24: 89064479691
B25: Гаджиева Шахризат Магомедовна | C25: 29045 | D25: 8207436556 | E25: учитель математики по специальности "математика" | G25: 2003 | H25: математик | I25: 24 | J25: высшая | K25: 4126608 от 21.12.2023 | L25: ГБУ ДПО РД "ДИРО" реализация требований ФГОС ООО, ФГОС ООО в работе учителя" ( математика) 36ч. | N25: 11 | P25: usisha_79@mail.ru | Q25: 89280626120
B26: Магомедов Аминулла Магомедович | C26: 28543 | D26: 8203-212072 | E26: Математика и информатика, Менеджмент и экономика | F26: ДГУ, УДПО МЦПК | G26: 2002, 2018 | H26: Учитель математики и информатики | I26: 22 | K26: 2020 №ПИОН-00862, 12.02.2020 | L26: Махачкала, ОАНО ДПО "СКАЕНГ" | P26: gerch78@mail.ru | Q26: 89385559050
A27: 11 | B27: Курбанова Байгинат Сулеймангаджиевна | C27: 28014 | D27: 8202-636732 | E27: Математика | F27: ДГПУ | G27: 1999 | H27: Учитель математики | I27: 24 | K27: 2015 №04013144, 03.10.2015 | L27: Махачкала, ДИРО | N27: 6 | P27: kurbanova.bajginat@bk.ru | Q27: 89285559281
A28: 12 | B28: Киримова Патимат Абдулкадировна | C28: 27846 | D28: 8203-669856 | E28: Математика | F28: ДГУ | G28: 2004 | H28: Учитель математики | I28: 28 | K28: 2020, №040000210582, 30.11.2020 | L28: Махачкала, ГБОУ ДПО "Дагестанский институт развития образования" | P28: patimat.kirimova@bk.ru | Q28: 89640100196
A29: 5 | B29: Султанов Раджаб Магомедович | C29: 25114 | D29: 8213406471 | E29: Учитель физики и математики | F29: ДГУ | G29: 1990 | H29: Учитель математики | I29: 33\33 | K29: 2022,№ 052415816028,15.06.2022г. | L29: Реализация требований обновленных ФГОС НОО,ФГОС ООО в работе учителя 36ч. | P29: sultanovradjab085@gmail.com | Q29: 89285132188
A30: 13 | B30: Исмаилов Курбан Камилович | C30: 38013 | D30: 8223776537 | H30: Учитель математики | P30: boss.curban@yandex.ru | Q30: 89280631355
A31: 16 | B31: Исаев Магомедрасул Магомедгаджиевич | E31: 23452 | F31: 8209/778352 | G31: Уч. математики и физики | H31: ДГПУ | I31: 1986 | J31: Уч. математики | K31: 16 | M31: 30.11.2020 №040000209937 | N31: Уч.будушего | P31: 10 | R31: isayev-magomedrasul@mail/ru | S31: 89094846084
A32: 4 | B32: Мусаев Кадибагама Рабаданович | E32: 25.07.1959г | F32: 82 03 880940 | G32: инженер -строитель | H32: ДГПТИ | I32: 1985 | J32: учитель, математика | K32: 28 | L32: соответствие | M32: 2017г, 0307589 с 03.10.2017г по 16.12.2017г, ООО УЦ "Эксперт" с24.10.2023 по 17.11.2023 № 183103770866 | Q32: kadibagama@list.ru | R32: 89286813914
A33: 9 | B33: Курбанова Патимат Гаджиевна | E33: 15.07.1968г | F33: 82 13 381050 | G33: учитель математики, | H33: ООО "АКАДЕМИЯ ГОССАТТЕСТАЦИИ",г. Ижевск | I33: 2019 | J33: учитель,математики | K33: 27 | L33: 1 | M33: 2017г,ПК №0307585,с 03.10.2017 по 16.12.2017г ООО УЦ "Эксперт" с24.10.2023 по 17.11.2023 № 183103770864 | P33: Почетная грамота | Q33: patimat.kurbanova 68@mail.ru | R33: 89285258609
A34: 4 | B34: Мусаев Кадибагама Рабаданович | E34: 25.07.1959г | F34: 82 03 880940 | G34: инженер -строитель | H34: ДГПТИ | I34: 1985 | J34: учитель, математика | K34: 28 | L34: соответствие | M34: 2017г, 0307589 с 03.10.2017г по 16.12.2017г, ООО УЦ "Эксперт" с24.10.2023 по 17.11.2023 № 183103770866 | Q34: kadibagama@list.ru | R34: 89286813914
A35: 6 | B35: Магомедсаидов Магомед Кайнурович | C35: 23859 | D35: 8201905208 | E35: уч информатики | F35: КСИ | G35: 2013 | H35: уч математики | I35: 33/33 | J35: первая | M35: АНО ВО "МИСАО",2016г.уч математики | P35: msmkkavkasohs@mail.ru | Q35: 89288368483
A36: 15 | B36: Разакова Сабина Гусейхановна | C36: 34711 | D36: 8214603783 | E36: уч нач классов | F36: РПК | G36: 2014 | H36: уч математики | I36: 10 | J36: первая | M36: УДПО "МЦПК2017г,учитель математики | P36: rsabinag@mail.ru | Q36: 89280458884
B37: Магомедов Рамазан Мухтарович | C37: 28004 | D37: 8221480467 | E37: технолог,менеджмент,математик | F37: ДГПУ, ООО УЦ "Профессионал" | G37: 1999.2016 | H37: учитель математики | I37: 24/24 | J37: соответствие | K37: 2021,№190719 0009763 04.04.2021 | L37: АНО ДПО "ЕЦПК" "Содержание и методика преподавания математики в соответствии с требованиями ФГОС" | M37: ООО УЦ "Профессионал" учитель математики 2016г | N37: нет | O37: нет | P37: ramagom7676@mail.ru | Q37: 88640088911
B38: Абубакаров Дауд Шарапутинович | C38: 32372 | D38: 04 14 688510 | E38: право. физика | F38: ТГПУ, ООО УЦ "Профессионал" | G38: 2011.2018 | H38: учитель математики | I38: 1из 7 | J38: соответствие | K38: №190719 0020411 31.05.2022г | L38: АНО ДПО "ЕЦПК"108 ч "Содержание и методика преподавания физики в соответствии с требованиями ФГОС" | M38: учитель физики,ООО "Инфоурок",2018 | N38: нет | O38: нет | P38: abubakarov_2024@mail.ru | Q38: 89698056360
B39: Тагирова Гулизар Султановна | C39: 35923 | D39: 8218038018 | E39: учитель начальных классов | F39: ГБПОУ РД"ППК им М.М.Меджидова" | G39: 2018 | H39: учитель математики | I39: 1из4 | J39: соответствие | K39: нет | L39: нет | M39: нет | N39: 5 | O39: нет | P39: guliza_2023@mail.ru | Q39: 89312120520
B40: Исаева Гулаймат Гаджиевна | C40: 28872 | D40: 8223808513 | E40: биолог,химик,математик | F40: ДГУ,ООО УЦ "Профессионал" | G40: 2002.2017 | H40: учитель математики | I40: 23из23 | J40: соответствие | K40: №190719 0020413 05.05.2021г | L40: АНО ДПО "ЕЦПК" 108 ч "Содержание и методика преподавания биологии в соответствии с требованиями ФГОС" | M40: учитель математики ООО УЦ "Профессионал" | N40: 7 | O40: нет | P40: igg05@mail.ru | Q40: 89604080400
A41: 11 | B41: Магомедгаджиев Гусейн Ахмедович | C41: 33017 | D41: 8210880147 | E41: Информатика,английский язык. | F41: ДГПУ | G41: 2013 | H41: учитель математики | I41: 11из11 | J41: соответствие | K41: №190719 0020410 31.05.2021г | L41: АНО ДПО "ЕЦПК" 108 ч "Содержание и методика преподавания иностранного языка в соответствии с требованиями ФГОС" | M41: нет | N41: 6 | O41: нет | P41: Guseyn2405@mail.ru | Q41: 89633717318
A42: 4 | B42: Даудгаджиева Калимат Магомедзагтровна | E42: 15936 | F42: 8203/188983 | G42: математик | H42: ДГПИ | I42: 1966 | J42: учитель. математика | K42: 58/58 | L42: первая | M42: ГБОУ ДПО "Даг. Инстит. Разв. Образ."2017;№299, 108ч/ФГАОУ ДПО "АРГП и ПРРО МПРФ", 2022г, № у-105610/б,36ч. | O42: 6 | P42: "Поч.раб.сферы образ.РФ" | Q42: kalimat.d1943@mail.ru | R42: 89285064254
A43: 2 | B43: Меджидова Патимат Гусеновна | C43: 28756 | D43: 8203 573333 | E43: Высшее | F43: ДГПУ | G43: 2003 | H43: учитель математики | I43: 21/21 | J43: соответствие | L43: Не проходила | N43: 7кл | P43: Patimat.medzhidova.1978@mail.ru | Q43: 89289615893
A44: 5 | B44: Исмаилов Магомед Ризванович | C44: 35338 | D44: 8216 842994 | E44: 44.03.05 Педагогическое образование (с двумя профилями подготовки) (Физика и Математика) | F44: ДГПУ | G44: 2018 | H44: Учитель математики Учитель алгебры Учитель геометрии Учитель физики Учитель вероятности и статистики | I44: 9/9 | J44: - | K44: 2022, № 450135, 15.06.2022 | L44: ГБУ ДПО РД "ДИРО", 36 ч., Реализация требований обновлённых ФГОС НОО, ФГОС ООО в работе учителя | M44: - | N44: 6 | O44: - | P44: unehena@gmail.com | Q44: 89195652239
A45: 2 | B45: Багандов Магомед Исаевич | C45: 17326 | D45: 8202736391 | E45: учитель математики | F45: ДГУ | G45: 1973 | H45: учитель математики | I45: 47 | J45: первая | K45: 2009. с 16.02.2009 по 27.02.2009 | M45: ДИПКПК | O45: отличник народного образования Дагестана | P45: magomedisaevich@mail.ru | Q45: 89285607161
A46: 4 | B46: Магомедов Шамиль Камилович | C46: 27255 | D46: 82 00 264463 | E46: учитель физической культуры | F46: ДГПУ | G46: 2021 | H46: учитель математики | I46: 6/28 | J46: соответствие | K46: 015. №3396 с 22.06.2015 по 11.07.2015 | L46: Реализация требований обновленных ФГОС НОО,ФГОС ООО в работе учителя 36 часов. | P46: shamil-usisha@mail.ru | Q46: 89637975159
A47: 4 | B47: Суменова Муминат Курбановна | C47: 24735 | D47: 8212-249997 | E47: математика | F47: ДГУ | G47: 1991 | H47: учитель математики | I47: 33 | J47: Высшая | K47: 2023, № 18858-2023-У-КУ УМУ, 16.11.2023 | L47: РАНХ и ГС при Президенте РФ, 24 ч. | M47: Менеджмент в образовании, АНО ДПО "Единый центр подготовки кадров", 2017 | O47: Почетная грамота лучших учителей РФ г.Москва 2006г. , Почетная грамота РФ 2021 г. | P47: muminat1967@mail.ru | Q47: 89285737118
A48: 22 | B48: Бахмудова Умукусум Халаатаевна | C48: 20939 | D48: 8208-619670 | E48: математика и физика | F48: ДГПИ | G48: 1979 | H48: учитель математики | I48: 45 | K48: 2022, № 150000114793, 2022 | L48: ФГАОУ ДПО "Академия Минпросвещения РФ", 36 ч. | O48: Почетная грамота РД, 2021г., | P48: bakhmudova57@mail.ru | Q48: 89618327739
A49: 45 | B49: Шахбанова Зарема Курбановна | C49: 30042 | D49: 8207-416177 | E49: математика | F49: ДГУ | G49: 2005 | H49: учитель математики | I49: 18 | K49: 2023, № 04 119559, 24.07.2023 | L49: ГБУ ДПО РД "ДИРО", 36 ч. | P49: zarema0331@mail.ru | Q49: 89285273160
A50: 1 | B50: Магомедова Раисат Багамаевна | C50: 28637 | D50: 8222 704804 | E50: учитель математики | F50: ДГПУ | G50: 2004 | H50: директор | I50: 21/21 | M50: Менеджмент в образовании, АНО ДПО Учебный центр "Промстройгаз", 2023 | O50: Почетная грамота Министерства Просвещения РФ | P50: Magomedovaraisat1978@gmail.com | Q50: 89285547682
B51: Магомедова Раисат Багамаевна | C51: 28637 | D51: 8222 704804 | E51: учитель математики | F51: ДГПУ | G51: 2004 | H51: учитель математики | I51: 21/21 | K51: 2022, № у-107184/б | L51: ФГАОУ ДПО "Академия реализации гос. Политики и проф. Развития работников образования Минпрос. РФ", 36 ч., "Реализация требований обновленных ФГОС НОО, ФГОС ООО в работе учителя" | O51: Почетная грамота Министерства Просвещения РФ | P51: Magomedovaraisat1978@gmail.com | Q51: 89285547682
A52: 18 | B52: Кадарбагамаева Зубайдат Курбановна | C52: 21772 | D52: 8205944480 | E52: учитель математики и физики | F52: ДГПИ | G52: 1983 | H52: учитель начальных классов | I52: 40/40 | J52: высшая | K52: 2023, №485418, 27.07.2023 | L52: ДИРО, 36ч., "Реализация требований обновленных ФГОС НОО, ФГОС ООО в работе учителя" | N52: 3 | O52: «Отличник народного просвещения» | P52: Ptenchik170@gmail.com | Q52: 89675824344
A53: 20 | B53: Курбанов Курбан Алиевич | C53: 28481 | D53: 8222664251 | E53: учитель математики и информатики | F53: ДГПУ | G53: 1999 | H53: учитель физики | I53: 29/29 | K53: 2024, №494967, 17.04.2024 | L53: ДИРО, 72ч., "Совершенствование предметных компетенций учителя физики по подготовке выпускников к ГИА" | P53: Sto.kurban1977333@mail.ru | Q53: 89285171417
A54: 25 | B54: Мусаатаева Хадижат Мусаатаевна | C54: 34209 | D54: 8213381583 | E54: учитель математики | F54: ДГУ | G54: 2015 | H54: учитель математики | I54: 8/8 | K54: 2023, №486881, 10.08.2023 | L54: ДИРО, 36 ч., "Реализация требований обновленных ФГОС СОО, ФГОС ООО в работе учителя" | P54: hadighka@mail.ru | Q54: 89285392588
A55: 3 | B55: Курбанова Патимат Магомедовна | C55: 04.11.1961 | D55: 8211029898 | E55: учитель математики и физики | F55: ДГПИ | G55: 1985 | H55: учитель физики и математики | I55: 39/39 | J55: нет | K55: 2022,№450162; 15.07.2022 | L55: реализация требований обновленных ФГОС НОО,ФГОС ООО в работе учителя 36 | M55: нет | N55: нет | O55: нет | P55: patimatK203@gmail.com | Q55: 89285894597
B56: Магомедов Ражабали Куруглиевич | C56: 22316 | D56: 8206059597 | E56: Математика. | F56: ДГУ г.Махачкала | G56: 1984 | H56: Учитель математики | I56: 37/37 | J56: первая | K56: 2022 | L56: АНО ДПО "НИКО" Методы повышения результативности обучающихся на ГИА. Математика, 72 ч. | P56: ss-razabali@yandex.ru | Q56: 89633752904
A57: 7 | B57: Ахмедова Аминат Ибрагимовна | C57: 22664 | D57: 8207305018 | E57: математика | F57: ДГУ г.Махачкала | G57: 1984 | H57: Учитель математики | I57: 39/39 | J57: соответствие | K57: 2022 | L57: АНО ДПО "НИКО" Методы повышения результативности обучающихся на ГИА. Математика, 72 ч. | N57: 10 | P57: ss-aminat@mail.ru | Q57: 89034242196
A58: 1 | B58: Магомедов Магомедамин Магомедович | C58: 19620 | D58: 8201-404195 | E58: математика | F58: ДГУ | G58: 1976 | H58: учитель математики | I58: 48/48 | J58: высшая | K58: 25.10.2022 пк 014523 | L58: МЦПК "Академия Каспий", | O58: почетный работник общего образования РФ | P58: magomedamin53@mail.ru | Q58: 89064495123.
B59: Магомедова Зайнаб Магомедовна | C59: 01,04,1956 | D59: 8203-213288 | E59: математика | F59: МИДЛ ИСТ | G59: 2017 | H59: учитель математики | I59: 44/44 | K59: 15.06.2022 052415815933 | L59: ДИРО, 36 ч. | M59: математика, МИДЛ ИСТ,2017
B60: Даудов Тагир Гаджимагомедович | C60: 29799 | D60: 8203-586127 | E60: математика | F60: МИДЛ ИСТ | G60: 2017 | H60: учитель математики | I60: 20/20 | K60: 16.12.2023 050400018129 | L60: АНО ДПО ОЦ СПЕКТР, 72 ч. | M60: математика, МИДЛ ИСТ,2017
A61: 2 | B61: Рабаданов Рамазан Газимагомедович | C61: 29793 | D61: 8203-752777 | E61: Учитель математики и физики | F61: ДГПУ | G61: 2004 | H61: учитель математики | I61: 12. | J61: высшая | K61: 2023, № 04 123102; 17.11.2023 | L61: ГБУ ДПО РД "ДИРО", 72 ч., ФГОС нового поколения | P61: rrg2607@mail.ru | Q61: 89064503336
B62: Мажидов Абдулмажид Избуллаевич | C62: 20919 | D62: 8202-725442 | E62: учитель математики и физики | F62: ДГПИ | G62: 1980 | H62: учитель математики | I62: 44 | J62: 1 | K62: №052415815966 | L62: ДИРО «Реализация требований обновленных ФГОС НОО, ФГОС ООО в работе учителя». | N62: 7 | O62: Отл. нар. обр. РФ 10.12.1998г. | P62: abdulmazhid57@bk.ru | Q62: 89637916687
B63: Рабаданов Газимагомед Магомедович | C63: 19845 | D63: 8203-212089 | E63: учитель математики | F63: ДГПИ | G63: 1976 | H63: учитель математики | I63: 48 | J63: 1 | K63: №04094918 от 04.08.22г по 18.08.22г. | L63: ДИРО «Реализация требований обновленных ФГОС СОО, ФГОС ООО в работе учителя». | N63: 5 | P63: rabadanov.54@bk.ru | Q63: 89382021640
B64: Рабаданов Шамиль Газимагомедович | C64: 32822 | D64: 8209-759065 | E64: учитель математики | F64: ДГУ | G64: 2013 | H64: учитель математики | I64: 11 | J64: соответствие | K64: с 08.04.22Г по 29.04.22г.ПК 012067 | L64: МЦПК «Академия Каспий» | N64: 5 | P64: Rabadanov1989@bk.ru | Q64: 89286751801
A65: 11 | B65: Омарова Шарипат Рамазановна | C65: 25805 | D65: 8202759692 | E65: нач. кл | F65: ДГПИ | G65: 1994 | H65: начальный класс | I65: 36/36 | J65: соответствие | K65: 2022 №052415816000 от 15.06.2022г | L65: ГБУ ДПО РД "ДИРО" Реализация требований обновлённых ФГОС НОО,ФГОС ООО в работе учителя | M65: Учитель английского языкаи представляет право на ведение проф. деятельности "Теория и методика преподавания английского языка"ФГОС"АНОДПП"Пятигорский институт повышения квалификации",2023г | N65: 11 | P65: sharipat.omarova.70@mail.ru | Q65: 8928-872-86-56
A66: 14 | B66: Курбанова Айшат Магомедовна | C66: 28246 | D66: 82 03 098079 | E66: нач. кл. | F66: БПК | G66: 2001 | H66: начальный класс | I66: 23/23 | J66: соответствие | N66: 5 | P66: ayshat.kurbanova.1978@mail.ru | Q66: 8928-062-66-85
A67: 17 | B67: Магомедова Бурлият Магомедовна | C67: 27395 | D67: 8203402102 | E67: нач.кл. | F67: ДГПИ | G67: 1998 | H67: начальный класс | I67: 30/30 | J67: первая | P67: burliyat.magomedova.75@mail.ru | Q67: 8928-676-73-97
A68: 18 | B68: Магомедов Амир Садыкович | C68: 26908 | D68: 82 18 122019 | E68: нач. кл. | F68: БПУ | G68: 1992 | H68: начальный класс | I68: 32/32 | J68: соответствие | P68: amirmagomedov 73@mail.ru | Q68: 8928-060-31-01
A69: 19 | B69: Магомедова Марьям Мусаевна | C69: 29252 | D69: 82 16 089188 | E69: нач. кл. | F69: РГПУ | G69: 2006 | H69: начальный класс | I69: 19/19 | J69: соответствие | K69: 2022 №052415815939 от 15.06.2022г | L69: ГБУ ДПО РД "ДИРО" Реализация требований обновлённых ФГОС НОО,ФГОС ООО в работе учителя | P69: mariam.magomedova80@mail.ru | Q69: 8928-064-66-53
A70: 20 | B70: Татарова Айшат Исаковна | C70: 30749 | D70: 8208568695 | E70: русский яз и лит. | F70: ДГПУ | G70: 2006 | H70: начальный класс | I70: 19/19 | J70: соответствие | P70: manapovaa80@gmail.com | Q70: 8928-872-79-52
B71: Курбанов Нариман Омарович | C71: 25798 | D71: 82 15 689700 | E71: математика | F71: ДГПИ | G71: 1992 | H71: математика | I71: 32/32 | J71: высшая | K71: 2019,№04 042974 | L71: ГБДО ДПО ДИРО,72 ч."Повышение профессиональной компетентности учителей математики по материалам ЕГЭ" | O71: Почетный работник обр-я и просв-я РФ,2021 | P71: narik1970@mail.ru | Q71: 8928-051-87-89
B72: Рабаданов Умалат Магомедович | C72: 19147 | D72: 8202684019 | E72: математика | F72: ДГПИ | G72: 1981 | H72: математика | I72: 53/53 | J72: соответствие | K72: 2021,№04 075467 от 29.05.2021 | L72: ГБДО ДПО ДИРО,72 ч."Совершенствование методических компетенций учителя математики для достижения качества образования" | O72: Почетный работник обр-я и просв-я РФ,2024 | P72: Rabadanov_52@mail.ru | Q72: 8928-559-41-37
A73: 9 | B73: Рабаданов Омар Гаммиевич | C73: 29469 | D73: 8202792830 | E73: математика | F73: ДГПИ | G73: 2002 | H73: математика | I73: 21/21 | J73: первая | K73: 2020г,№040000192930 от 30.11.2020 г | L73: ГБДО ДПО ДИРО,108 ч"Совершенствование предметных и методологических компетенций педагогических работников в рамках реализации фед.проекта "учитель будущего"" | P73: omar.rabadanov.80@mail.ru | Q73: 8938-789-79-08
B74: Алиев Магомед Алиевич | C74: 22512 | D74: 8206-185083 | E74: математик | F74: ДГУ | G74: 1986 | H74: физика | I74: 38/38 | K74: 13.01.2022№ 1200310035 | L74: НИКО " Математика. Эффективные методы повышения результативности обучающихся на ГИА" 72ч. | P74: a.maga557@ mail.ru | Q74: 89285072799
B75: Абубакарова Хадижат Джамалудиновна | C75: 21473 | D75: 8203-733426 | E75: математик | F75: ДГПИ | G75: 1981 | H75: учитель математики | I75: 40/40 | J75: первая | K75: 00004045, 13.01.2022 | L75: НИКО 36ч. "Математика . Эффективные методы повышения качества педагогической работы в школах для достижения высокого профессионального мастерства" | N75: 6а | P75: abubakarova101558@mail.ru | Q75: 89034280518
B76: Алиев Магомед Алиевич | C76: 22512 | D76: 8206-185083 | E76: математик | F76: ДГУ | G76: 1986 | H76: учитель математики | I76: 38/38 | K76: 13.01.2022№ 1200310035 | L76: НИКО " Математика. Эффективные методы повышения результативности обучающихся на ГИА" 72ч. | P76: a.maga557@ mail.ru | Q76: 89285072799
B77: Гаджиева Шахризат магомедовна | C77: 29045 | D77: 8207-436556 | E77: математик | F77: ДГУ | G77: 2003 | H77: учитель математики | I77: 19/19 | K77: 2021г. № 315 42 | L77: Академия РГПР "Совершенствование предметных и метод.компетенций пед. Работников."112ч. | P77: gadzievasahrizat@gmail.com | Q77: 89280626120
B78: Кадиева Заира Курбановна | C78: 32773 | D78: 8209-759093 | E78: математик | F78: ДГПИ | G78: 2012 | H78: учитель математики | I78: 15/15 | K78: 13.01.2022г №1200310170 15.06.2022г №052415815881 | L78: НИКО 36ч."Математика. Методы повышения результативности обучающихся на ГИА" ДИРО "Реализация требований обновленных ФГОС НОО,ООО в работе учителя" | N78: 11 | P78: kadievazaira198905@mail.ru | Q78: 89285947633
B79: Раджабова Заира К-нмагомедовна | C79: 33706 | D79: 8211-153451 | E79: математик | F79: ДГПУ | G79: 2015 | H79: учитель математики | I79: 7\7 | P79: radzabovazaira1992@gmail.com | Q79: 89682713963
A80: 1 | B80: Ахмедов Курбан Кадиевич | C80: 18317 | D80: 8202-886883 | E80: химик | F80: ДГУ | G80: 1973 | H80: математика | I80: 51/51 | L80: НИКО Математика. "Методы повышения результативности обучающихся на ГИА" 72ч. | O80: зурд2013гПРОО РФ2015,поч.гр.29.03.85 | P80: kurban.akhmedov.50@mail.ru | Q80: 89285897818
B81: Кадиев Рамазан Зайнулабидович | C81: 18305 | D81: 82 19№254417 | E81: Математика, физика | F81: ДГПИ | G81: 1973 | H81: преподовтель матемтики | I81: 51 | J81: первая | K81: 2022№0524410748102 | L81: ГБОУ ДПО ДИПКПР 72ч | O81: Заслуженный учитель РД, Почетный работник общего образования РФ.Почетная грамота министерства просвещения СССР.Отличник образования РФ и РД | P81: krz600@mail.ru | Q81: 8 909 481 55 07
B82: Саламов Салам Ашурлаевич | C82: 15.09.79г. | D82: 82-03 157242 | E82: математик | F82: ДГУ | G82: 2002 | H82: химия | I82: 20 | J82: нет | P82: salam25@yandex.ru | Q82: 89640226920
A83: 2 | B83: Никаев Магомедзагир Магомедович | C83: 19683 | D83: 82-00 264061 | E83: математик | F83: ДГПУ | G83: 1984 | H83: математика | I83: 49 | J83: выс | K83: 2022 № 612406769310 | O83: заслуженный учитель РД | P83: nikaev53@mail.ru | Q83: 89064471172
B84: Гаджиева Патимат Магомедовна | C84: 01.01.68г | D84: 82-12 280984 | E84: математик | F84: ДГПУ | G84: 1990 | H84: математика | I84: 28 | J84: нет | K84: 2020г. 04051643 108ч." | N84: 7 | P84: gadjieva68@yandex.ru | Q84: 89604145019
B85: Никаев Рамазан Магомедзагирович | C85: 08.07.82г. | D85: 82-03 732377 | E85: математик | F85: ДГПУ | G85: 2004 | H85: математика | I85: 19 | J85: нет | K85: 2020г №040000232508. | L85: Академия реализаци гос.политики 112ч.Совершенствование п редметных и методических компетенций педагогических работников | N85: 9 | P85: nikaev.1982@mail.ru | Q85: 89094832947
A86: 10 | B86: Гаджимагомедов Магомед Ризванович | C86: 21573 | D86: 82 06 203501 | E86: Математика, физика | F86: ДГУ | G86: 1982 | H86: Математика | I86: 39 | J86: первая | K86: 2022 №1200300104 от 13.01.2022 | L86: АНО ДПО "НИКО", 36 часов, "Математика. Методы повышения результативности обучающихся на государственной итоговой аттестации" | N86: 6 | P86: gadjimagomedovm@yandex.ru | Q86: 89634139392
A87: 12 | B87: Гаджиева Патимат Ибрагимовна | C87: 22818 | D87: 82 07 305083 | E87: Французский язык и литератрура, переводчик | F87: ДГУ | G87: 1985 | H87: Математика | I87: 38 | J87: Высшая | P87: dibpatimat@mail.ru | Q87: 89634014618
A88: 13 | B88: Ибрагимов Габибулла Мирзамагомедович | C88: 20519 | D88: 82 03 608565 | E88: Математика, физика | F88: ДГПИ | G88: 1979 | H88: Математика | I88: 31/36 | J88: нет | K88: 2022 №1200300153 от 13.01.2022 | L88: АНО ДПО "НИКО", 36 часов, "Математика. Методы повышения результативности обучающихся на государственной итоговой аттестации" | N88: 9 | P88: gabibulla-1956@mail.ru | Q88: 89288726867
A89: 2 | B89: Ибрагимов Заур Нухкадиевич | C89: 32067 | D89: 8207-391865 | E89: физика, менеджмент | F89: ДГУ | G89: 2009.2016 | H89: учитель математики | I89: 15/15 | J89: соотвествие | K89: Академия реализации государственной политики МИНПРОСВЕТ 112ч. №040000209615 от 30.11.2020 | L89: Менеджмент орагнизации МЦПК №235 от 26.06.2015; ГАОУПОДПО ДПП №00005117 от 10.03.2021 | N89: Почетная грамота Министрества Об. И накуки РД 2018 Почетные грамоты администрации 2016,2018 г.г. | O89: beestzaur@mail.ru | P89: 89285622586
A90: 4 | B90: Абубакарова Джамилат Нуховна | C90: 32433 | D90: 8203-638471 | E90: математика | F90: ДГПУ | G90: 2012 | H90: учитель математики | I90: 17/17 | J90: соотвествие | K90: ГБОУ ДПО "Дагестанский институт развития образования" 2016, №3709 | O90: Megaline4968@gmail.com | P90: 89289505283
B91: Гаджиев Идрис Магомедович | C91: 27016 | D91: 8218 135914 | E91: физика, математика и информатика | F91: ДГПИ | G91: 1996 | H91: учитель математики | I91: 28/28 | J91: соответствие | K91: 2022 г., №04 087693 от 29.04.2022 г. 2022 г., №04 102074 от 03.09.2022 г. | L91: ГБУ ДПО РД "ДИРО", 36 ч., "Использование цифрового верифицированного образовательного контента в преподавании учебных предметов"; ГБУ ДПО РД "ДИРО", 48 ч., "Школа Минпросвещения России":новые возможости для повышения качества образования. | M91: "Менеджмент в образовании ЧУДПО "МидлИст", 2017 г. | O91: Почетная грамота министерства обр. и науки РФ, 2008 г., Почетный работник общего образ-я РФ, 2016 г. | P91: inventor77@mail.ru | Q91: 8963 419-12-28
A92: 12. | B92: Гаджиева Патимат Ибадуллаевна | C92: 29062 | D92: 8202 777243 | E92: математика | F92: ДГУ | G92: 2001 | H92: учитель математики | I92: 23/23 | J92: соответствие | K92: 2021 г. №040000346936 от 20.12.2021 г. 2022 г., №04 087700 от 29.04.2022 г. 2022 г., №052415815823 от 15.06.2022 г. 2022 г., №04 102474 от 03.09.2022 г. | L92: ФГАОУ ДПО "Академия реализации гос.политики и проф.развития работников обр. Министерства Просвещения РФ", 18 ч., "Патриотическое воспитание в системе класссного руковдителя"; ГБУ ДПО РД "ДИРО", 36 ч., "Использование цифрового верифицированного образовательного контента в преподавании учебных предметов"; ГБУ ДПО РД "ДИРО", 36 ч., "Реализация требований обновленных ФГОС НОО, ФГОС ООО в работе учителя"; ГБУ ДПО РД "ДИРО", 48 ч., "Школа Минпросвещения России":новые возможости для повышения качества образования. | N92: 6 | O92: Почетная грамота Министерства образ-я РФ, 2018 г. | P92: patimat79.79@mail.ru | Q92: 8928 543-00-41
A93: 2 | B93: Чатаева Патимат Магомедовна | C93: 27125 | D93: 8202-722090 | E93: Математика | F93: ДГПИ | G93: 1998 | H93: учитель, математика | I93: 30/30 | K93: 000000091833 от 03.11.2023г | L93: АНО ДПО"Платформа"г.Ижевск,144ч, "Реализация требований обновленных ФГОС СОО, ФГОС ООО в работе учителя математики" | N93: 9 | P93: patimachataeva007@mail.ru | Q93: 89288777514
A95: =A94+1 -> 1 | B95: Магомедов Магомед-расул Лукманович | C95: 20670 | D95: 8201-455189 | E95: Математика | F95: ДГПИ | G95: 1979 | H95: учитель математики | I95: 45/45 | K95: 04 081643 от 18.12.2021г | L95: ДИРО, 72ч, "Совершенствование методических компетенций учителя математики для достижения качества образования" | N95: 11 | O95: Почетный работник общего образования РФ-2013г | P95: lukmanovich56@mail.ru | Q95: 89288324210
A96: =A95+1 -> 2 | B96: Абдусаламов Набиюлла Магомедович | C96: 22879 | D96: 82 07 343620 | E96: Математика | F96: ДГПИ, МИДЛ ИСТ | G96: 1985, 2017 | H96: математика | I96: 39/39 | J96: высшая | K96: 052415815774 от 15.07.2022г | L96: ГБУ ДПО РД "ДИРО", 36ч, "Реализация требований обновленных ФГОС НОО,ФГОС ООО в работе учителя" | M96: менеджмент в образовании, ЧУДПО МИДЛ ИСТ, 2017г | O96: Почетный работник общего образования РФ-2010г | P96: nabi.magomedovich@mail.ru | Q96: 89285109726
A97: =A96+1 -> 3 | B97: Сулейманов Даудгаджи Гаджимагомедович | E97: 17309 | F97: 82 02 № 656997 | G97: математика | H97: ДГПУ 1973 | J97: уч.матем | K97: 56 | L97: соответствие | M97: 2022 050400010852 | N97: АНО ДПО ОЦ СПЕКТР 108ч., "Проектирование и реализация образовательного процесса по математике в соответствии с требованиями ФГОС". | Q97: 2000 поч. раб. общ. обр. Р.Ф., 2018 Почетная грамота МО "Акушинский район" | R97: suleymanov2205@mail.ru | S97: 89288005158
B98: Абдуллаев Курбанмагомед Расулович | E98: 22034 | F98: 83 05 № 980925 | G98: математика | H98: МФ ДГПУ | I98: 1983 | J98: уч. математики | K98: 39 | M98: 040000204478 2020г. | N98: ДПО 112ч. "Совершенствование предметных и методических компетенций педработников (в том числе в области формирования функциональной грамотности) в рамках реализации федерального проекта Учитель будущего" | R98: akrarh@yandex.ru | S98: 89285878030
A99: 9 | B99: Абдуллаева Ашура Магомедовна | E99: 22708 | F99: 82 07 № 456870 | G99: математика | H99: МФ ДГУ 1984 | J99: уч. матем. | K99: 37 | L99: первая | R99: aschura0303@mail.ru | S99: 89285535349
A100: 24 | B100: Ахмедова Зубалжат Чупановна | E100: 29924 | F100: 82 15 № 739711 | G100: математика | H100: БПУ 2000 | J100: уч. матем. | K100: 21 | L100: соответствие | M100: 150000114492 2022г. | N100: ФГАОУ ДПО АРГППРРОНП РФ 36ч. "Реализация требований обновленных ФГОС в работе учителя" | P100: 10Б | R100: azubal81@mail.ru | S100: 89679414355
A101: 68 | B101: Сулейманова Гидаят Даудгаджиевна | E101: 29352 | F101: 82 03 № 573558 | G101: математика | H101: МФ ДГПУ 2006 | J101: уч. матем. | K101: 18 | M101: ПК № 0375858 2019г. | N101: АНПОО 36ч. "Методика преподования математики в условиях реализации ФГОС | O101: ЧОУ ДПО 2021г. Переподготовка "Учитель математики" | R101: suleymanova110580@mail.ru | S101: 89282764754
B102: Рамвзанова Патимат Рамазановна | C102: 33339 | D102: 82 06 985421 | E102: Биология и химия | F102: ДГПИ | G102: 2021 | H102: учитель математики | I102: .12/1 | J102: соответ | M102: ООО"Инфоурок" по программе "Математики и информатика: теория и методика преподования в образовательной организации" | N102: . | P102: patimat3833@gmail.com | Q102: 8967-395-48-57
B103: Магдиева Милана Магомедовна | E103: 15.10.1993г | F103: 8214 54 37 83 | G103: Уч-ль математики | I103: 2021г. | J103: Учитель математики | L103: соответствие
...

Sheet английский язык
A1: № | B1: ФИО | C1: Дата рождения | D1: Серия, номер паспорта | E1: Специальность по ДИПЛОМУ (перечислить все в порядке получения) | F1: Что окончил (перечислить все в порядке получения) | G1: Год окончания (перечислить все в порядке получения) | H1: Должность работника, преподав. предмет (сколько долж-й - столько раз показать человека) | I1: Стаж педагогической/общий | J1: Квалификационная категория | K1: ПОВЫШЕНИЕ КВАЛИФИКАЦИИ: Год прохождения КПК (за последние 3 года) , номер и дата удостоверения | L1: ПОВЫШЕНИЕ КВАЛИФИКАЦИИ: учреждение, количество часов,название курса | M1: Переподготовка (специальность по диплому, наименование учреждения, год окончания, в порядке получения) | N1: Классное руководство (указать класс) | O1: Звания и награды | P1: Адрес электронной почты | Q1: Контактный номер телефона
B2: 1 | C2: 2 | D2: 3 | E2: 4 | F2: 5 | G2: 6 | H2: 7 | I2: 8 | J2: 9 | K2: 10 | L2: 11 | M2: 12 | N2: 13 | O2: 14 | P2: 15 | Q2: 16
A3: 2 | B3: Абдуллаева Татьяна Витальевна | C3: 31582 | D3: 8218075537 | E3: учитель русского языка и иностранного языка | F3: ДГПУ им. Р. Гамзатова, г. Махачкала | G3: 2023 | H3: учитель английского языка | I3: 6 лет | J3: первая | K3: 03.09.2022, 04 100556, р/н 468537; 15.06.2022, 052415815769, р/н 450029; 2023г. 150000343528, р/н у-136746/б | L3: ГБУ ДПО РД ДИРО, 48 часов, "Школа Минпросвещения России: новые возможности для повышения качества образования", ГБУ ДПО РД ДИРО, 36 часов, "Реализация требований обновленных ФГОС, НОО, ФГОС ООО в работе учитнля"; ФГАОУ ДПО "Академия реализации гос.политики и проф.развития работников образования Министерства просвещения Российской Федерации", 24 часа, "Организация деятельности профильных психолого-педагогических классов (групп) в ОО" | M3: - | N3: 11 | O3: - | P3: akservicea50@gmail.com | Q3: 9280493056
A4: 21 | B4: Джабраилова Разият Башировна | C4: 36665 | D4: 8219299693 | E4: Учитель английского языка | F4: ДГПУ г.Махачкала | G4: 2022г | H4: Учитель английского языка | I4: 2г | P4: raziatdzabrailova608@gmail.com | Q4: 9285405199
A5: 35 | B5: Магомедова Хадижат Мусаевна | C5: 31727 | D5: 8206254099 | E5: учитель английского языка | F5: ДГПУ г. Махачкала | G5: 2012 | H5: учитель английского языка | I5: 15 лет | J5: высшая | K5: с 01.06 по 15.06 2022 г. объем 36 часов - 052415815905; с 22.08 по 03.09 2022г. объем 48 часов-04100519; с 15.03 по 01.04 2024г. объем 72 часа - 04128921 | P5: hadizhatmusaevna@mail.ru | Q5: 9288040754
A6: 42 | B6: Рабаданова Салимат Магомедовна | C6: 19205 | D6: 8203097870 | E6: учитель иностранных языков | F6: ДГПИ.г.Махачкала. | G6: 1976г. | H6: учитель английского языка | I6: 48 лет | J6: Первая | K6: 05.04-17.04 2021г. в объёме 72 часа. | L6: ДИРО.Совершенствование методических компетенций учителя английского языка. в ГБУ ДПРО. | O6: Почётный работник | P6: rabadanova0752@.ru | Q6: 9285007794
B7: Омарова Сакинат Магомедовна | C7: 21705 | D7: 8203-700194 | E7: английский яз.география | F7: ДГПИ | G7: 1982 | H7: учитель иностранного языка | I7: 42/42 | J7: высшая | K7: 2022г. У-108425/б | L7: "Реализация требований обновленных ФГОС,НОО, ФГОС ООО в работе учителя" Москва 36 ч. | P7: somarova44@gmail.com | Q7: 89285432089
A8: 16 | B8: Магомедова Сарият Ахмедовна | C8: 33378 | D8: 8211-022952 | E8: учитель английского языка по специальности "Иностранный язык" | F8: ДГУ | G8: 2013 | H8: учитель иностранного языка | I8: 14/14 | J8: соответствие | K8: 2023 г. № 000000079768 25.09.23 г.2021. №052415817016, № 052414953645 от 2021г.; 25.09.2023г.№292104; | L8: г.Ижевск 144ч. " Форимирование профессиональгной компетентности учителя ни.языка в условиях реализации обновленных ФГОС СОО,ФГОС НОО""Центр непрерывного повышения профессионального мастерства педагогических работников" Махачкала 144ч. "Совершенствованиепрофессиональных компетенций и повышения качества образовательной деятельности учителей иностранных языков" ; "Центр непрерывного повышения профессионального мастерства педагогических работников" Махачкала 16ч. "Использование современных информационно-комуникационных технологий в образовательном процессе" ;г.Ижевск 144ч. " Формирование профессиональной компететности учителя иностранного языка в условиях реализации обновленных ФГОС ООО,ФГОС СОО,ФГОС НОО"; | P8: msrd91@gmail.com | Q8: 89884277042
A9: 38 | B9: Гаджиомарова Аминат Магомедовна | C9: 30664 | D9: 8206-228981 | E9: лингвист, предподаватель английского языка и арабского языка по специальности " Теория и методика предподавания иностранных языков и культур " | F9: ДГУ | G9: 2007 | H9: учитель иностранного языка | I9: 17/17 | J9: первая | P9: Malimari@inbox.ru | Q9: 89289787800
A10: 39 | B10: Омарова Абидат Омаровна | C10: 36729 | D10: 8220-349713 | E10: 44.03.05 | F10: ДГПУ | G10: 2023 | H10: учитель иностранного языка | J10: соответствие | P10: abidat_00@mail.ru | Q10: 89887770943
A11: 20 | B11: Магомедова Райсат Магомедовна | C11: 21580 | D11: 82 06-038685 | E11: Учитель иностранного языка | F11: ДГПИ | G11: 1984 | H11: учитель английского языка | I11: 38/38 | J11: 1 категория | K11: 2022,150000117355,12.05.2022 | L11: АРГППРРО "Реализация требований обновлённых ФГОС" г.Москва | O11: Почётный работник общего образования РФ | P11: rajsat.magomedova2017@yandex.ru | Q11: 89285053841
A12: 44 | B12: Гасангусенова Марьян Гаджиевна | C12: 22820 | D12: 82 09 833057 | E12: Учитель иностранного языка | F12: ДГПИ | G12: 1985 | H12: учитель английского языка | I12: 36/36 | J12: соответствие
A13: 5 | B13: Рабаданова Раисат Магомедовна | C13: 18.06.1989г | D13: 8205957075 математик | E13: учитель английского яз. | F13: ДГПУ | G13: 2012г. | H13: учит.английского яз. | I13: 14 | J13: вышее | K13: 04038508.14939.2021г. | L13: 8222 | P13: raisa.rabadanova777@gmail.com | Q13: 89886532362 89285241652 89640214527 89285082471
A14: 3 | B14: Абдулкадиров Абдулкадир Курбаналиевич | C14: 35500 | D14: 82 16 897802 | E14: Педагогическое образование с двумя профилями подготовки | F14: ДГПУ | G14: 2023 | H14: учитель иностранного языка | I14: 3./3 | J14: соответствие | K14: 2022г., № 052415815758 | L14: ГБУ ДПО РД "ДИРО" 36 часов, "Реализация требований обновленных ФГОС НОО, ФГОС ООО в работе учителя" | P14: Abdulkadir199711@mail.ru | Q14: 89634227242
A15: 12 | B15: Магомедов Исагаджи Ахмедович | C15: 34851 | D15: 82 15 662014 | E15: Экономика, Педагогическое образование с двумя профилями подготовки | F15: ДГТУ, ДГПУ | G15: 2016, 2020 | H15: учитель иностранного языка | I15: 9./9 | J15: соответствие | N15: 6 | P15: magomedov.isagadzhi@mail.ru | Q15: 89640093311
A16: 31 | B16: Абдулкадыров Магарам Курбанисмаилович | C16: 33569 | D16: 82 11 105163 | E16: Теория и методика преподавания иностранных языков и культур | F16: ДГУ | G16: 2015 | H16: учитель английского языка | I16: 2./4 | J16: высшая | K16: 2024г. ГБУДПО РД "ДИРО" ГБУ ДПО РД "ДИРО" 04 126249 рег номер 493349 | M16: НАНО ДПО "Образовательный центр Знание" 2021г. учитель иностранного языка (английский язык) | N16: 5 | P16: magaramabdulkadyrov349@gmail.com | Q16: 89280475214
A17: 5 | B17: Махмудов Нурулла Омарович | C17: 21103 | D17: 82 15 786633 | E17: учитель французского и немецкого | F17: ДГПИ | G17: 1981 | H17: учитель родного языка и литературы | I17: 43/43 | J17: вторая | K17: №0524158158, 2022 | L17: 36ч. Реализация требований обновленных ФГОС в работе учителя | N17: 9 | P17: asiyat.ahmedova.83@mail.ru | Q17: 89654874313
B18: Махмудов Нурулла Омарович | C18: 21103 | D18: 82 15 786633 | E18: учитель французского и немецкого | F18: ДГПИ | G18: 1981 | H18: учитель географии | I18: 43/43 | J18: вторая | K18: №0524158158, 2022 | L18: 36ч. Реализация требований обновленных ФГОС в работе учителя | N18: 9 | P18: asiyat.ahmedova.83@mail.ru | Q18: 89654874313
B19: Махмудов Нурулла Омарович | C19: 21103 | D19: 82 15 786633 | E19: учитель французского и немецкого | F19: ДГПИ | G19: 1981 | H19: учитель истории | I19: 43/43 | J19: вторая | N19: 9 | P19: asiyat.ahmedova.83@mail.ru | Q19: 89654874313
B20: Муртазалиев Марат Магомедгаджиевич | C20: 34115 | D20: 8213342216 | E20: Инженер/Учитель иностранного языка/Учитель информатики и ИКТ | F20: ДГУ/ОБЗ | G20: 2015/2019/2023 | H20: Преподаватель английского языка | I20: 4/4 | M20: Учитель иностранного (английского) языка, НАНО ДПО ОЦЗ, 2019г. | P20: marat-rat@yandex.ru | Q20: 89285778299
A21: 14 | B21: Абдуллаева Марзият Камиловна | C21: 25987 | D21: 8201574307 | E21: Учитель английского языка | F21: ДГПИ | G21: 1993 | H21: Педагог английского языка | I21: 28/28 | K21: 2021г. №242 | L21: АНО ДПО "ОЦ Спектр" 108ч., "Формирование профессиональной компетентности учителя английского языка в условиях реализации ФГОС ООО" | O21: Почетный работник воспитания и просвещения РФ | P21: abdullaevamarzyat@yandex.ru | Q21: 89286763204
A22: 21 | B22: Магомедова Патимат Курбанмагомедовна | C22: 36501 | D22: 8219254309 | E22: Учитель английского языка | F22: ДГПУ | G22: 2022 | H22: Педагог английского языка | I22: 0 | N22: 5Б | P22: patimatmagomedova18766@gmail.com | Q22: 89896742009
B23: Магомедова Джума Гаджисултановна | E23: 23072 | F23: 1807-096455 | G23: русский язык и литература с дополнительной специальностью "Педагогика";профессиональная переподготовка т " Теория и методика обучения иностранному языку | H23: ДГПИ,ДГПУ | I23: 1984 | J23: учитель иностранного языка | K23: 17/17 | L23: соответствие | M23: 2022-№ у 107191/б с 29.03.2022 - 12.05.2022; | N23: ДИРО - 36 ч."Реализация требований обновленных ФГОС НОО,ФГОС ООО в работе учителя" | O23: . | P23: . | Q23: 0 | R23: gulzhanat20101986@mail.ru | S23: 89285888449
A24: 25 | B24: Ахмедова Эльмира Руслановна | C24: 36846 | D24: 8220421822 | E24: Препод. в нач. кл. | F24: ППК г.Избербаш | G24: 2020 | H24: Учитель английского языка | I24: 2 | J24: соответствие | M24: "Учитель английского языка", АНО ДПО "ПЛАТФОРМА", 2022 г. | P24: Akhme.almira777@gmail.com | Q24: 8906-377-72-06
A25: 12 | B25: Гасангусенова Мариян Гаджиевна | E25: 22820 | F25: 8209-833057 | G25: учитель английского языка | H25: ДГПИ | I25: 1985 | J25: Учитель английского языка | K25: 35/39 | L25: соответствие | M25: 2022,№050400012443,13.11.2022 | N25: Махачкала,ОЦ Знание | Q25: mariyan.62 | R25: 89637922158
A26: 15 | B26: Исмаилов Исмаил Габибович | E26: 26845 | F26: 8218-075696 | G26: русский язык | H26: ДГУ | I26: 1995 | J26: учитель английского языка | K26: 20/29 | L26: соответствие | M26: 2024,№129746,29.05.2024 | N26: Махачкала,ДИРО | Q26: Ismail.ismailov.1973 | R26: 89894589886
A27: 17 | B27: Магомедов Газимагомед Магомедалиевич | E27: 27395 | F27: 8200-194909 | G27: русский язык | H27: ДГУ | I27: 2007 | J27: учитель английского языка | K27: 27/27 | L27: первая | M27: 2023,№050400008474,25.11.2023 | N27: Махачкала,ОЦ СПЕКТР | O27: 6 | Q27: gazi.magomedov,75 | R27: 89654892325
B28: Магомедова Асият Исагаджиевна | C28: 30378 | D28: 8203712998 | E28: УЧИТЕЛЬ АНГЛИЙСКОГО И ФРАНЦУЗСКОГО ЯЗЫКОВ ПО СПЕЦИАЛЬНОСТИ "игостранный язык" | G28: 2006 | H28: учитель иностранного языка | I28: 15 | J28: высшая | K28: 2022 | L28: ГБУ ДПО РД "ДИРО" проектирование образовательного процесса по иностранным языкам в условиях реализации требований | P28: asiyatm1984@icloud.com | Q28: 89886938160
B29: Магомедова Асият Исагаджиевна | C29: 30378 | D29: 8203712998 | E29: УЧИТЕЛЬ АНГЛИЙСКОГО И ФРАНЦУЗСКОГО ЯЗЫКОВ ПО СПЕЦИАЛЬНОСТИ "игостранный язык" | G29: 2006 | H29: учитель иностранного языка | I29: 15 | J29: высшая | K29: 2022 | L29: ГБУ ДПО РД "ДИРО" проектирование образовательного процесса по иностранным языкам в условиях реализации требований | P29: asiyatm1984@icloud.com | Q29: 89886938160
A30: 15 | B30: Юсупов Мухтар Рамазанович | C30: 33370 | D30: 8211-022915 | E30: Английский язык | F30: ДГПУ | G30: 2013 | H30: Учитель английского языка | I30: 10 | K30: 2020 №04051192, 08.02.2020 | L30: Махачкала, ГБОУ ДПО "Дагестанский институт развития образования" | P30: muhtar050yusupov@gmail.com | Q30: 89673912007
A31: 14 | B31: Мугурбигаджиева Джамиля Курбанмагомедовна | C31: 33856 | D31: 8212249696 | E31: Педагог-психолог,учитель иностранного языка | F31: ДГПУ | G31: 2013.2017 | H31: Учитель английского языка | I31: 16\16 | K31: 2022,№052415815976,15.06.2022г. | L31: "Реализация требований обновленных ФГОС НОО,ФГОС ООО в работе учителя" 36ч. | M31: "Учитель английского языка"ДГПУ,2017 | P31: mugyrbidjam92@mail.ru | Q31: 89282772978
A32: 11 | B32: Тагирова Рабиа Курбановна | E32: 29653 | F32: 8203/573456 | G32: Уч. англ. и арабского языков | H32: ДГПУ | I32: 2003 | J32: Уч. англ. языка | K32: 21 | L32: 1 | M32: 29.02.2020 №050400006400 | N32: НАНО "Знание" | R32: tagirovarabia@gmail.com | S32: 89289784640
A33: 29 | B33: Тааева Сакинат Алиевна | E33: 19.11.1992г | F33: 82 13 380 911 | G33: учитель английского и французского языков | I33: 2020 | J33: учитель, английский язык | K33: 7 | L33: соответствие | M33: ДИРО 31.07.2023/14.08.2023 | Q33: Taaevasa@gmail.ru | R33: 89282843946
A34: 26 | B34: Рашидова Кумсият Юнусовна | C34: 37159 | D34: 8221 494037 | E34: уч нач классов | F34: СГПИ | G34: 2024 | H34: уч анг | I34: 6 | J34: соответсвие | M34: МЦПК АКАДЕМИЯ "КАСПИЙ"2022г,учитель английского языка,530ч | N34: 7.11 | P34: r.kumsiaytka2515@mail.ru | Q34: 89604118646
A35: 8 | B35: Рахманова Мадина Курбанисмаиловна | C35: 31767 | D35: 8218135919 | E35: начальные классы,иностранный язык | F35: ИПК,ВГАППСС | G35: 2006.2017 | H35: учитель иностранного языка | I35: 10из18 | J35: соответствие | K35: №190719 0009752 04.04.2021г | L35: АНО ДПО "ЕЦПК"108 ч "Развитие профессиональных компетенций и мастерства педагога. Инновационные и активные методы обучения английскому языку в условиях реализации ФГОС" | M35: учитель иностранного языка,АНО ДПО "ВГАППССС",2017 | N35: нет | O35: нет | P35: 7raxmanova2186@mail.ru | Q35: 89824675363
B36: Магомедгаджиев Гусейн Ахмедович | C36: 33017 | D36: 8210880147 | E36: Информатика,английский язык. | F36: ДГПУ | G36: 2013 | H36: учитель иностранного языка | I36: 3из 11 | J36: соответствие | K36: №190719 0020410 31.05.2021г | L36: АНО ДПО "ЕЦПК" 108 ч "Содержание и методика преподавания иностранного языка в соответствии с требованиями ФГОС" | M36: нет | N36: 6 | O36: нет | P36: Guseyn2405@mail.ru | Q36: 89633717318
A37: 13 | B37: Магомедова Райсат Магомедовна | E37: 21580 | F37: 8206/38685 | G37: французский язык | H37: ДГПУ | I37: 1984 | J37: учитель,английский язык | K37: 40/40 | L37: высшая | M37: ФГАОУ ДПО "АРГП и ПРРО МПРФ", 2022г, № у-107183/б,36ч. | P37: "Поч.раб.сферы образ.РФ" | Q37: raysat.magomedova.1977@ | R37: 89285053841
A38: 8 | B38: Абдулкадыров Магарам Курбанисмаилович | C38: 33569 | D38: 8223 808851 | E38: 031201.65 Теория и методика преподвания инностранныков языков и культур | F38: ДГУ | G38: 2015 | H38: Учитель английского языка | I38: 3/3 | J38: первая | K38: - | L38: - | M38: - | N38: 7 | O38: - | P38: magaramabdulkadyrov349@gmail.com | Q38: 89280475214
A39: 3 | B39: Абдулкаримова Хадижат Нажмудиновна | C39: 32607 | D39: 82 15 739551 | E39: лингвист, переводчик по специальности | F39: СГУ, 2012 | G39: 2012 | H39: учитель иностранного языка | I39: 8/8 | K39: 2022г., №150000113430 от 12.05.2022 2021г., №040000346762 от 20.12.2021 г. | L39: ФГАОУ ДПО "Академия реализации гос. политики и проф. развития работников образования Министерства просвещения РФ", 36часа,"Реализация требований обновленных ФГОС НОО, ФГОС ОО в работе учителя"; ФГАОУ ДПО "Академия реализации гос. политики и проф. развития работников образования Министерства просвещения РФ", 18часа,"Патриотическое воспитание в системе работы классного руководителя"; | P39: hadizatabdulkarimova@gmail.com | Q39: 8928 557 79 03
A40: 24 | B40: Гапизова Марзият Ахмедовна | C40: 22348 | D40: 8202-792741 | E40: английский язык | F40: ДГУ | G40: 1979 | H40: учитель английского языка | I40: 37 | K40: 2022, № 150000115432, 2022 | L40: ФГАОУ ДПО "Академия Минпросвещения РФ", 36 ч. | N40: 5 | P40: gapizova61@mail.ru | Q40: 89285178480
A41: 26 | B41: Курбанова Патимат Каратовна | C41: 21259 | D41: 8203-415592 | E41: английский язык и литература | F41: ДГУ | G41: 1984 | H41: учитель английского языка | I41: 40 | J41: Высшая | K41: 2021, № 052415816984, 2021 | L41: ГБУ РД "Центр непрерывного повышения профессионального мастерства пед работников", 144 ч. | N41: 10 | O41: Почетная грамота лучших учителей РФ г.Москва 2006г., Почетная грамота лучших учителей РФ г.Москва 2019г. | P41: karatovna58@mail.ru | Q41: 89285132356
A42: 16 | B42: Ибрагимова Зарема Далгатовна | C42: 34685 | D42: 8214603821 | E42: учитель английского языка | F42: ДГПУ | G42: 2017 | H42: учитель английского языка | I42: 9/9 | K42: 2023, №487969, 02.10.2023 | L42: ДИРО, 36ч., "Реализация требований обновленных ФГОС ООО, ФГОС СОО в работе учителя" | N42: 8А | P42: dalgatovna@bk.ru | Q42: 89289794842
A43: 4 | B43: Расулова Хадижат Мухтаровна | C43: 27457 | D43: 8219299422 | E43: уччитель иностранных языков | F43: ДГПУ | G43: 2001 | H43: учитель анлийского языка23/23 ,истории,информатики | J43: нет | K43: 2023,№ 25654 ; 08.12.2023 | L43: Центр непрерывного развития личности и реализации человеческого потенциала 72 посторение прфориентационной деятельности в ОО в рамках реализации всероссийского проекта "Билет в Будущее" | M43: нет | N43: 7 | O43: нет | P43: halbzatrasulova38@gmail.com | Q43: 89289784749
A44: 5 | B44: Магомедов Али Шихбагандович | C44: 20513 | D44: 8203507661 | E44: Фран.язык. | F44: ДГПИ г.Махачкала | G44: 1979 | H44: Учитель иностранного языка | I44: 45/45 | J44: соответствие | K44: 2018 | L44: ДИРО 2018 | P44: ss-ali0099@yandex.ru | Q44: 89634027796
B45: Магомедов Исагаджи Ахмедович | C45: 34851 | D45: 8215662014 | E45: Иностранный язык | F45: ДГПУ г.Махачкала | G45: 2020 | H45: Учитель иностранного языка | I45: 5/7 | J45: соответствие | P45: isagadgimag@mail.ru | Q45: 89640093311
B46: Гасанов Ислам Шахбанович | C46: 27113 | D46: 8203-213309 | E46: геог.и ин яз(уч-ся) | F46: ДГПУ | G46: 2017 | H46: учитель английского языка | I46: 10/23
B47: Абдулкеримова Патимат курбановна | C47: 29713 | D47: 8208-597644 | E47: анг.язык | F47: ДПК | G47: 2001 | H47: учитель иностранного языка | I47: 23/23 | J47: первая | P47: patimatmugi@gmail.com | Q47: 89285924810
B48: Тааева Сакинат Алиевна | C48: 33927 | D48: 8213-380911 | E48: учитель иностранного языка | F48: ДГПУ | G48: 2015 | H48: учитель анг.языка | I48: 8\8 | P48: taaevasa@gmail.com | Q48: 89282843946
B49: Гасанова Заира Алиевна | C49: 33228 | D49: 8210-924025 | E49: биология | F49: ДГПУ | G49: 2011 | H49: Английский язык | I49: 8\8 | P49: zaira.gasanova.1990@ mail.ru | Q49: 89289620225
B50: Никаева Патимат Магомедзагировна | C50: 08.01.86г. | D50: 82-06 043063 | E50: анг.я | F50: ДГПУ | G50: 2007 | H50: анг.яз | I50: 15 | J50: нет | K50: 2021г.ПК004680 | L50: Мах-й центр повышения квалификации Академия "Каспий 72ч. Реализация ФГОС на уроках анг. яз. | N50: 11 | P50: nikaeva86@yandex.ru | Q50: 89034238115
A51: 14 | B51: Ибрагимова Нурият Нурбагандовна | C51: 32891 | D51: 82 09 833522 | E51: Бюджетный учет/ Финансы и кредит | F51: ФГОУ ВПО "Академия бюджета и казначейства Министерства финансирования РФ/ДГИНХ | G51: 2009/2012 | H51: Английский язык | I51: 41944 | J51: первая | K51: 2022 №150000116178 от 12.05.2022 | L51: Академия реализация государственной политики и профессионального развития работников образования Министрерства просвещения РФ", 36 часов, "Реализация требований обновленных ФГОС НОО, ФГОС ООО в работе учителя" | M51: "Педагогическое образование: Иностранный язык (английский)" УДПО "Махачкалинский центр повышения квалификации", 2016 год | P51: nuri.ibr@yandex.ru | Q51: 89288355267
A52: 15 | B52: Исмаилов Исмаил Габибович | C52: 26845 | D52: 82 18 075696 | E52: Филология | F52: ДГУ | G52: 1995 | H52: Английский язык | I52: 28 | J52: нет | P52: ismailovismailg973@mail.com | Q52: 89894589889
B53: 5 | C53: Ибрагимова Патимат Магомедалиевна | F53: 32960 | G53: 8211-023012 | H53: филолог | I53: ДГПУ | J53: 2018 | K53: учитель английского языка | L53: 14/14 | M53: соотвествие | N53: ГБОУ ДПО "Дагестанский институт развития образования" 108ч. № 04 050441 от 14.12.2019 | R53: beestzaur@rambler.ru | S53: 89298832882
A54: 17. | B54: Магомедова Джума Магомедовна | C54: 20297 | D54: 8200 264424 | E54: иностранные языки | F54: ДГПИ | G54: 1978 | H54: учитель ОРКСЭ | I54: 46/46 | J54: соответствие | K54: 2022 г., №04 102072 от 03.09.2022 г. 2022 г., №119778 от 06.11.2022 г. | L54: ГБУ ДПО РД "ДИРО", 48 ч., "Школа Минпросвещения России":новые возможости для повышения качества образования; ООО "Региональный центр повышения квалификации", 72 ч.. | M54: "Менеджмент и экономика", НАНО ДПО "Обр.центр Знание", 2018 г. | P54: magomedova2755@mail.ru | Q54: 8928 581-54-53
A55: 29. | B55: Муртазалиева Раисат Гасановна | C55: 20551 | D55: 8203 282255 | E55: иностранные языки | F55: ДГПИ | G55: 1980 | H55: учитель иностранного языка (англ.яз.) | I55: 44/44 | J55: первая | K55: 2022 г., №1500000118149 от 12.05.2022 г. 2022 г., №04 102462 от 03.09.2022 г. 2022 г., №119776 от 15.11.2022 г. | L55: ФГАОУ ДПО "Академия реализации гос.политики и проф.развития работников обр. Министерства Просвещения РФ", 36 ч., "Реализация требований обновленных ФГОС НОО, ФГОС ООО в работе учителя"; ГБУ ДПО РД "ДИРО", 48 ч., "Школа Минпросвещения России":новые возможости для повышения качества образования; ООО "Региональный центр повышения квалификации,144 ч., "Теория и методика преподования английского языка в условиях реализации ФГОС НОО, ФГОС ООО, ФГОС СОО". | O55: Почетный работник сферы образ-я РФ, 2017 г. | P55: murtazalieva.1956@mail.ru | Q55: 8928 879-30-68
A56: 34. | B56: Омарова Марьям Омаргаджиевна | C56: 30688 | D56: 8203 700199 | E56: иностранные языки | F56: ДГПУ | G56: 2005 | H56: учитель иностранного языка (англ.яз.) | I56: 19/19 | J56: соответствие | K56: 2022 г., №04 087765 от 29.04. 2022 г. 2022 г., №04 102479 от 03.09.2022 г. | L56: ГБУ ДПО РД "ДИРО", 36 ч., "Использование цифрового верифицированного образовательного контента в преподавании учебных предметов"; ГБУ ДПО РД "ДИРО", 48 ч., "Школа Минпросвещения России":новые возможости для повышения качества образования. | P56: omarovam634@gmail.com | Q56: 8961 837-02-01
A57: =A56+1 -> #VALUE! | B57: Магомедова Патимат Шапиевна | C57: 24367 | D57: 8211-078125 | E57: Иностр. язык | F57: ДГУ | G57: 1988 | H57: учитель иностранного языка | I57: 36/36 | J57: первая | K57: 78-0568660 от 09.01. 2021г | L57: ЧОУ ДПО "ИПКИПП", 150ч, " Использование ИКТ технологий как средство повышения качества знаний учащихся на уроках английского языка в соответствии с ФГОС НОО, ФГОС ООО,ФГОС СОО " | P57: schapievna@yandex.ru | Q57: 89288752181
A58: =A57+1 -> #VALUE! | B58: Магомедова Зубалжат Исагаджиевна | C58: 29113 | D58: 8203-196843 | E58: Иностр. язык | F58: ДГУ | G58: 2001 | H58: учитель иностранного языка | I58: 23/23 | J58: первая | K58: 04 125615 от 15.11.2023г | L58: ГБУ ДПО РД "ДИРО", 72ч, "Совершенствование профессиональных компетенций учителей английского языка в целях эффективной подготовки обучающихся к итоговой аттестации" | P58: isagadzhiyevna@mail.ru | Q58: 89285098313
A59: 38 | B59: Ибрагимова Никапатимат Магомедовна | E59: 31420 | F59: 82 11 №201100 | G59: иностр яз | H59: ФВВ ДГУ 2008 | J59: уч.английского яз. | K59: 13 | L59: соответствие | M59: ПК 000660 2020г. | N59: Академия "Каспий" 108ч. "Реализация ФГОС на уроках иностранного языка в общеобразовательных организациях и организациях среднего професионального образования" | P59: 6А | R59: nikapatimat0801@mail.ru | S59: 89285929168
B60: Сулейманова Марьям Даудгаджиевна | E60: 31498 | F60: 83 06 № 088829 | G60: инфор и англ | H60: МФ ДГПУ 2008 | J60: уч.анг.яз | K60: 13 | L60: соответствие | M60: 0421521 2023г. | N60: ДИРО Реализация требований обнавленных ФГОС ООО, СОО в работе учителя информатики36 часов | P60: 8А | R60: mariamsul86@mail.ru | S60: 89285742730
A61: 19 | B61: Алибекова Патимат Магомедсаидовна | E61: 33287 | F61: 82 10 № 985356 | G61: информатика | H61: ДГПУ 1973 | I61: 2013 | J61: уч. анг. яз. | K61: 9 | L61: соответствие | O61: Диплом магистра "Педагогическое образование" | R61: mapatimat@mail.ru | S61: 89285717568
A62: 63 | B62: Омарова Мариям Омаргаджиевна | E62: 30688 | F62: 82 03 № 700199 | G62: иностр яз | H62: ФИЯ ДГПУ 2005 | J62: уч. анг. яз. | K62: 15 | L62: соответствие | M62: 050400004391 2019Г. | N62: НАНО ДПО ОЦ ЗНАНИЕ 72ч. "Реализация требований ФГОС при обучении иностранным языкам". | R62: omarova.m1984@mail.ru | S62: 89288035932
A63: 66 | B63: Салихова Мариям Абдуллаевна | E63: 33073 | F63: 82 10 № 880459 | G63: ин. яз и инф. | H63: МФ ДГПУ | I63: 2012 | J63: уч. анг. яз. | K63: 9 | L63: соответствие | R63: ms.s.m.a@mail.ru | S63: 89285877630
A64: 9 | B64: Исакова Хадижа Курбановна | C64: 29820 | D64: 82 08 544473 | E64: Арабский язык и литература , французский язык | F64: ДГУ | G64: 2003 | H64: учитель английского языка | I64: . 4/4 | J64: соответ | K64: 2023, 04 121616 от 02.10.2023г | L64: ГБУ ДПО РД "ДИРО" 36 часов "Реализация требований обновленных ФГОС ООО, ФГОС СОО в работе учителя" | M64: Академия "Каспий" с 01.04.2021 г. по 01.07.2021 г.по программе профессиональной переподготовки "Педагогическое образование: иностранный (английский) язык" | N64: 11 | P64: khadizha.isakova.82@mail.ru | Q64: 8967-936-91-40
B65: Ахмедова Завгадат Загидиевна | E65: 03.01.1968г | F65: 82 14 550885 | G65: Уч. Ин.яз. | H65: ДГПИ | I65: 1990 | J65: учитель ин.яз. | L65: высшая | M65: ДИРО 2019г. | N65: ООО"Академия госаттестации"город Ижевск 2020г.учитель русс.яз. И литер.
A66: 12 | B66: Магомедова Патимат Шапиевна | C66: 24367 | D66: 8211-078125 | E66: англ | F66: ДГУ | G66: 1988 | H66: учитель англ | I66: 33/33 | J66: первая | K66: 2022г., № 150000117354 от 12.05.2022 | L66: ФГАОУ ДПО "Академия реализации гос. политики и проф. развития работников образования Министерства просвещения РФ", 36часа,"Реализация требований обновленных ФГОС НОО, ФГОС ОО в работе учителя"; | N66: 7 | P66: shapievna1966@mail.ru | Q66: 89288752181
B67: Исакова Зухра Джамалудиновна | C67: 29725 | D67: 8206 203482 | E67: Учитель истории и географии | F67: ДГПУ | G67: 2020 | H67: учитель английского яз. | I67: 45512 | J67: Соответ. | K67: 2023, 04125618;2023,04126866 | L67: ДИРО:36ч;72ч; | P67: isakovazuhra88@gmail.com | Q67: 89640129253
B68: Исакова Жамиля Магомедовна | C68: 30739 | D68: 8210 956848 | E68: Учитель нач.классов | F68: МИК | G68: 2023 | H68: учитель английского яз. | I68: 45480 | J68: Соответ. | K68: 2024. | L68: ДИРО 62ч; | P68: jamilyaisakova@icloud.com | Q68: 89634008803

Sheet история
A1: № | B1: ФИО | C1: Дата рождения | D1: Серия, номер паспорта | E1: Специальность по ДИПЛОМУ (перечислить все в порядке получения) | F1: Что окончил (перечислить все в порядке получения) | G1: Год окончания (перечислить все в порядке получения) | H1: Должность работника, преподав. предмет (сколько долж-й - столько раз показать человека) | I1: Стаж педагогической/общий | J1: Квалификационная категория | K1: ПОВЫШЕНИЕ КВАЛИФИКАЦИИ: Год прохождения КПК (за последние 3 года) , номер и дата удостоверения | L1: ПОВЫШЕНИЕ КВАЛИФИКАЦИИ: учреждение, количество часов,название курса | M1: Переподготовка (специальность по диплому, наименование учреждения, год окончания, в порядке получения) | N1: Классное руководство (указать класс) | O1: Звания и награды | P1: Адрес электронной почты | Q1: Контактный номер телефона
B2: 1 | C2: 2 | D2: 3 | E2: 4 | F2: 5 | G2: 6 | H2: 7 | I2: 8 | J2: 9 | K2: 10 | L2: 11 | M2: 12 | N2: 13 | O2: 14 | P2: 15 | Q2: 16
A3: 15 | B3: Гаджиева Мариян Магомедалиевна | C3: 29434 | D3: 8202636959 | E3: Учитель истории | F3: ДГУ исторический факультет г. Махачкала | G3: 2003 | H3: Учитель истории и обществознания | I3: 18 | J3: высшая | K3: 22.08.2022г. по 03.09.2022 г. р/н 468549 | L3: ГБУ ДПО РД "ДИРО" 48 часов "Школа Мин Просвещения России" | N3: 9 | P3: mariyan_gadzhiyeva@mail.ru | Q3: 9604203224
A4: 18 | B4: Гаджиомарова Сабият Мусагаджиевна | C4: 25826 | D4: 82 15 701206 | E4: Учитель истории и права | F4: ДГПУ г .Махачкала | G4: 1994г | H4: Учитель истории ,этики | I4: 33г | J4: Высшая | K4: 2023 | L4: ГБУ ДПО РД "ДИРО" 48ч,Совершенствование процесса преподавания истории и обществознания в условиях реализации обновленных ФГОС | M4: 144ч | N4: 5кл | P4: gadjiomarova15@icloud.com | Q4: 9285710464
A5: 53 | B5: Исаева Саният Ганапиевна | C5: 32048 | D5: 8207370950 | E5: Учитель истории и обществознания | F5: ДГУ исторический факультет | G5: 2008 | H5: Учитель истории и обществознания | I5: 15 | J5: Высшая | K5: 45594 | L5: «Проектирование образовательного процесса по истории с учетом требований ФГОС» 36 часов | O5: 7 класс | P5: Saniat8787@gmail.com | Q5: 9285959512
B6: Абдуллаева Аминат Магомедалиевна | C6: 26171 | D6: 8207-416541 | E6: учитель истории и права | F6: ДГПИ | G6: 1994 | H6: учитель обществознания | I6: 36/36 | J6: соответствие | K6: 2021г. №052414952289 | L6: "Центр непрерывного повышения профессионального мастерства педагогических работников" 16ч."Использование современных информационно-комуникационных технологий в оразовательном процессе" | P6: aminat.abdullayeva.71@bk.ru | Q6: 89282491304
B7: Омаров Ислам Омарович | C7: 31971 | D7: 8207-343348 | E7: 44.04.01 | F7: ДГПУ | G7: 2009 | H7: учитель обществознания | I7: 15/15 | J7: высшая | K7: 2024г.№ 183104457357 от 16 августа | L7: г.Ижевск 144 ч. "Реализация требований обновленных ФГОС ООО,ФГОС СОО и ФОП в работе учителя обществознания" | P7: islam_omarov87@mail.ru | Q7: 89288784456
A8: 15 | B8: Магомедгаджиева Патимат Магомедовна | C8: 30781 | D8: 8206-203752 | E8: Юрист | F8: МГМУ | G8: 2016 | H8: учитель обществознания | I8: 20/20 | J8: высшая | K8: 2023г №000000079765 | L8: Автономная некомммерческая организация дополнительного профессионального образования "Платформа" 144ч. Реализация требований обнавленных ФГОС ООО в работе учителя истории и Обществознвния " | N8: 5а | P8: magomedgadjieva01985p@mail.ru | Q8: 89289800185
A9: 11 | B9: Ибрагимова Ирина Курбановна | C9: 24242 | D9: 82 03-282388 | E9: Учитель истории | F9: ДГУ | G9: 1988 | H9: учитель обществознания | I9: 32/32 | J9: высшая | K9: 2021,040000363053,10.12.2021 | L9: АРГППРРО "ШСУ" г.Москва | P9: ibra.irina2017@yandex.ru | Q9: 89285139973
A10: 6 | B10: Джамалутдинов Магомед Зайтуевич | C10: 22.08.1966г | D10: 8211056618 | E10: историк | F10: ДГУ | G10: 199г. | H10: учит.истории | I10: 33 | N10: 7 | P10: magomedzaituevish@mail.ru
B11: Магомедова Эльмира Ибадуллаевна | C11: 28108 | D11: 83 21 494460 | E11: История | F11: ДГУ | G11: 2000 | H11: учитель истории | I11: 28/28 | J11: соответствие | K11: 2019г., № 04049251 | L11: ГБОУ ДПО РД "ДИРО" 108 часов, "Совершенствование профессиональных компетенций учителей истрии в условиях реализации ФГОС и историко-культурного стандарта" | P11: elmiram1312@mail.ru | Q11: 89064487271
B12: Магомедгаджиева Сапият Магомедовна | C12: 30798 | D12: 84 11 177583 | E12: Родной язык и литература | F12: ДГПУ | G12: 2014 | H12: учитель истории Дагестана | I12: 17/17 | J12: соответствие | N12: 8 | P12: sapiyt1989@mail.ru | Q12: 89634259020
B13: Хизриева Зубайдат Магомедовна | C13: 30459 | D13: 83 03 552477 | E13: русский язык и литература | F13: ДГПУ | G13: 2006 | H13: учитель истории | I13: 19/19 | J13: высшая | M13: Региональный межвузовский центр коррекционного образования при ДГПУ,Педагогика-психология 2006г. | N13: 7 | O13: Кандидат наук, 2012г | P13: zubaidat19832017@yandex.ru | Q13: 89640159011
A14: 12 | B14: Магомедов Шамиль Саидович | C14: 28428 | D14: 8206059723 | E14: Учитель истории и ОБЖ | F14: ДГУ | G14: 2000 | H14: Преподаватель истории | I14: 20/20 | J14: Первая | K14: 2021г, №6062 | L14: ГБУ РД "ЦНППМПР", 185ч, "Совершенствование профессиональных компетенций учителей истории" | N14: 9 | P14: starley.77@mail.ru | Q14: 89288066844
B15: Рабаданов Нариман Раджабович | E15: 19217 | F15: 8202-676373 | G15: история | H15: ДГПУ | I15: 1982 | J15: учитель обществознания | K15: 51/51 | L15: соответствие | M15: 0 | O15: . | P15: 6 | Q15: 0 | R15: zarema010166@mail.ru | S15: 89285361994
B16: Джабаев Тимур Магомедович | E16: 25418 | F16: 8214-550865 | G16: история, менеджмент в образовании | H16: ДГУ, МИДЛ ИСТ | I16: 2000, 2018 | J16: учитель истории | K16: 30/30 | L16: высшая | M16: 2023, №050400017925 11.11.2023 | N16: Махачкала,ДПО ОЦ СПЕКТР | Q16: djabaev_0308@mail.ru | R16: 89634180866
B17: Алиев Рамазан Алиевич | C17: 34400 | D17: 8213461519 | E17: история | F17: ДГУ | G17: 2018 | H17: учитель истории и обществознании | I17: 5 | J17: высшая | K17: 04122632 от 13.10.2023 | L17: ГБУ ДПО РД "ДИРО" 36ч. Проектирование образовательного процесса по истории с учётом требований ФГОС | N17: 8 | P17: magomed-geba@mail.ru | Q17: 89882157571
B18: Кадаранов Магомед-Имин Магомедович | C18: 20713 | D18: 8208-641052 | E18: История, менеджмент в образовании | F18: ДГПИ, МИДЛ ИСТ | G18: 1984, 2017 | H18: Учитель истории | I18: 47 | P18: kadaranov.magomedimin@bk.ru | Q18: 89064475547
B19: Магомедов Рамазан Асхабович | C19: 26244 | D19: 8203-669894 | E19: История | F19: ДГПУ | G19: 1997 | H19: Учитель истории | I19: 28 | K19: 2021 №04 077413, 04.10.2021 | L19: Махачкала, ГБОУ ДПО "Дагестанский институт развития образования" | P19: mramazan359@gmail.com | Q19: 89634267361
A20: 8 | B20: Магомедов Багавадин Ахмедович | C20: 31865 | D20: 8208598011 | E20: Учитель истории | F20: ДГПУ | G20: 2012 | H20: Учитель истории | I20: 10\10 | N20: 10 | P20: ruslan.istorik545@gmail.com | Q20: 89285577533
A21: 9 | B21: Омарова Аминат Зулпукаровна | C21: 33413 | D21: 8211201312 | E21: Учитель истории | F21: ДГПУ | G21: 2015 | H21: Учитель истории | I21: 10\10 | K21: 2022,№052415815995,15.06.2022г. | L21: Реализация требований обновленных ФГОС НОО,ФГОС ООО в работе учителя ,36ч. | N21: 6 | P21: aminathistori@mail.ru | Q21: 89285772725
B22: Гасбанов Шамил Гизбулаевич | E22: 21976 | F22: 8212/236985 | G22: Уч. истории/менеджер | H22: ДГУ | I22: 1987 | J22: Уч. истории | K22: 37 | M22: 15.06.2022 052415815840 | N22: ДИРО | P22: 11 | R22: gasbanov.60@mail.ru | S22: 89285909474
A23: 27 | B23: Даудова Фирдаус Ильясовна | C23: 35962 | D23: 8219 205456 | E23: уч ист и общ | F23: ДГУ | G23: 2019 | H23: уч ист и общ | I23: 5 | J23: соответсвие | K23: 2022г,450112 | M23: ООО "АКАДЕМИЯ ГОСАТТЕСТАЦИИ"2020г,уч русского языка и литературы,256ч | N23: 8.2 | P23: FIRDAUSDAUDOVA@icloud.com | Q23: 89667430763
A24: 13 | B24: Зайпуллаев Мурад Нуруллаевич | C24: 32525 | D24: 4515-121013 | E24: Фармация. Химия | F24: ГБОУ ТГМУ . МЦ УЦ "Знание" | G24: 2016.202 | H24: Учитель истории | I24: 2из3 | J24: соответствие | K24: нет | L24: нет | M24: Учитель химии,НАНО ДПО ОЦ ЗНАНИЕ,2020 | N24: нет | O24: нет | P24: zzmmnn89@mail.ru | Q24: 89034774305
B25: Ибрагимова Сакинат Алиевна | E25: 25.031972 | F25: 8201/573223 | G25: историк,психолог | H25: ДГПУ | I25: 1994 | J25: учитель,история | K25: 32/32 | L25: нет категории | M25: ФГАОУ ДПО "АРГП и ПРРО МПРФ", 2022г, № у-105990/б,36ч.АНО ДПО "НИКО"- №404-1200220078 | Q25: sakinat.ibragimova.72@mail.ru | R25: 89382089381
B26: Омарова Хамис Курбановна | C26: 18186 | D26: 8202 695850 | E26: Высшее | F26: ДГПИ | G26: 1984 | H26: История 6-9кл, ист. Даг | I26: 55/55 | J26: соответствие | L26: Не проходила | N26: 1-3кл | O26: почетный работник образования | P26: xamiskurbanova@inbox.ru | Q26: 89289748272
B27: Курбанова Заира Магомедзапировна | C27: 32600 | D27: 82 15 714281 | E27: Учитель истории | F27: Историко –философский факультет УРАО, 2013г. | G27: 2013 | H27: учитель истории | I27: 10/15 | L27: ГБУ ДПО РД "ДИРО" 24.04.2021г, № 04003969, 72 ч. "Совершенствование управленческой деятельности в условиях модернизации образования" | M27: Менеджмент в образовании, АНО ДПО Учебный Центр "Промстройгаз" , 2021 | P27: z.budunova@mail.ru | Q27: 8923 777 66 62
A28: 3 | B28: Багамаева Барият Хасбуллаевна | C28: 24749 | D28: 82 12 249936 | E28: Учитель русского яз.и литературы; история | F28: ДГУ; УДПО "Махачкалинский центр повышения квалификации; | G28: 1991 | H28: учитель истории | I28: 33/33 | J28: высшая | K28: 2022г. № 150000114655 , от 12.05.2022г., | L28: Москва, ФГАОУДПО "Академия реализации гос. политики и проф. развития работников образования Министерства просвещения РФ". 36 ч, "Реализация требований обновленных ФГОС НОО, ФГОС ОО в работе учителя" | M28: УДПО "Махачкалинский центр повышения квалификации", 13.09.2016г., № 052402541109, "Педагогическое образование: История"; | P28: bagamaeva.05@mail.ru | Q28: 8928 581 89 21
A29: 4 | B29: Магомедов Шамиль Камилович | C29: 27255 | D29: 82 00 264463 | E29: учитель физической культуры | F29: ДГПУ | G29: 2021 | H29: учитель Истории | I29: 6/28 | J29: соответствие | K29: 015. №3396 с 22.06.2015 по 11.07.2015 | L29: Реализация требований обновленных ФГОС НОО,ФГОС ООО в работе учителя 36 часов. | P29: shamil-usisha@mail.ru | Q29: 89637975159
A30: 10 | B30: Алиев Арсен Магомедович | C30: 32618 | D30: 82 08 641204 | E30: Востоковедение, Африканистика | F30: ДГУ | G30: 2011 | H30: учитель Истории Дагестана | I30: 13 | J30: высшая | K30: Реализация ФГОС на уроках истории в образовательных организациях 2019, №862. 25.03.2019 по 13.04.2019 | L30: Реализация требований обновленных ФГОС НОО,ФГОС ООО в работе учителя 36 часов. | M30: НАНО ДПО ОЦ "Знание" НАНО ДПО ОЦ ЗНАНИЕ по программе дополнительного профессионального образования "Педагогическое образование: Теория и методика преподавания информатикиси ИКТ В ОБРАЗОВАТЕЛЬНЫХ ОРГАНИЗАЦИЯХ" с 1 марта 2021 г. По 30 апреля 2021 г. | P30: arsen-aliev-m@mail.ru | Q30: 89034690279
A31: 9 | B31: Амирова Зубайдат Амировна | C31: 26217 | D31: 8212-276370 | E31: география | F31: ДГПУ | G31: 1996 | H31: учитель истории | I31: 33 | K31: 2022, № 150000114284, 2022 | L31: ФГАОУ ДПО "Академия Минпросвещения РФ", 36 ч. | M31: Менеджмент в образовании, ЧУДПО МЦПК Академия "Каспий", 2021 | P31: amirovna1110@mail.ru | Q31: 89288058570
A32: 30 | B32: Магомедов Чупан Магомедович | C32: 30326 | D32: 8203-370003 | E32: история и юриспруденция | F32: ДГПУ | G32: 2006 | H32: учитель истории | I32: 18 | K32: 2023, № 04 119494, 25.07.2023 | L32: ГБУ ДПО РД "ДИРО", 36 ч. | P32: mchm83@mail.ru | Q32: 89285274658
A33: 26 | B33: Омаров Казбек Омарович | C33: 28383 | D33: 8222631027 | E33: учитель истории | F33: ДГУ | G33: 1999 | H33: учитель истории | I33: 24/24 | K33: 2023, №476327, 21.03.2023 | L33: ДИРО, 36ч., "Эффективные педагогические практики подготовки к ЕГЭ по истории" | P33: Kazbekomarov487@gmail.com | Q33: 89285168051
B34: Омаров Казбек Омарович | C34: 28383 | D34: 8222631027 | E34: учитель истории | F34: ДГУ | G34: 1999 | H34: учитель обществознания | I34: 24/24 | K34: 2022, №у-108384/б, 12.05.2022 | L34: ФГАОУ ДПО "Академия реализации гос.политики и проф.развития работников образования Минпросвещения РФ", 36ч., "Реализация требований ФГОС НОО, ФГОС ООО в работе учителя" | P34: Kazbekomarov487@gmail.com | Q34: 89285168051
A35: 15 | B35: Омаргаджиев Ахмедгаджи Магомедрасулович | C35: 29046 | D35: 8208619945 | E35: История и .общ-е. | F35: ДГПУ г.Махачкала | G35: 2001 | H35: Учитель истории | I35: 23/23 | J35: высшая | K35: 2022, 1200220144, 13.01.2022 | L35: АНО ДПО "НИКО" Методы повышения результативности обучающихся на ГИА. История, 72 ч. | N35: 11 | O35: Поч. Работ. РФ 2021 | P35: omar-ahmed79@yandex.ru | Q35: 89298764446
A36: 4 | B36: Мамаев Арслангерей Халилибрагимович | C36: 06,04,1957 | D36: 8303-293399 | E36: история | F36: ДГУ | G36: 1980 | H36: учитель истории | I36: 44/44 | K36: 14.06 2022 052415815971 | L36: ДИРО, 36 ч. | N36: 10 | P36: mamaev1957@mail.ru | Q36: 89640140461.
B37: Магомедова Хадижат Раджабовна | C37: 18099 | D37: 8213-469709 | E37: учитель истории | F37: РВШП | G37: 1981 | H37: учитель истории | I37: 40 | J37: соответствие | K37: №052415815958 От 01.06.22г по 15.06.22г | L37: ДИРО «Реализация требований обновленных ФГОС НОО, ФГОС ООО в работе учителя». | P37: tebekmaxi9@gmail.com | Q37: 89674033360
A38: 13 | B38: Магомедов Тажутдин Магомедович | C38: 20059 | D38: 8202637043 | E38: география | F38: ДГПИ | G38: 1985 | H38: история | I38: 48/48 | J38: соответствие | K38: 2022, № ПК 013383 от 05.08.2022г. | L38: МЦПК-Академия Каспий,2022,108ч"Реализация ФГОС на уроках истории в общеобразовательных организациях среднего профессионального образования" | P38: tazhutdin.magomedov.54@mail.ru | Q38: 8928-972-39-60
B39: Хизриева Гидаят Уканчиевна | C39: 28463 | D39: 8203-191222 | E39: филолог | F39: ДГУ | G39: 2002 | H39: история | I39: 23/23 | J39: 1 | K39: 2021г, №4563, 72ч, | L39: НИКО Русский язык. "Методы повышения результативности обучающихся на ГИА" 36ч.Образовательный центр "Знание" 72ч,"Иновационные подходы к преподаванию русского языка и литературы в условиях ФГОС ООО" | P39: 04GKZRG12@mail.ru | Q39: 89280555178
B40: Караева Айшат Будуновна | C40: 33106 | D40: 8510-432929 | E40: учитель начальных классов | F40: ДГПУ | G40: 2019 | H40: история | I40: 5\5 | K40: №1200220093. 13.01.2022г | L40: НИКО 72ч. "История. Методы повышения результативности обучающихся на ГИА" | N40: 8а | P40: ajsatKaraeva4@gmail.com | Q40: 89285067550
B41: Нагбаров Магомед Магомедрасулович | C41: 30983 | D41: 82 03№7515702 | E41: Учит.физкульт. | F41: ДГПУ | G41: 2006 | H41: История | I41: 18 | J41: соответствие | L41: Академия "Каспий"Махачкала 72ч. | P41: Nagbarov@mail.ru | Q41: 8 960 408 70 09
B42: Магомедова Шахризат Аскандаровна | C42: 0505.92г. | D42: 82,11 177376 | E42: история. | F42: ДГПУ | G42: 2015 | H42: история | I42: 10 | J42: нет | P42: sahaxrizat-magomedowa@mail.ru | Q42: 89634148151
A43: 1 | B43: Исаев Абдулла Гарибангаджиевич | C43: 24101 | D43: 82 10 985236 | E43: Учитель трудового обучения | F43: ДГПИ | G43: 1993 | H43: История | I43: 33/40 | J43: Высшая | K43: 2022 №052416551063 от 28.03.2022 | L43: ЧУ ДПО "МЦПК", 72 часа, "Совершенствование профессиональных компетенций учителей истории в условиях реализации обновленных ФГОС" | O43: Нагрудной знак "Почетный работник образования и просвещения Российской Федерации" | P43: abdullaruo@mail.ru | Q43: 89298670523
A44: 4 | B44: Абакаров Абакар Магомедович | C44: 22553 | D44: 82 07 324946 | E44: История, советское право | F44: ДГПИ | G44: 1985 | H44: История | I44: 36/38 | J44: первая | N44: 5а | P44: aabakarov864@gmail.com | Q44: 89288791622
B45: 21 | C45: Абдуллаев Абдулла Исламович | F45: 36022 | G45: 8218-102832 | H45: история/общ | I45: ДГУ | J45: бакалавр | K45: учитель истории/общ | L45: 1/1. | M45: соответствие | P45: 11 | R45: Abdullaev121333@gmail.com | S45: 89887861395
A46: 21. | B46: Магомедова Патимат Иминовна | C46: 31679 | D46: 8206 176580 | E46: история и юриспруденция | F46: ДГПУ | G46: 2008 | H46: учитель истории | I46: 16/16 | J46: соответствие | K46: 2022 г., №150000117367 от 12.05.2022 г. 2022 г., №050400012068 от 03.09.2022 г. 2022 г., №04 102465 от 03.09.2022 г. | L46: ФГАОУ ДПО "Академия реализации гос.политики и проф.развития работников обр. Министерства Просвещения РФ", 36 ч., "Реализация требований обновленных ФГОС НОО, ФГОС ООО в работе учителя"; НАНО ДПО ОЦ "Знание", 72 ч., "Реализация требований ФГОС ООО третьего поколения в работе учителя истории"; ГБУ ДПО РД "ДИРО", 48 ч., "Школа Минпросвещения России":новые возможости для повышения качества образования. | P46: zagir2019@icloud.com | Q46: 8928 595-22-12 | R46: акад.отпуск
B47: Магомедова Патимат Иминовна | C47: 31679 | D47: 8206 176580 | E47: история и юриспруденция | F47: ДГПУ | G47: 2008 | H47: учитель истории | I47: 16/16 | J47: соответствие | K47: 2022 г., №150000117367 от 12.05.2022 г. 2022 г., №050400012068 от 03.09.2022 г. 2022 г., №04 102465 от 03.09.2022 г. | L47: ФГАОУ ДПО "Академия реализации гос.политики и проф.развития работников обр. Министерства Просвещения РФ", 36 ч., "Реализация требований обновленных ФГОС НОО, ФГОС ООО в работе учителя"; НАНО ДПО ОЦ "Знание", 72 ч., "Реализация требований ФГОС ООО третьего поколения в работе учителя истории"; ГБУ ДПО РД "ДИРО", 48 ч., "Школа Минпросвещения России":новые возможости для повышения качества образования. | P47: zagir2019@icloud.com | Q47: 8928 595-22-12
A48: 25. | B48: Магомедов Гаджимурад Магомедович | C48: 27137 | D48: 8202 922262 | E48: история | F48: ДГПИ | G48: 1996 | H48: Зам.директора по УВР | I48: 29/29 | K48: 2022 г., №150000117184 от 12.05.2022 г. 2022 г., №04 102073 от 03.09.2022 г. | L48: ФГАОУ ДПО "Академия реализации гос.политики и проф.развития работников обр. Министерства Просвещения РФ", 36 ч., "Реализация требований обновленных ФГОС НОО, ФГОС ООО в работе учителя"; ГБУ ДПО РД "ДИРО", 48 ч., "Школа Минпросвещения России":новые возможости для повышения качества образования. | M48: "Практическая психология", ДГПУ, 2005 г., "Менеджмент в образовании ЧУДПО "МидлИст", 2017 г. | P48: gadzhimuradm18@mail.ru | Q48: 8928 594-83-87
B49: Магомедов Гаджимурад Магомедович | C49: 27137 | D49: 8202 922262 | E49: история | F49: ДГПИ | G49: 1996 | H49: учитель ОДНКНР | I49: 29/29 | J49: соответствие | K49: 2022 г., №150000117184 от 12.05.2022 г. 2022 г., №04 102073 от 03.09.2022 г. | L49: ФГАОУ ДПО "Академия реализации гос.политики и проф.развития работников обр. Министерства Просвещения РФ", 36 ч., "Реализация требований обновленных ФГОС НОО, ФГОС ООО в работе учителя"; ГБУ ДПО РД "ДИРО", 48 ч., "Школа Минпросвещения России":новые возможости для повышения качества образования. | M49: "Практическая психология", ДГПУ, 2005 г., "Менеджмент в образовании ЧУДПО "МидлИст", 2017 г. | P49: gadzhimuradm18@mail.ru | Q49: 8928 594-83-87
B50: Магомедов Гаджимурад Магомедович | C50: 27137 | D50: 8202 922262 | E50: история | F50: ДГПИ | G50: 1996 | H50: учитель истории | I50: 29/29 | J50: соответствие | K50: 2022 г., №150000117184 от 12.05.2022 г. 2022 г., №04 102073 от 03.09.2022 г. | L50: ФГАОУ ДПО "Академия реализации гос.политики и проф.развития работников обр. Министерства Просвещения РФ", 36 ч., "Реализация требований обновленных ФГОС НОО, ФГОС ООО в работе учителя"; ГБУ ДПО РД "ДИРО", 48 ч., "Школа Минпросвещения России":новые возможости для повышения качества образования. | M50: "Практическая психология", ДГПУ, 2005 г., "Менеджмент в образовании ЧУДПО "МидлИст", 2017 г. | P50: gadzhimuradm18@mail.ru | Q50: 8928 594-83-87
B51: Магомедов Гаджимурад Магомедович | C51: 27137 | D51: 8202 922262 | E51: история | F51: ДГПИ | G51: 1996 | H51: учитель обществознания | I51: 29/29 | J51: соответствие | K51: 2022 г., №150000117184 от 12.05.2022 г. 2022 г., №04 102073 от 03.09.2022 г. | L51: ФГАОУ ДПО "Академия реализации гос.политики и проф.развития работников обр. Министерства Просвещения РФ", 36 ч., "Реализация требований обновленных ФГОС НОО, ФГОС ООО в работе учителя"; ГБУ ДПО РД "ДИРО", 48 ч., "Школа Минпросвещения России":новые возможости для повышения качества образования. | M51: "Практическая психология", ДГПУ, 2005 г., "Менеджмент в образовании ЧУДПО "МидлИст", 2017 г. | P51: gadzhimuradm18@mail.ru | Q51: 8928 594-83-87
A52: 36. | B52: Рамазанова Патимат Гаджиевна | C52: 29958 | D52: 8218 102714 | E52: история | F52: ДГУ | G52: 2004 | H52: Советник директора по ВР | I52: 20/20 | P52: pgadjievna@icloud.com | Q52: 8928 284-65-40
B53: Рамазанова Патимат Гаджиевна | C53: 29958 | D53: 8218 102714 | E53: история | F53: ДГУ | G53: 2004 | H53: учитель истории | I53: 20/20 | J53: соответствие | K53: 2022 г., №04 087770 от 29.04.2022 г. 2022 г., №04 102456 от 03.09.2022 г. 2022 г., №050400012130 от 17.09.2022 г. | L53: ГБУ ДПО РД "ДИРО", 36 ч., "Использование цифрового верифицированного образовательного контента в преподавании учебных предметов"; ГБУ ДПО РД "ДИРО", 48 ч., "Школа Минпросвещения России":новые возможости для повышения качества образования; НАНО ДПО ОЦ "Знание", 108 ч., "Реализация требований ФГОС ООО третьего поколения в работе учителя истории". | P53: pgadjievna@icloud.com | Q53: 8928 284-65-40
A54: =A53+1 -> 1 | B54: Курбанов Магомед Абдуллаевич | C54: 24097 | D54: 8210-923946 | E54: История | F54: Хас.пед. | G54: 1985 | H54: учитель истории | I54: 39/39 | J54: соответствие | K54: 000000093243 от 13.11.2023г | L54: АНО ДПО"Платформа"г.Ижевск,144ч, "Реализация требований обновленных ФГОС ООО и ФГОС СОО в работе учителя истории и обществознания" | M54: преподаватель истории и обществознания, ЧОУ ДПО ИПКиПП, 2019г | N54: 5 | P54: mtabuk@mail.ru | Q54: 89288730993
A55: 22 | B55: Исуева Патимат Аминуллаевна | C55: 27674 | D55: 82 20 390558 | E55: История | F55: МИПП | G55: 2005 | H55: учитель истории | I55: 22/22 | J55: первая | K55: 052415815879 от 15.06.2022г | L55: ГБУ ДПО РД "ДИРО", 36ч, "Реализация требований обновленных ФГОС НОО,ФГОС ООО в работе учителя" | P55: isuyeva05@mail.ru | Q55: 89673947374
A56: 23 | B56: Магомедов Гаджимурад Магомедович | C56: 27137 | D56: 8202-922262 | E56: История/ОРКИСЭ | F56: ДГПИ | G56: 1996 | H56: учитель истории | I56: 29/29 | K56: 622415515406 от 13.11.2023г | L56: ООО"Региональный центр повышения квалификации", 72ч,"Реализация требований ФГОС и введение ФОП в работе учителя истории" | M56: менеджмент в образовании, ЧУДПО МИДЛ ИСТ, 2017г | P56: gadzhimuradm18@mail.ru | Q56: 89285948387
B57: Абдуллаев Гаджи Магомедович | C57: 24108 | D57: 83 10 № 957123 | E57: история | F57: ИФ ДГУ 1991 | H57: уч. истории | I57: 32/39 | J57: соответствие | K57: 150000113451 2022г. | L57: АНО ДПО ОЦ СПЕКТР 108ч., "Реализация ФГОС на уроках истории в образовательных организациях". ФГАОУ ДПО АРГППРРОНП РФ 36ч. "Реализация требований обновленных ФГОС в работе учителя" | P57: gadjiabdullaev@mail.ru | Q57: 89280557110
A58: 8 | B58: Абдуллаева Айшат Магомедовна | C58: 32636 | D58: 83 03 № 309128 | E58: история | F58: ИФ ДГПУ 2010 | H58: уч. история | I58: 12 | J58: соответствие | P58: aishat581989@icloud.com | Q58: 89604198980
A59: 43 | B59: Магомедова Зульфият Якубовна | C59: 25508 | D59: 82 02 № 703472 | E59: история | F59: ИФ ДГУ 2001 | H59: уч. истории | I59: 33 | J59: соответствие | O59: 2017 засл. раб. культуры. РД | P59: isuevaz@mail.ru | Q59: 89285903277
A60: 51 | B60: Магомедов Шамиль Саидович | C60: 28429 | D60: 82 06 № 059723 | E60: история | F60: ИФ ДГУ 2000 | H60: уч. истории | I60: 21 | J60: первая | O60: 2024, Почетный работник сферы образования РФ | P60: starley.77@mail.ru | Q60: 89282501065
A61: 5 | B61: Шейхов Магомед Рамазанович | C61: 19536 | D61: 82 03 476895 | E61: История и обществоведение | F61: ДГПИ | G61: 1983 | H61: учитель истории | I61: 48/41 | J61: соответствие | K61: 2022, 404 1200220184 от 13.01.2022г | L61: АНО ДПО НОКО 72 часа "Методы повышения результативности итоговой аттестации" | M61: . | N61: 6 | P61: sheykhov26@mail.ru | Q61: 8967-403-81-10
A62: 11 | B62: Валибагандова Халимат Алибагандовна | C62: 36145 | E62: Юриспруденция | F62: ДГУ | G62: 2021 | H62: учитель истории и обществознания | I62: 1 | J62: молодой спец. | L62: ООО "Центр повышения кв. и переподг.""Луч знаний"2022г. | O62: genma.00@mail.ru | P62: 89288081113
B63: Магомедов Джамалутдин Исаевич | C63: 28342 | D63: 8203-039158 | E63: н/кл, история | F63: ИПУ, ДГПУ | G63: 1998/2009 | H63: учитель истории | I63: 25/25 | J63: высшая | K63: 2022г., № 150000117177 от 12.05.2022 | L63: ФГАОУ ДПО "Академия реализации гос. политики и проф. развития работников образования Министерства просвещения РФ", 36часа,"Реализация требований обновленных ФГОС НОО, ФГОС ОО в работе учителя"; | P63: d.magomiedov@mail.ru | Q63: 89285927290
B64: Алиев Ильяс Магомедович | C64: 22.04.1980 г. | D64: 8203 614229 | E64: География и экология | F64: ДГПУ | G64: 2004 | H64: Учитель истории | I64: 20/20 | J64: Соответствие занимаемой должности | O64: ilyas-aliev-1980@mail.ru | P64: 89288055790
B65: Османова Аминат Магомедовна | C65: 23065 | D65: 8207 436657 | E65: Учитель биологии | F65: ДГПИ | G65: 1986 | H65: Учитель истории | I65: 39/39 | J65: высшая | K65: 2021,4594;2022,450262. | L65: ЦНППМПР,185ч; ДИРО 36ч. | M65: Менеджмент в образовании, МИДЛ,2017.. | O65: "Почетный работник сферы образования РФ" | P65: aminat.osmanova.1963@mail.ru | Q65: 89094868450
A66: 6 | B66: Исакова Зухра Джамалудиновна | C66: 29725 | D66: 8206 203482 | E66: Учитель истории и географии | F66: ДГПУ | G66: 2020 | H66: учитель истории | I66: 45512 | J66: Соответ. | K66: 2023, 04125618;2023,04 126866; | L66: ДИРО:36ч;72ч; | N66: 5 | P66: isakovazuhra88@gmail.com | Q66: 89640129253

Sheet химия
A1: № | B1: ФИО | C1: Дата рождения | D1: Серия, номер паспорта | E1: Специальность по ДИПЛОМУ (перечислить все в порядке получения) | F1: Что окончил (перечислить все в порядке получения) | G1: Год окончания (перечислить все в порядке получения) | H1: Должность работника, преподав. предмет (сколько долж-й - столько раз показать человека) | I1: Стаж педагогической/общий | J1: Квалификационная категория | K1: ПОВЫШЕНИЕ КВАЛИФИКАЦИИ: Год прохождения КПК (за последние 3 года) , номер и дата удостоверения | L1: ПОВЫШЕНИЕ КВАЛИФИКАЦИИ: учреждение, количество часов,название курса | M1: Переподготовка (специальность по диплому, наименование учреждения, год окончания, в порядке получения) | N1: Классное руководство (указать класс) | O1: Звания и награды | P1: Адрес электронной почты | Q1: Контактный номер телефона
B2: 1 | C2: 2 | D2: 3 | E2: 4 | F2: 5 | G2: 6 | H2: 7 | I2: 8 | J2: 9 | K2: 10 | L2: 11 | M2: 12 | N2: 13 | O2: 14 | P2: 15 | Q2: 16
A3: 32 | B3: Тантанова Эльмира Алигадживна | C3: 21759 | D3: 8203-732339 | E3: химик, предподователь | F3: ДГУ | G3: 1982 | H3: учитель химии | I3: 41/41 | J3: высшая | K3: 2021г.от 18.10 № | L3: НИКО 72ч. "Методы повышения результативности обущающихся на ГИА" | O3: "Почетный работник общего оброзования РФ 10.06.2011г | P3: elmira.aligadjievna@mail.ru | Q3: 89896550171
A4: 31 | B4: Абдуллаева Айшат Абдулвагабовна | C4: 36927 | D4: 82 22-587795 | E4: Учитель химии и биологии | F4: ДГПИ | H4: Учитель химии и биологии | I4: 2/2 | J4: соответствие
A5: 1 | B5: Сайпутинов Магомед Гаджиалиевич | C5: 10.04.1978г | D5: 8222704799 | E5: химик | F5: ДГУ | G5: 2001г. | H5: директор школы | I5: 12 | K5: 3482.2021г.2022г. | L5: 8202657 | P5: msaiputinov@mail.ru | Q5: 89370300005
A6: Хизриева Зубайдат Магомедовна | B6: 30458 | C6: 82 03 552477 | D6: русский язык и литература | E6: ДГПУ | F6: 2005 | G6: учитель химии | H6: 19/19 | I6: высшая | M6: 7 | O6: zubaidat19832017@yandex.ru | P6: 89640159011
B7: Курбанова Гулжанат Рамазановна | E7: 31705 | F7: 8206-183557 | G7: педагогика и методика начального образования;учитель биологии; учитель химии | H7: ДГПУ,ООО "Академия ГОСАТТЕСТАЦИИ" | I7: 2008 | J7: учитель химии | K7: 14/14 | L7: соответствие | M7: 2020 (переподготовка) | O7: Учитель биологии ООО "Академия ГОСАТТЕСТАЦИИ"-2020 | P7: 2 | Q7: 0 | R7: ayshat-1978@mail.ru | S7: 89285740766
A8: 5 | B8: Магомедова Раисат Рабадановна | C8: 29002 | D8: 8215745429 | E8: Химия | F8: ДГУ | G8: 2002 | H8: Химия | I8: 12 | J8: соответствие | K8: 2022 г., №000000010097, 26.06.2022 г. | L8: АНО ДПО "ПЛАТФОРМА", 72 часа, "Методика преподавания химии в условиях реализации ФГОС" | P8: Kakoita21@gmail.com | Q8: 8961-834-75-71
A9: 13 | B9: Гуруева Габибат Абдуллаевна | E9: 20326 | F9: 8203-266417 | G9: учитель химии | H9: ДГУ | I9: 1978 | J9: учитель химии | K9: 38/46 | L9: высшая | M9: 2022,№1200260061 13.01.2022 | N9: Москва, ОЦ НИКО | P9: Заслуженный учитель РД | Q9: gabibat1955 | R9: 89094844738
B10: Киримова Патимат Абдулкадировна | C10: 27846 | D10: 8203-669856 | E10: Математика | F10: ДГУ | G10: 2004 | H10: Учитель химии | I10: 3 | P10: patimat.kirimova@bk.ru | Q10: 89640100196
A11: 10 | B11: Абдурахманова Залму Ашурлаевна | C11: 25118 | D11: 8213381792 | E11: Учитель географии | F11: ДГПИ | G11: 1991 | H11: Учитель химии | I11: 36\36 | K11: 2024,№04128848,03.04.2024 | L11: "Совершенствование предметных компетенций учителей химии по подготовке выпускников к ГИА",72ч. | M11: "Учитель химии" ПО АНО" Северо-Кавказский гуманиторно- многопрофильный колледж имени Имама Шамиля | P11: zalmu999@mail.ru | Q11: 89285209989
A12: 6 | B12: Ахмедгаджиев Магомед Омарович | E12: 28.07.1966г | F12: 82 11 030147 | G12: учитель биологии | H12: Открытый социальный университет | I12: 2008 | J12: учитель, химия | K12: 26 | L12: соответствие | M12: 2021г | N12: г.Махачкала,ДИРО | Q12: amatchimagomed@mail.ru | R12: 89280473014
A13: 12 | B13: Разакова Загидат Гаджиевна | C13: 25756 | D13: 82 15 689501 | E13: уч биологии | F13: ДГПУ | G13: 2005 | H13: уч химии | I13: 35 | J13: первая | P13: rzgkavkasohs@mail.ru | Q13: 89065279142
B14: Исаева Гулаймат Гаджиевна | C14: 28872 | D14: 8223808513 | E14: биолог,химик,математик | F14: ДГУ,ООО УЦ "Профессионал" | G14: 2002.2017 | H14: учитель химии | I14: 23из23 | J14: соответствие | K14: №190719 0020413 05.05.2021г | L14: АНО ДПО "ЕЦПК" 108 ч "Содержание и методика преподавания географии в соответствии с требованиями ФГОС" | M14: учитель математики ООО УЦ "Профессионал" | N14: 7 | O14: нет | P14: igg05@mail.ru | Q14: 89604080400
B15: Ибрагимова Мариям Магомедовна | E15: 21860 | F15: 8203/421560 | G15: биология, химия | H15: ДГПИ | I15: 1984 | J15: учитель.химия | K15: 40/40 | L15: нет категории | M15: ФГАОУДПО "Академ. Реал. Госуд. Пол.и проф. Разв. Раб.обр. мин.прос.Рф2020, №у-25694/б, 112ч. | O15: 10 | Q15: mariyam.ibragimova.59@mail.ru | R15: 89282862139
B16: Гусбанова Муъминат Ибаевна | C16: 28430 | D16: 8203 063197 | E16: Высшее | F16: ДГУ | G16: 2000 | H16: Химия | I16: 24/24 | J16: соответствие | L16: Не проходил | N16: 9кл | P16: muminat.gusbanova@yandex.ru | Q16: 89288791880
B17: Гаджиев Идрис Магомедович | C17: 27017 | D17: 83 02 708897 | E17: Учитель математики, физики и информатики | F17: ДГПУ | G17: 1996 | H17: учитель химии | I17: 27/27 | K17: 2022г., № 04087693 от 29.04.2022г. | L17: ГБУ ДПО "ДИРО" , 36 Ч., "Использование цифрового верифицированного образовательного контентав преподовании учебных предметов" | O17: Обладатель Почетной грамоты Всероссийского уровня; Почетный работник общего образования РФ | P17: inventor77@mail.ru | Q17: 8964 419 12 28,
A18: 6 | B18: Дабаева Патимат Курбановна | C18: 25477 | D18: 82 03 669887 | E18: учитель химии | F18: ДГУ | G18: 1995 | H18: учитель химии | I18: 29 | J18: высшая | K18: "Использование оборудоания региональных центровв детского технопарка "Кванториум" и центра "Точка роста" для реализации образовательных программ по химии в рамках естественно-научного направления" с 25 мая 2021г. По 25 июня 2021г. 040000308778 Совершенствование деятельности учителя начальных классов в соответствии с требованиями ФГОС 2019, №871. 25.03.2019 по 13.04.2019 | M18: НАНО ДПО ОЦ "Знание" | N18: 3.5 | P18: nach.patimat@mail.ru | Q18: 89285759343
A19: 35 | B19: Магомедова Эльмира Ахмедгаджиевна | C19: 30618 | D19: 8207-305147 | E19: охрана окружающей среды и рациональное использование природных ресурсов | F19: ДГУ | G19: 2006 | H19: учитель химии | I19: 18 | K19: 2023, № 04 120869, 31.07.2023 | L19: ГБУ ДПО РД "ДИРО", 36 ч. | M19: Учитель химии, АНО ДПО "Единый центр подготовки кадров", 2017г. | P19: elmira291083@mail.ru | Q19: 89285934829
B20: Ванатов Абдулла Магомедович | C20: 31153 | D20: 8203700112 | E20: Биология | F20: ДГУ г.Махачкала | G20: 2009 | H20: Учитель химии | I20: 14/14 | J20: соответствие | K20: 2022 | L20: АНО ДПО "НИКО" Методы повышения результативности обучающихся на ГИА. Химия, 72 ч. | P20: vanatov85@yandex.ru | Q20: 89285500350
A21: 6 | B21: Магомедова Зайнаб Магомедовна | C21: 01,04,1956 | D21: 8203-213288 | E21: химия | F21: ДГУ | G21: 1981 | H21: учитель химии | I21: 44/44 | J21: высшая | N21: 8 | P21: zaynab.1956@mai.ru | Q21: 89634217882.
B22: =[3]Список!$B$16 -> Мажидов Ильяс Абдулмажидович | C22: 30235 | D22: 8203-500990 | E22: учитель химии | F22: ДГПУ | G22: 2004 | H22: учитель химии | I22: 20 | J22: соответствие | N22: 11 | P22: ilyas.mazhidov@bk.ru | Q22: 89285991449
A23: 8 | B23: Абдулгамидов Магомедсаид Гамидович | C23: 24643 | D23: 8211177596 | E23: биология ,химия | F23: ДГПИ | G23: 1991 | H23: химия | I23: 33/33 | J23: первая | K23: 2021г,№1200260008 от24.12.2021г | L23: ГБДО ДПО ДИРО,72чМетоды повышения результативности обучающихся на ГИА" | O23: Почётный работник ОО РФ,2013 | P23: maga_67@mail.ru | Q23: 8928-950-53-23
B24: Тааева Патимат Курбановна | C24: 32922 | D24: 8215-689531 | E24: биоэкология | F24: ДГПУ | G24: 2012 | H24: химия | I24: 7\7 | K24: 13.01.2022г №1200260152 | L24: НИКО Химия . Методы повышения результативности обучающихся на ГИА"72ч. | P24: muginka161@mail.ru | Q24: 89285451067
A25: 16 | B25: Исаева Загидат Хабибуллаевна | C25: 23508 | D25: 82 01 456505 | E25: Биология, химия | F25: ДГПУ | G25: 2005 | H25: Химия | I25: 18/28 | J25: первая | K25: 2021 №04 074525 от 30.04.2021 | L25: ГБУ ДПО РД "ДИРО", 72 часа, "Совершенствование методических компетенций учителя для повышения качества преподования химии" | N25: 5Б | P25: zagidatisaev@mail.ru | Q25: 89654879350
B26: 19 | C26: Магомедгаджиев Камиль Абдуллаевич | F26: 35724 | G26: 8217-998057 | H26: химия | I26: ДГУ | J26: 2020 | K26: учитель химии | L26: 4/4 | M26: соотвествие | N26: Академия реализации государственной политики МИНПРОСВЕТ 112ч. №040000212759 от 30.11.2020 | P26: 9 | R26: kamil-11111@mail.ru | S26: 89894887773
A27: =A26+1 -> 1 | B27: Муртазалиева Раисат Магомедовна | C27: 29761 | D27: 8203 513614 | E27: химия | F27: ДГУ | G27: 2003 | H27: учитель химии | I27: 21/21 | J27: высшая | K27: 04 102461 от 03.09.2022г | L27: ГБУ ДПО РД "ДИРО", 48ч, "Школа Минпросвещения России: новые возможности для повышения качества образования" | P27: raisat.murtazalieva.81@mail.ru | Q27: 89288656705
A28: 29 | B28: Гаджиева Раисат Утбановна | E28: 23968 | F28: 82 10 № 923907 | G28: химия | H28: ХБФ ДГПИ 1988 | J28: уч. химии | K28: 34/39 | L28: первая | M28: 040000210009 2020г. | N28: ДПО 112ч. "Совершенствование предметных и методических компетенций педработников (в том числе в области формирования функциональной грамотности) в рамках реализации федерального проекта Учитель будущего" | R28: graisat1408@mail.ru | S28: 89289416305
A29: 14 | B29: Рамвзанова Патимат Рамазановна | C29: 33339 | D29: 82 06 985421 | E29: Биология и химия | F29: ДГПИ | G29: 2021 | H29: учитель химии | I29: .12/12 | J29: соответ | M29: . | P29: patimat3833@gmail.com | Q29: 8967-395-48-57
B30: Муртазалиева Хадижат Магомедовна | C30: 30507 | D30: 8209 806358 | E30: биология | F30: БФ ДГУ | G30: 2005 | H30: химия | I30: 15 | J30: соответствие | P30: musayev1936@mail.ru | Q30: 89292512314
A31: 15 | B31: Курбанова Гулжанат Рамазановна | C31: 31705 | D31: 8206183557 | E31: н/кл | F31: ДГПУ | G31: 2008 | H31: учитель химии | I31: 15/15 | J31: соответствие | P31: gulzanat.kurbanova@icloud.com | Q31: 89285888450
B32: Магомедов Алигаджи Магомедович | E32: 20.11.1952 г. | F32: 8203-063101 | J32: Учитель химии | K32: 45/45 | L32: Соответствие занимаемой должности | Q32: magam.21705@mail.ru | R32: 89285004982
A33: 19 | B33: Османов Магомед Османович | C33: 20503 | D33: 8202 676598 | E33: Учитель Химии,географии | F33: ДГПИ,ИНТЕХНО | H33: Учитель химии | I33: 44/44 | J33: Первая | K33: 2020,3219;2022,450261;2020,3216 | L33: МЦПК Академии "Каспий"72ч;ДИРО 36ч | N33: 6 | P33: osmanmag56@mail.ru | Q33: 89634245840

Sheet обществознание
A1: № | B1: ФИО | C1: Дата рождения | D1: Серия, номер паспорта | E1: Специальность по ДИПЛОМУ (перечислить все в порядке получения) | F1: Что окончил (перечислить все в порядке получения) | G1: Год окончания (перечислить все в порядке получения) | H1: Должность работника, преподав. предмет (сколько долж-й - столько раз показать человека) | I1: Стаж педагогической/общий | J1: Квалификационная категория | K1: ПОВЫШЕНИЕ КВАЛИФИКАЦИИ: Год прохождения КПК (за последние 3 года) , номер и дата удостоверения | L1: ПОВЫШЕНИЕ КВАЛИФИКАЦИИ: учреждение, количество часов,название курса | M1: Переподготовка (специальность по диплому, наименование учреждения, год окончания, в порядке получения) | N1: Классное руководство (указать класс) | O1: Звания и награды | P1: Адрес электронной почты | Q1: Контактный номер телефона
B2: 1 | C2: 2 | D2: 3 | E2: 4 | F2: 5 | G2: 6 | H2: 7 | I2: 8 | J2: 9 | K2: 10 | L2: 11 | M2: 12 | N2: 13 | O2: 14 | P2: 15 | Q2: 16
A3: 4 | B3: Абдулкадирова Патимат Шариповна | C3: 36571 | D3: 82 19 299421 | E3: студент | F3: 4 курс | H3: учитель обществознания | J3: соответствие | K3: 2022г., № 050400010944 | L3: АНО ДПО ОЦ СПЕКТР, 72 часа, "Реализация требований обновленных ФГОС НОО, ФГОС ООО в работе учителя" | P3: asadullah89896597817@gmail.com | Q3: 89191869388
A4: 19 | B4: Шарипова Саида Абубакаровна | C4: 31930 | D4: 8207324610 | E4: Педагогика/Учитель обществознания | F4: НАЧО УВПО СГА/РЦПК | G4: 2015/2022 | H4: Преподаватель обществознания | I4: 1 | M4: Учитель обществознания/РЦПК/2022/№93617 | P4: saida.sharipova.1987@mail.ru | Q4: 89622029726
A5: 23 | B5: Магомедова Хамис Исмаиловна | C5: 37975 | D5: 723099802 | E5: Филолог | F5: СГПИ | H5: Преподаватель обществознания | I5: 1 | P5: hamism202@gmail.com | Q5: 89614864451
A6: Шахбанов Тимур Сергеевич | B6: 30053 | C6: 8203004821 | D6: Юриспруденция | E6: ДГПУ | F6: 2004 | G6: Учитель обществознания | H6: 21 | I6: соответствие | J6: 2021, №04 078394 от 23.10.2021 г. | K6: ГБУ ДПО РД "ДИРО","Совершенствование профессиональных компетенций учителей обществознания с учетом реализации ГОС", 108 часов | O6: timur.shakhbanov82@bk.ru | P6: 8903-481-22-78
A7: Юнусов Магомедали Арсланович | B7: 30056 | C7: 8203826060 | D7: История | E7: ДГПУ | F7: 2009 | G7: Учитель обществознания | H7: 20 | I7: соответствие | J7: 2022 г., ПК 013224 от 18.07.2022 г. | K7: ЧУДПО "Махачкалинский центр повышения квалификации- Академия "Каспий", "Реализация требований обновленных ФГОС НОО и ФГОС ООО в работе учителя", 72 часа | O7: yunusov.magomedali@bk.ru | P7: 8963-415-50-37
B8: Гаджиев Курбанмагомед Алиевич | E8: 19586 | F8: 8202-922227 | G8: учитель русского и родного языка | H8: ДГУ | I8: 1976 | J8: учитель обществознания | K8: 48/48 | L8: соответствие | M8: 2022,№052415815820,15.06.2022 | N8: Махачкала,ДИРО | R8: 89640103857
B9: Кадаранов Магомед-Имин Магомедович | C9: 20713 | D9: 8208-641052 | E9: История, менеджмент в образовании | F9: ДГПИ, МИДЛ ИСТ | G9: 1984, 2017 | H9: Учитель обществознании | I9: 47 | P9: kadaranov.magomedimin@bk.ru | Q9: 89064475547
B10: Магомедов Рамазан Асхабович | C10: 26244 | D10: 8203-669894 | E10: История | F10: ДГПУ | G10: 1997 | H10: Учитель обществознании | I10: 28 | K10: 2021, №052415813973 | L10: Махачкала, ГБУ РД Центр непрерыаного повышения профессионального мастерства педагогических работников. | P10: mramazan359@gmail.com | Q10: 89634267361
B11: Магомедов Багавадин Ахмедович | C11: 31865 | D11: 8208598011 | E11: Учитель истории | F11: ДГПУ | G11: 2012 | H11: Учитель обществознании | I11: 10\10 | P11: ruslan.istorik545@gmail.com | Q11: 89285577533
B12: Омарова Аматулла Зайнудиновна | E12: 35128 | F12: 0715/143167 | G12: Уч. истории и права | H12: ДГПУ | I12: 2020 | J12: Уч. обществознания | K12: 5 | M12: 22.03.2023 №04109491 | N12: ДИРО | P12: 8 | R12: amatula96@mail.ru | S12: 89280506750
A13: 24 | B13: Шахвалиева Залина Гусеновна | E13: 11.06.1985г | F13: 82 03 902197 | G13: учитель истории | H13: ДГПУ | I13: 2006 | J13: учитель, обществознания | K13: 10 | L13: соответствие | Q13: mrasul.1985@mail.ru | R13: 89286828281
A14: 20 | B14: Амаров Наби Магомедалиевич | C14: 34318 | D14: 8213439362 | E14: уч музыки | F14: РПК | G14: 2014 | H14: уч общество | I14: 9 | J14: соответсвие | P14: anmkavkasohs@mail.ru | Q14: 89280457774
B15: Абубакаров Дауд Шарапутинович | C15: 32372 | D15: 04 14 688510 | E15: право. физика | F15: ТГПУ, ООО УЦ "Профессионал" | G15: 2011.2018 | H15: учитель обществознания | I15: 7из 7 | J15: соответствие | K15: №190719 0020411 31.05.2022г | L15: АНО ДПО "ЕЦПК"108 ч "Содержание и методика преподавания физики в соответствии с требованиями ФГОС" | M15: учитель физики,ООО "Инфоурок",2018 | N15: нет | O15: нет | P15: abubakarov_2024@mail.ru | Q15: 89698056360
B16: Зайпуллаев Мурад Нуруллаевич | C16: 32525 | D16: 4515-121013 | E16: Фармация. Химия | F16: ГБОУ ТГМУ . МЦ УЦ "Знание" | G16: 2016.202 | H16: учитель обществознания | I16: 2из3 | J16: соответствие | K16: нет | L16: нет | M16: Учитель химии,НАНО ДПО ОЦ ЗНАНИЕ,2020 | N16: нет | O16: нет | P16: zzmmnn89@mail.ru | Q16: 89034774305
B17: Ибрагимова Сакинат Алиевна | E17: 25.031972 | F17: 8201/573223 | G17: историк,психолог | H17: ДГПУ | I17: 1994 | J17: учитель,обществознание | K17: 32/32 | L17: нет категории | M17: АНО ДПО "НИКО"- №404-1200210067 | Q17: sakinat.ibragimova.72@mail.ru | R17: 89382089381
A18: 1 | B18: Омарова Хамис Курбановна | C18: 18186 | D18: 8202 695850 | E18: Высшее | F18: ДГПИ | G18: 1984 | H18: Обществознание 6-9кл 4ч, русс.яз 7кл 6ч. История 6-9кл 8ч внеуроч.8кл ист.Даг 1ч, КТНД 1ч | I18: 55/55 | J18: соответствие | L18: Не проходила | N18: 1-3кл | O18: почетный работник образования | P18: xamiskurbanova@inbox.ru | Q18: 89289748272
B19: Гаджимагомедов Башир Мусаевич | C19: 32267 | D19: 8208 462746 | E19: Профессиональное обучение (информатика, вычислительная техника и компьютерные технологии) | F19: ДГПУ | G19: 2011 | H19: Учитель истории и обществознания | I19: 3/14 | J19: - | K19: - | L19: - | M19: Учитель истории и обществознания, НАНО ДПО ОЦ Знание, 2023 | N19: - | O19: - | P19: gadjimagomedov@mail.ru | Q19: 89995337999
A20: 10 | B20: Алиев Арсен Магомедович | C20: 32618 | D20: 82 08 641204 | E20: Востоковедение, Африканистика | F20: ДГУ | G20: 2011 | H20: учитель обществознания | I20: 13 | J20: высшая | K20: Реализация ФГОС на уроках истории в образовательных организациях 2019, №862. 25.03.2019 по 13.04.2019 | L20: Реализация требований обновленных ФГОС НОО,ФГОС ООО в работе учителя 36 часов. | M20: НАНО ДПО ОЦ "Знание" НАНО ДПО ОЦ ЗНАНИЕ по программе дополнительного профессионального образования "Педагогическое образование: Теория и методика преподавания информатикиси ИКТ В ОБРАЗОВАТЕЛЬНЫХ ОРГАНИЗАЦИЯХ" с 1 марта 2021 г. По 30 апреля 2021 г. | P20: arsen-aliev-m@mail.ru | Q20: 89034690279
A21: 31 | B21: Магомедов Чупан Магомедович | C21: 30326 | D21: 8203-370003 | F21: ДГПУ | G21: 2006 | H21: учитель обществознания | I21: 18 | K21: 2023, № 04 120349, 10.08.2023 | L21: ГБУ ДПО РД "ДИРО", 36 ч. | P21: mchm83@mail.ru | Q21: 89285274658
B22: Омаргаджиев Ахмедгаджи Магомедрасулович | C22: 29046 | D22: 8208619945 | E22: История и .общ-е. | F22: ДГПУ г.Махачкала | G22: 2001 | H22: Учитель обществознания | I22: 23/23 | J22: высшая | K22: 2022, 1200210120, 13.01.2022 | L22: АНО ДПО "НИКО" Методы повышения результативности обучающихся на ГИА. Обществознание, 72 ч. | P22: omar-ahmed79@yandex.ru | Q22: 89298764446
B23: =[3]Список!$B$13 -> Магарамова Кусум Магомедбеговна | C23: 32395 | D23: 8208-545334 | E23: учитель обществознания | F23: БПТК | G23: 2009 | H23: учитель обществознания | I23: 12 | J23: 1 | K23: 26.03.24-02.04.24г.№04128697 | L23: ГБУ ДПО РД «ДИРО» «Эффективные педагогические практики подготовки к ЕГЭ по обществознанию»Г.МОСКВА 08.12.23г. №31211 | N23: 7 | P23: kusum.magaramova@mail.ru | Q23: 89674480777
B24: Магомедов Тажутдин Магомедович | C24: 20059 | D24: 8202637043 | E24: география | F24: ДГПИ | G24: 1985 | H24: обществознание | I24: 48/48 | J24: соответствие | P24: tazhutdin.magomedov.54@mail.ru | Q24: 8928-972-39-60
B25: Гаджиева Патимат Магомедовна | C25: 01.01.68г | D25: 82-12 280986 | E25: математик | F25: ДГПУ | G25: 1990 | H25: обществоз. | I25: 28 | J25: нет | P25: gadjieva68@yandex.ru | Q25: 89604145019
B26: Саламов Салам Ашурлаевич | C26: 15.09.79г. | D26: 82-03 157242 | E26: математик | F26: ДГУ | G26: 2002 | H26: обшество. | I26: 20 | J26: нет | P26: salam25@yandex.ru | Q26: 89640226920
B27: Магомедова Шахризат Аскандаровна | C27: 0505.92г. | D27: 82,11 177376 | E27: история. | F27: ДГПУ | G27: 2015 | H27: обществоз. | I27: 10 | J27: нет | P27: sahaxrizat-magomedowa@mail.ru | Q27: 89634148151
A28: 4 | B28: Абакаров Абакар Магомедович | C28: 22553 | D28: 82 07 324946 | E28: История, советское право | F28: ДГПИ | G28: 1985 | H28: Общестовзнание | I28: 36/38 | J28: первая | K28: 2022 №1200210001 от 13.01.2022 | L28: АНО ДПО "НИКО", 72 часа, "Обществознание. Методы повышения результативности обучающихся на государственной итоговой аттестации" | N28: 5а | P28: aabakarov864@gmail.com | Q28: 89288791622
A29: 19 | B29: Омараева Шахризат Казбековна | C29: 31035 | D29: 82 20 421540 | E29: Биология | F29: ДГПУ | G29: 2009 | H29: Обществознание | J29: нет | Q29: 89634289848
A30: 4 | B30: Абдуллаев Магомедсалам Расулович | E30: 25546 | F30: 83 02 № 656999 | G30: история | H30: ИПФ ДГУ 1993 | J30: уч. обществознания | K30: 31 | M30: 770300004495 2019г. | N30: ФГАУ ФНФРО 36ч. "Современные проектные методы развития предметных навыков обучающихся предметной области "Технология". | O30: Переподготовка "Менеджмент в образовании" 2016г. | Q30: 2023, Почетный работник сферы образования РФ | R30: salam8069@mail.ru | S30: 89286728471
A31: 33 | B31: Ганаев Курбанисмаил Ганаевич | E31: 27003 | F31: 82 18 № 135809 | G31: история | H31: ИФ ДГПУ 1997 | J31: уч. общество | K31: 30 | L31: соответствие | M31: 150000115423 2022г. | N31: ФГАОУ ДПО АРГППРРОНП РФ 36ч. "Реализация требований обновленных ФГОС в работе учителя" | R31: ganayev73@mail.ru | S31: 89285602815
B32: Шейхов Магомед Рамазанович | C32: 19536 | D32: 82 03 476895 | E32: История и обществоведение | F32: ДГПИ | G32: 1983 | H32: учитель обществознания | I32: 48/41 | J32: соответствие | K32: 2019, №04 049855 от 25.11.2019г. | L32: МахачкалаГБОУ ДПО "ДИРО" 36 часов "Совершенствование профессиональных компетенций учителей обществознания по подготовке обучающихся к ГИА" | M32: . | N32: 6 | P32: sheykhov26@mail.ru | Q32: 8967-403-81-10
B33: Муртазалиева Написат Муртазалиевна | C33: 29936 | D33: 8203-513503 | E33: биолог | F33: дгпу | G33: 2007 | H33: учитель обществознания | I33: 15/15 | J33: соответствие | P33: murtaz.mapisat@gmail.com | Q33: 89094792988
B34: Магомедов Алигаджи Магомедович | E34: 20.11.1952 г. | F34: 8203-063101 | J34: Учитель обществознания | K34: 45/45 | L34: Соответствие занимаемой должности | Q34: magam.21705@mail.ru | R34: 89285004982
A35: 6 | B35: Исакова Зухра Джамалудиновна | C35: 29725 | D35: 8206 203482 | E35: Учитель истории и географии | F35: ДГПУ | G35: 2020 | H35: Учитель обществознания | I35: 45512 | J35: соответ. | K35: 2023, 04125618;2023,04126866 | L35: ДИРО:36ч;72ч; | N35: 5 | P35: isakovazuhra88@gmail.com | Q35: 89640129253

Sheet биология
A2: № | B2: ФИО | C2: Дата рождения | D2: Серия, номер паспорта | E2: Специальность по ДИПЛОМУ (перечислить все в порядке получения) | F2: Что окончил (перечислить все в порядке получения) | G2: Год окончания (перечислить все в порядке получения) | H2: Должность работника, преподав. предмет (сколько долж-й - столько раз показать человека) | I2: Стаж педагогической/общий | J2: Квалификационная категория | K2: ПОВЫШЕНИЕ КВАЛИФИКАЦИИ: Год прохождения КПК (за последние 3 года) , номер и дата удостоверения | L2: ПОВЫШЕНИЕ КВАЛИФИКАЦИИ: учреждение, количество часов,название курса | M2: Переподготовка (специальность по диплому, наименование учреждения, год окончания, в порядке получения) | N2: Классное руководство (указать класс) | O2: Звания и награды | P2: Адрес электронной почты | Q2: Контактный номер телефона
B3: Будунова Абидат Набигуллаевна | C3: 33247 | D3: 82 14 581115 | E3: Биолог по специальности "Биологи",теория и методика преподование Химии
A4: 17 | B4: Гаджимагомедова Аминат Исаевна | C4: 30900 | D4: 82 06 134789 | E4: Учитель биологии и психологии | F4: ДГПУ | G4: 2006г | H4: Учитель биологии, психолог | I4: 18 лет | J4: Высшая, первая | K4: 22.02.2022 04 102084; 11.04.2022 04 087703; 15.02.2023 04 108081 | L4: ГБУ ДПО РД "ДИРО", 48ч., ГБУ ДПО РД "ДИРО" 36ч., ГБУ ДПО РД "ДИРО" 36ч. | N4: 8 | P4: Aminat_84@inbox.ru | Q4: 9285099020
A5: 15 | B5: Магомедгаджиева Алжанат Абдуллаевна | C5: 24507 | D5: 82 11 153238 | E5: Преподаватель биологии и химии | F5: ДГУ | G5: 1994 | H5: учитель биологии | I5: 32/32 | J5: высшая | K5: 2020г., №050400007187, 2021г., №04075576 | L5: НАНО ДПО ОЦ ЗНАНИЕ 108 часов, "Проектирование и реализация образовательного процесса по биологии в соответствии с требованиями ФГОС", ГБУ ДПО РД ДИРО 72 часа, "Совершенствование методических компетенций учителя для повышения качества преподавания биологии" | M5: ООО "Инфоурок" по программе "География: теория и методика преподавания в образовательной организации", 2018г. | N5: 6 | P5: alzhanatshkola@mail.ru | Q5: 89604197234
B6: Сулейманова Муъминат Сулеймановна | C6: 27625 | D6: 8209686839 | E6: Биология/Менеджмент в образовании | F6: СКТУ | G6: 1999 | H6: Преподаватель биологии | I6: 18/18 | P6: muminat72759909@mail.ru | Q6: 89285173007
A7: 10 | B7: Курбанова Гулжанат Рамазановна | E7: 31705 | F7: 8206-183557 | G7: педагогика и методика начального образования;учитель биологии; учитель химии | H7: ДГПУ, | I7: 2008 | J7: учитель биологии | K7: 14/14 | L7: соответствие | M7: 2021 № 40804 с 19.04.2021г.-30.04.2021г. | N7: ДИРО- 72 ч. " Совершенствование методических компетенций учителя для повышения качества преподавания биологии" | O7: . | Q7: 0 | R7: patimat/ismailova2016@yandex.ru | S7: 89387817165
A8: 4 | B8: Шахбанова Саида Магомедовна | C8: 35731 | D8: 8217998261 | E8: Биология | F8: ДГПУ | G8: 2023 | H8: Учитель бтологии | J8: соответствие | P8: ysariyat@bk.ru | Q8: 8964-023-52-64
B9: Магомедова Патимат Магомедовна | C9: 25965 | D9: 8215739811 | E9: БИОЛОГ. Преподаватель биологии и химии по специальности "Биология" | F9: ДГУ | G9: 2004 | H9: биолог | I9: 19 | J9: высшая | K9: 04 049238 от 09.11.2019 | L9: ГБОУ ДПО "ДИРО" проектирование и реализация образовательного процесса по биологии и химии в соответсвии с требованиями ФГОС 108ч. | N9: 7 | P9: m.patina-217xx@mail.ru | Q9: 89285726072
A10: 19 | B10: Магомедова Хамис Хизриевна | C10: 35180 | D10: 8215-786260 | E10: филолог | F10: ДГУ | G10: 2020 | H10: Учитель биологии | I10: 3 | N10: 9б | P10: khamis.magomedova.19@list.ru | Q10: 89886404457
A11: 4 | B11: Муъминова Патимат Ашурлаевна | C11: 32795 | D11: 8210880412 | E11: Учитель биологии | F11: ДГПУ | G11: 2012 | H11: Учитель биологии | I11: 10\10 | J11: высшая | K11: 2022,№052415815986,15.06.2022 | L11: Реализация требований обновленных ФГОС НОО,ФГОС ООО в работе учителя, 36ч. | N11: 8 | P11: muminova.89patimat@gmail.com | Q11: 89298768760
A12: 10 | B12: Багандов Баганд Даудович | E12: 15687 | F12: 8201/572030 | G12: Уч. биологии | H12: ДГПУ | I12: 1975 | J12: Уч. биологии | K12: 56 | M12: 05.08.2021 №622414823805 | N12: РЦПК | R12: bagandov4212@mail.ru | S12: 89288672339
A13: 19 | B13: Шахрузкадиев Жават Баткунович | E13: 29224 | F13: 8202/718244 | G13: Уч. биологии | H13: ДГПУ | I13: 2001 | J13: уч. биологии и химии | K13: 22 | M13: 22.11.2023 №622421101010 | N13: РЦПК г. Рязань | P13: 9 | R13: shakhruzradiyev80@mail.ru | S13: 89654896848
A14: 7 | B14: Ахмедгаджиев Магомед Омарович | E14: 28.07.1966г | F14: 82 11 030147 | G14: учитель биологии | H14: Открытый социальныйуниверситет | I14: 2008 | J14: учитель,биология | K14: 26 | L14: соответствие | M14: 2020г,007442 с 28.01.2015 по 14.02.2015 ДИРО 01..06.2022/15.06.2022 г. | N14: г.Махачкала,ДИРО | Q14: amatchimagomed@mail.ru | R14: 89280473014
A15: 18 | B15: Магомедсаидова Барият Аскандаровна | E15: 15.06.1980г | F15: 82 07 370731 | G15: учитель биологии | H15: ООО "АКАДЕМИЯ ГОССАТТЕСТАЦИИ",г. Ижевск | I15: 2020 | J15: учитель биологии | K15: 14. | L15: соответствие | Q15: magomedsaidovab@mail.ru | R15: 89884315315
A16: 11 | B16: Разакова Загидат Гаджиевна | C16: 25756 | D16: 82 15 689501 | E16: уч биологии | F16: ДГПУ | G16: 2005 | H16: уч биологии | I16: 35 | J16: первая | K16: 2022г,450273 | N16: 9 | P16: rzgkavkasohs@mail.ru | Q16: 89065279142
A17: 9 | B17: Исаева Гулаймат Гаджиевна | C17: 28872 | D17: 8223808513 | E17: биолог,химик,математик | F17: ДГУ,ООО УЦ "Профессионал" | G17: 2002.2017 | H17: учитель биологии | I17: 23из23 | J17: соответствие | K17: №190719 0020413 05.05.2021г | L17: АНО ДПО "ЕЦПК" 108 ч "Содержание и методика преподавания биологии в соответствии с требованиями ФГОС" | M17: учитель математики ООО УЦ "Профессионал" | N17: 7 | O17: нет | P17: igg05@mail.ru | Q17: 89604080400
A18: 21 | B18: Абасов Карим Нухович | E18: 18599 | F18: 8201/455204 | G18: география; биология | H18: ДГПИ | I18: 1976 | J18: учитель, биология | K18: 46 | L18: высшая | M18: ГБУ ДПО РД "ДИРО "Реализация требований обновленных ФГОС НОО, ФГОС ООО в работе учителя" №450017 36ч.2022г. | P18: "Поч. раб. сферы образ. РФ"
B19: Гусбанова Муъминат Ибаевна | C19: 28430 | D19: 8203 063197 | E19: Высшее | F19: ДГУ | G19: 2000 | H19: Биология | I19: 24/25 | J19: соответствие | L19: Не проходила | N19: 9кл | P19: muminat.gusbanova@yandex.ru | Q19: 89288791880
A20: 27 | B20: Курбанова Уму Курбановна | C20: 27927 | D20: 8201-404904 | E20: биология | F20: ДГПУ | G20: 2005 | H20: учитель биологии | I20: 22 | K20: 2022, № 1200250098, 13.01.2022. 2022, № 150000116935, 2022. 2021, № 052415817325, 2021. | L20: АНО ДПО "НИКО". 72 ч. ФГАОУ ДПО "Академия Минпросвещения РФ", 36 ч. МИНОБРНАУКИ РД "ЦНППМПР", 185 ч. | N20: 9 | O20: Почетное звание "Почетный работник сферы образования РФ", 2024 г. | P20: umu.kurbanova@mail.ru | Q20: 89288784180
A21: 2 | B21: Каратов Карат Магомедович | C21: 22116 | D21: 8213 483631 | E21: учитель биологии и химии | F21: Саратовский ГУ им. А.Г.Чернышевского | G21: 1990 | H21: зам по УВР | I21: 37/41 | J21: 1 | K21: 2022, №458901, 22.10.2022 | L21: ДИРО, 72 ч., "Организация работы руководителя образовательной организации в современных условиях реализации ФГОС" | O21: «Почетный работник общего образования РФ» | P21: Karatov2060@mail.ru | Q21: 89896742382
B22: Каратов Карат Магомедович | C22: 22116 | D22: 8213 483631 | E22: учитель биологии и химии | F22: Саратовский ГУ им. А.Г.Чернышевского | G22: 1990 | H22: учитель биологии | I22: 37/41 | J22: 1 | K22: 2022, № у-106499/б, 12.05.2022 | L22: ФГАОУ ДПО "Академия реализации гос. Политики и проф. Развития работников образования Минпрос. РФ", 36 ч., "Реализация требований обновленных ФГОС НОО, ФГОС ООО в работе учителя" | O22: «Почетный работник общего образования РФ» | P22: Karatov2060@mail.ru | Q22: 89896742382
B23: Каратов Карат Магомедович | C23: 22116 | D23: 8213 483631 | E23: учитель биологии и химии | F23: Саратовский ГУ им. А.Г.Чернышевского | G23: 1990 | H23: учитель окружающего мира | I23: 37/41 | J23: 1 | K23: 2022, № у-106499/б, 12.05.2022 | L23: ФГАОУ ДПО "Академия реализации гос. Политики и проф. Развития работников образования Минпрос. РФ", 36 ч., "Реализация требований обновленных ФГОС НОО, ФГОС ООО в работе учителя" | O23: «Почетный работник общего образования РФ» | P23: Karatov2060@mail.ru | Q23: 89896742382
A24: 9 | B24: Алиева Зарема Бахмудовна | C24: 30157 | D24: 8203513690 | E24: учитель биологии | F24: УРАО | G24: 2006 | H24: лаборант | I24: 8/8 | P24: Zarema-alieva@internet.ru | Q24: 89382090671
B25: Алиева Зарема Бахмудовна | C25: 30157 | D25: 8203513690 | E25: учитель биологии | F25: УРАО | G25: 2006 | H25: учитель труда | I25: 8/8 | K25: 2023, №484402, 17.07.2023 | L25: ДИРО, 36 ч., "Реализация требований обновленных ФГОС НОО, ФГОС ООО в работе учителя" | P25: Zarema-alieva@internet.ru | Q25: 89382090671
A26: 21 | B26: Курбанова Джамилат Муртазалиевна | C26: 30418 | D26: 8210904992 | E26: учитель биологии | F26: ДГУ | G26: 2006 | H26: учитель биологии | I26: 17/17 | N26: 10 | P26: Kurbanova.121983@mail.ru | Q26: 89292627306
B27: Курбанова Джамилат Муртазалиевна | C27: 30418 | D27: 8210904992 | E27: учитель биологии | F27: ДГУ | G27: 2006 | H27: учитель окружающего мира | I27: 17/17 | N27: 10 | P27: Kurbanova.121983@mail.ru | Q27: 89292627306
B28: Алиева Асият Гаджимурадовна | C28: 26894 | D28: 8210880173 | E28: Биология | F28: ДГПУ г.Махачкала | G28: 2010 | H28: Учитель биологии | I28: 14/14 | J28: соответствие | K28: 2022 | L28: АНО ДПО "НИКО" Методы повышения результативности обучающихся на ГИА. Биология, 72 ч. | P28: ss-asyat87@mail.ru | Q28: 89188420466
A29: 2 | B29: Магомедов Абдулла Мустапаевич | C29: 10,02,1955 | D29: 8200-263359 | E29: биология | F29: ДГПИ | G29: 1977 | H29: учитель биологии | I29: 47/47 | J29: высшая | K29: 21.10.2023 050400015832 | L29: АНО ДПО ОЦ СПЕКТР,72 ч. | O29: почетный работник общего образования РФ | P29: abdulla.magomedov1955@mail.ru | Q29: 89640225063.
B30: Махсунов Набигула Махсунович | C30: 34119 | D30: 8213-342231 | E30: Бакалавр | F30: ДГУ | G30: 2016 | H30: Учитель Биологии | I30: 5 | M30: Менеджмент в образоваании УДПО "Мцпк" 26.10.2021 г. | N30: 6 | P30: nabimahsunov222@mail.ru | Q30: 89288770316
B31: Мажидов Ильяс Абдулмажидович | C31: 30235 | D31: 8203-500990 | E31: учитель биологии | F31: ДГПУ | G31: 2004 | H31: учитель биологии | I31: 20 | J31: соответствие | K31: От 01.06.22г по 15.06.22г | L31: ДИРО «Реализация требований обновленных ФГОС НОО, ФГОС ООО в работе учителя». | N31: 11 | P31: ilyas.mazhidov@bk.ru | Q31: 89285991449
A32: 7 | B32: Шахбанов Магомед Абдурахманович | C32: 20469 | D32: 8203097683 | E32: биология | F32: ДГПИ | G32: 1980 | H32: биология | I32: 44/44 | J32: соответствие | K32: 2018№ 0527 00004142 05.02.-26.02 | L32: ФГБОУ ВО ДГУ "Реализация ФГОС основнога общего образования 2 поколения на уроках биологии" | N32: 7 | P32: Budun1956@mail.ru | Q32: 8928-053-00-62
B34: Исаева Асият Рамазановна | C34: 32964 | D34: 9209-833305 | E34: педагогика | F34: ДГУ | G34: 2015 | H34: биология | I34: 16/16 | P34: asiyat.i555@mail.ru | Q34: 89298788508
B35: Тааева Патимат Курбановна | C35: 32922 | D35: 8215-689531 | E35: биоэкология | F35: ДГПУ | G35: 2012 | H35: биология | I35: 7\7 | K35: №04081348 25.12.2021г | L35: ГБУ ДПО РД "ДИРО" 72ч. Совершенствование методических компетенций учителя химии для повышения качества преподования" | P35: muginka161@mail.ru | Q35: 89285451067
B36: Магомедов Юрий Ахмедович | C36: 23929 | D36: 82 10№880245 | E36: Учитель начальных классов | F36: ДГПИ | G36: 1988 | H36: Учитель биологии | I36: 36 | J36: соответствие | L36: Академия "Каспий"Махачкала 72ч. | P36: Magomedov65@mail.ru
A37: 7 | B37: Иманбагандов Барият Иманбагандовна | C37: 35770 | D37: 8203-015013 | E37: биология | F37: ДГПИ | G37: 2021 | H37: учитель биологии | I37: 9/9 | J37: соотвествие | K37: Академия реализации государственной политики МИНПРОСВЕТ 112ч. №040000201453 от 30.11.2020 | M37: 10 | O37: baryatos@mail.ru | P37: 89064470509
A38: 20. | B38: Магомедова Никапатимат Хановна | C38: 30924 | D38: 8206 154628 | E38: биология и химия | F38: ДГПУ | G38: 2006 | H38: учитель химии | I38: 18/18 | J38: первая | K38: 2022 г., №04 102466 от 03.09.2022 г. 2023 г., №04 112372 от 10.05.2023 г. | L38: ГБУ ДПО РД "ДИРО", 48 ч., "Школа Минпросвещения России":новые возможости для повышения качества образования; ГБУ ДПО РД "ДИРО", 36 ч., "Подготовка экспертов-экзаментаторов для эксперементальной части ОГЭ по химии". | P38: nikapatimat1984@mail.ru | Q38: 8928 533-07-05
A39: 30. | B39: Муртузалиева Раисат Магомедовна | C39: 29761 | D39: 82 03 513614 | E39: биология | F39: ДГУ | G39: 2003 | H39: учитель биологии | I39: 21/21 | J39: высшая | K39: 2021 г., №052415814612 2022 г., №150000118169 от 12.05.2022 г. 2022 г., №04 087758 от 22.04.2022 г. 2022 г., №04 102461 от 03.09.2022 г. | L39: ГБУ РД "Центр непрерывного повышения проф.мастерства педаг.работников", 72 ч., "ЭКОТРиЯ. Учебная экологическая тропа как средство эколог-го образования и воспитания"; ФГАОУ ДПО "Академия реализации гос.политики и проф.развития работников обр. Министерства Просвещения РФ", 36 ч., "Реализация требований обновленных ФГОС НОО, ФГОС ООО в работе учителя"; ГБУ ДПО РД "ДИРО", 36 ч., "Использование цифрового верифицированного образовательного контента в преподавании учебных предметов"; ГБУ ДПО РД "ДИРО", 48 ч., "Школа Минпросвещения России":новые возможости для повышения качества образования. | N39: 5 | P39: raisat.murtazalieva.81@mail.ru | Q39: 8928 865-67-05
A40: =A39+1 -> #VALUE! | B40: Ибакова Шахризат Ибаковна | C40: 29130 | D40: 8203-164806 | E40: Биология | F40: ДГПУ | G40: 2009 | H40: учитель биологии | I40: 24/24 | J40: соответствие | K40: 78 0764312 от 11.12.2023г | L40: ЧОУ ДПО "ИПКИПП", 150ч, "Проектирование современного урока биологии в соответствии с требованиями обновленных ФГОС ООО, ФГОС СОО " | P40: shakhri.ibakova@mail.ru | Q40: 89674008005
A41: 65 | B41: Салихова Айшат Салиховна | E41: 30565 | F41: 82 06 № 043297 | G41: биология | H41: ФБП ДГПУ 2006 | J41: уч.биол. | K41: 13 | R41: ayshat.salikhova.83@mail.ru | S41: 89382010229
B42: Арулова Шахризада Джабраиловна | E42: 27738 | F42: 8214 № 469764 | G42: нач кл | H42: ИПУ 1995 | J42: уч. биологии | K42: 24 | L42: соответствие | M42: 040000194877 2020г. | N42: ДПО 112ч. "Совершенствование предметных и методических компетенций педработников (в том числе в области формирования функциональной грамотности) в рамках реализации федерального проекта Учитель будущего" | O42: Переподготовка "Педог образование: Биология" 2017 | Q42: 2018, Почетная грамота МО "Акушинский район" | R42: darsamovas@gmail.com | S42: 89064477474
A43: 48 | B43: Курбанова Гулжанат Рамазановна | E43: 31705 | F43: 82 06 №183557 | G43: биология | H43: ФНК ДГПУ 2008 | J43: уч. биол. | K43: 13 | L43: соответствие | M43: 04 074532 2021г. | N43: ГБУ ДПО РД ДИРО 108ч. | O43: Переподготовка "Теория и методика преподования биологии в ОО" 2020г. | R43: gulzanat.kurbanova@icloud.com | S43: 89285888449
A44: 55 | B44: Магомедова Никапатимат Хановна | E44: 30924 | F44: 82 06 № 154628 | G44: химия | H44: ХБФ ДГПУ 2006 | J44: уч. биология | K44: 15 | L44: первая | M44: 040000197406 2020г., ФГАОУ ДПО 2022г, АРГППРРОНП РФ "Реализация требований обновленных ФГОС в работе учителя", 150000117278 | N44: ДПО 112ч. "Совершенствование предметных и методических компетенций педработников (в том числе в области формирования функциональной грамотности) в рамках реализации федерального проекта Учитель будущего" | R44: Nikapatimat1984@mail.ru | S44: 89285089279
A45: 59 | B45: Муртазалиева Хадижат Магомедовна | E45: 30507 | F45: 82 03 № 667004 | G45: биология | H45: БФ ДГУ 2005 | J45: уч. биол. | K45: 15 | L45: соответствие | R45: murtazalieva@gmail.com | S45: 89285273118
B46: Рамвзанова Патимат Рамазановна | C46: 33339 | D46: 82 06 985421 | E46: Биология и химия | F46: ДГПИ | G46: 2021 | H46: учитель биологии | I46: .12/12 | J46: соответ | K46: 2023, 04 121689 от 21.08. | L46: ГБУ ДПО РД "ДИРО" 36 часов "Реализация требований обновленных ФГОС ООО, ФГОС СОО в работе учителя" | N46: . | P46: patimat3833@gmail.com | Q46: 8967-395-48-57
A47: 14 | B47: Курбанова Гулжанат Рамазановна | C47: 31705 | D47: 8206-183557 | E47: н/кл | F47: ДГПУ | G47: 2008 | H47: учитель биологии | I47: 15/15 | J47: соответствие | K47: 2022г., № 150000116936 от 12.05.2022 | L47: ФГАОУ ДПО "Академия реализации гос. политики и проф. развития работников образования Министерства просвещения РФ", 36часа,"Реализация требований обновленных ФГОС НОО, ФГОС ОО в работе учителя"; | P47: gulzanat.kurbanova@icloud.com | Q47: 89285888449
B48: Дайнудинова Джамиля Магом едовна | E48: 16.06.1999 г. | F48: 8218 180653 | J48: Учитель биологии | K48: 1 | L48: Соответствие занимаемой должности | Q48: zaynudinova1999@mail.ru | R48: 89289616267
A49: 17 | B49: Омарова Хамис Мухтаровна | C49: 34102 | D49: 8215 762633 | E49: Учитель биологии | F49: ДГУ | G49: 2015 | H49: Учитель биологии | I49: 3 | J49: Соответ. | P49: xamkaomarova@mail.ru | Q49: 89064488157

Sheet география
A1: № | B1: ФИО | C1: Дата рождения | D1: Серия, номер паспорта | E1: Специальность по ДИПЛОМУ (перечислить все в порядке получения) | F1: Что окончил (перечислить все в порядке получения) | G1: Год окончания (перечислить все в порядке получения) | H1: Должность работника, преподав. предмет (сколько долж-й - столько раз показать человека) | I1: Стаж педагогической/общий | J1: Квалификационная категория | K1: ПОВЫШЕНИЕ КВАЛИФИКАЦИИ: Год прохождения КПК (за последние 3 года) , номер и дата удостоверения | L1: ПОВЫШЕНИЕ КВАЛИФИКАЦИИ: учреждение, количество часов,название курса | M1: Переподготовка (специальность по диплому, наименование учреждения, год окончания, в порядке получения) | N1: Классное руководство (указать класс) | O1: Звания и награды | P1: Адрес электронной почты | Q1: Контактный номер телефона
B2: 1 | C2: 2 | D2: 3 | E2: 4 | F2: 5 | G2: 6 | H2: 7 | I2: 8 | J2: 9 | K2: 10 | L2: 11 | M2: 12 | N2: 13 | O2: 14 | P2: 15 | Q2: 16
A3: 1 | B3: Абасов Карим Нухович | C3: 18605 | D3: 8201455504 | E3: учитель географии и биологии | F3: ДГПУ им. Г. Цадаси | G3: 1976 | H3: учитель географии и биологии | I3: 47 | J3: высшая | K3: 11.04.2022.,22.08.2022г. 04 10287, 04 087660. | L3: ДИРО 36, 48. | N3: 6 | O3: Почетный работник | P3: nuhovich 08@mail.ru | Q3: 9633726037
A4: 36 | B4: Исмаилова Аминат Расуловна | C4: 35146 | D4: 8214-499532 | E4: 44.03.05 | F4: ДГПУ | G4: 2018 | H4: учитель географии | I4: 10/10 | J4: соответствие | K4: 2021г.040000382159 ; 15.06.2022г. № 052415815876; 25.09.2023г. №292105; | L4: Москва"Академия реализации государственной политикии профессионального развития работников образования Министерства просвещения РФ" 100ч. "Школа современного учителя географии" г.Ижевск 144ч. "Совершенствование процесса преподавания географии в условиях реализации обновленных ФГОС ООО,ФГОС СОО ДИРО "Реализация требовавний обновленных ФГОС НОО ,ФГОС ООО в работе учителя" | M4: "Педагогика дополнительного образования :учитель шахмат"МЦПК Академия "Каспий"2021г. | N4: 9б | P4: Aminat.ismailova96@mail.ru | Q4: 89289743799
A5: 2 | B5: Иманалиева Марина Магомедовна | C5: 25452 | D5: 82 14-615577 | E5: Учитель географии и английского языка | F5: ДГПИ | G5: 1992 | H5: учитель географии | I5: 32/32 | J5: высшая | K5: 2021,183102152920,16.11.2021 | L5: АКАДЕМИЯ ГОСАТЕСТАЦИИ | P5: imanalieva.marina00@mail.ru | Q5: 89285085867
B6: Магомедгаджиева Алжанат Абдуллаевна | C6: 24508 | D6: 83 11 153238 | E6: Преподаватель биологии и химии | F6: ДГУ | G6: 1995 | H6: учитель географии | I6: 32/32 | J6: высшая | N6: 6 | P6: alzhanatshkola@mail.ru | Q6: 89604197234
A7: 8 | B7: Шагабутдинов Ибрагим Кициевич | C7: 19437 | D7: 82 03 994824 | E7: учитель географии | F7: ДГПИ | G7: 1982 | H7: учитель географии | I7: 50/50 | J7: вторая | N7: 7 | P7: asiyat.ahmedova.83@mail.ru | Q7: 89633708653
B8: Шагабутдинов Ибрагим Кициевич | C8: 19437 | D8: 82 03 994824 | E8: учитель географии | F8: ДГПИ | G8: 1982 | H8: учитель физической культуры | I8: 50/50 | J8: вторая | N8: 7 | P8: asiyat.ahmedova.83@mail.ru | Q8: 89633708653
B9: Шагабутдинов Ибрагим Кициевич | C9: 19437 | D9: 82 03 994824 | E9: учитель географии | F9: ДГПИ | G9: 1982 | H9: учитель обществознания | I9: 50/50 | J9: вторая | N9: 7 | P9: asiyat.ahmedova.83@mail.ru | Q9: 89633708653
B10: Шагабутдинов Ибрагим Кициевич | C10: 19437 | D10: 82 03 994824 | E10: учитель географии | F10: ДГПИ | G10: 1982 | H10: учитель музыки | I10: 50/50 | J10: вторая | N10: 7 | P10: asiyat.ahmedova.83@mail.ru | Q10: 89633708653
A11: 17 | B11: Джамаева Райсат Абдулазизовна | C11: 29776 | D11: 8206203538 | E11: Учитель географии | F11: ДГПУ | G11: 2004 | H11: Преподаватель географии | I11: 20/20 | J11: Первая | K11: 2021г, №4673 | L11: ГБУ РД "ЦНППМПР", 185ч, "Совершенствование профессиональных компетенций учителей географии" | N11: 11 | P11: dzhamayeva.raisat@mail.ru | Q11: 89640526953
B12: Ибрагимов Ибрагим Гасанович | E12: 26925 | F12: 8218-102993 | G12: преподавание в начальных классах,педагогика и методика начального обучения,преподавание географии,менеджер в сфере образования | H12: БПУ(колледж),ДГПУ, | I12: 1992,1996, | J12: учитель географии | K12: 32/32 | L12: соответствие | M12: 2021- №40845 с 19.04.2021-30.04.2021; 2021-№1663 с 02.03.2021г.-по 23.03.2021; 2022г.-№ у - 105975/б с 29.03.2022 - 12.05.2022; | N12: ДИРО-108 ч,"Совершенствование компетенций учителей географии с учётом ФГОС; МЦПК "Каспий"- 108ч. "Реализация ФГОС на уроках географии"; ДИРО - 36 ч."Реализация требований обновленных ФГОС НОО,ФГОС ООО в работе учителя" | O12: Педагогическое образование: учитель географии .Институт новых технологий в образовании" ИНТехнО"- 2017 ; "Менеджер в сфере образования" ООО ЦОТ "Методика"-2018 | P12: . | R12: ya.ibra-2016@yandex.ru | S12: 89289690398
A13: 26 | B13: Магомедова Тамара Гаджикурбановна | C13: 31739 | D13: 8209833525 | E13: География, естествозн. | F13: ДГУ | G13: 2010 | H13: Учитель географии | I13: 14 | J13: соответствие | K13: 2022 г. № | L13: ГБУ ДПО РД "ДИРО","Реализация требований обновленных ФГОС НОО и ФГОС ООО в работе учителя", 72 часа | M13: "Учитель информатики", ЦНОИ г.Санкт-Петербург, 2018 г. | N13: 6 | P13: fatima.m-86@mail.ru | Q13: 8960-416-28-56
A14: 27 | B14: Магомедов Мурад Магомедович | C14: 29412 | D14: 8203574905 | E14: Естественнонауч. образов. | F14: РГПУ | G14: 2008 | H14: Учитель географии | I14: 24 | J14: соответствие | K14: 2022 г., ПК 013218 от 18.07.2022 г. | L14: ЧУДПО "Махачкалинский центр повышения квалификации- Академия "Каспий", "Реализация требований обновленных ФГОС НОО и ФГОС ООО в работе учителя", 72 часа | P14: murad.magomedov-80@bk.ru | Q14: 8967-392-42-17
B15: Ситуева Патимат Гасановна | E15: 28263 | F15: 8211-056174 | G15: биология,химия | H15: ДГУ | I15: 2004 | J15: учитель географии | K15: 15/20 | L15: соответствие | M15: 2024,№04 128239,07.05.2024 | N15: Махачкала,ДИРО | Q15: situeva | R15: 89654895623
B16: Магомедова Зумруд Абдулжалиловна | C16: 31868 | D16: 8221480307 | E16: учитель географии по специальности "география" | G16: 2010 | H16: географ | I16: 14 | J16: высшая | K16: 04074578 от 30.04.2021г. | L16: ГБУ ДПО РД "ДИРО" проектирование образовательного процесса по географии в условиях реализации требований ФГОС и НСУР 72ч. | Q16: 89640055954
B17: Кадаранов Магомед Магомедиминович | C17: 32565 | D17: 8208-641052 | E17: География | F17: ДГПУ | G17: 2014 | H17: Учитель географии | I17: 15 | K17: 2016 №04012735, 20.02.2016 | L17: Махачкала, ДИРО | P17: кadaranov_m@mail.ru | Q17: 89604141644
A18: 7 | B18: Магомедова Хадижат Исламовна | C18: 33354 | D18: 8211078117 | E18: Учитель географии | F18: ДГПУ | G18: 2013 | H18: Учитель географии | I18: 15\15 | K18: 2022,№0524415815956,15.06.2022г. | L18: Реализация требований обновленных ФГОС НОО,ФГОС ООО в работе учителя ,36ч. | N18: 7 | P18: xadijatmagomedova1991@gmail.com | Q18: 89282769875
A19: 12 | B19: Омаров Ислам Омарович | E19: 31971 | F19: 8207/343348 | G19: Уч. географии | H19: ДГПУ | I19: 2009 | J19: Уч. географии | K19: 14 | L19: высшая | M19: 16.08.2024 №183104457357 | R19: islam_omarov87@mail.ru | S19: 89183718403
A20: 5 | B20: Ахмедгаджиев Магомед Омарович | E20: 28.07.1966г | F20: 82 11 030147 | G20: Зооинженер | H20: ДОНсхи | I20: 1993 | J20: учитель, география | K20: 26 | L20: соответствие | M20: 2021г | N20: г.Махачкала,ДИРО | Q20: amatchimagomed@mail.ru | R20: 89280473014
A21: 10 | B21: Разаков Гусейхан Исаевич | C21: 25705 | D21: 8215662009 | E21: уч физкультуры | F21: ХПУ | G21: 1991 | H21: уч географии | I21: 34 | J21: соответсвие | M21: УДПО "МЦПК2016г,учитель географии | P21: rgikavkasohs@mail.ru | Q21: 89282777363
B22: Тагиров Нуратин Мухтарович | C22: 36823 | D22: 4621059452 | E22: техник,спасатель. | F22: ГБПОУ Московской области Колледж "Подмосковье" | G22: 2021 | H22: учитель географии | I22: 1из1 | J22: соответствие | K22: нет | L22: нет | M22: 1 курс студент ИПК г Избербаш. | N22: нет | O22: нет | P22: Nuratin2000@mail.ru | Q22: 89157963453
A23: 15 | B23: Алисултанов Алисултан Ильясович | C23: 22850 | D23: 8207343704 | E23: трудовое обучение | F23: ДГПИ | G23: 1993 | H23: учитель географии | I23: 31из31 | J23: соответствие | M23: нет | N23: 9 | O23: нет | P23: aalisultanov62@mail.ru | Q23: 89285255749
A24: 19 | B24: Гамзалаалиев Магомед Абдуллаевич | E24: 10.08 1957 | F24: 8202/899498 | G24: историк | H24: ДГПИ | I24: 1982 | J24: учитель, географ | K24: 4 | L24: нет категории | M24: ГБУ ДПО РД "ДИРО "Реализация требований обновленных ФГОС НОО, ФГОС ООО в работе учителя" №450095 36ч.2022г | Q24: magomed.10082@mail.ru | R24: 89286812271
B25: Магомедова Луиза Гаджиалиевна | C25: 31422 | D25: 8206 012434 | E25: Преподавание в начальных классах с дополнительной подготовкой в области родного языка и литературы | F25: ИПК | G25: 2006 | H25: Учитель географии | I25: 18/18 | J25: - | K25: - | L25: - | M25: Учитель географии, ООО УЦ "Эксперт", 2024 | N25: 2 (4) | O25: - | P25: luiza.19861001@gmail.com | Q25: 89634256700
